Workbook
Name \0: #REF!
Name \00: #REF!
Name \a: #REF!
Name \AA: [1]LIQUIDACION!#REF!
Name \b: [2]STRSUMM0!#REF!
Name \bb: [2]STRSUMM0!#REF!
Name \E: #REF!
Name \EE: #REF!
Name \G: #REF!
Name \k: '[3]7422CW00'!#REF!
Name \l: [4]STRSUMM0!#REF!
Name \M: #REF!
Name \ñ: '[5]7422CW00'!#REF!
Name \P: #REF!
Name \R: #REF!
Name \s: #REF!
Name \V: #REF!
Name \X: [0]!ERR
Name \Z: [0]!ERR
Name _________AFC1: [6]INV!$A$25:$D$28
Name _________AFC3: [6]INV!$F$25:$I$28
Name _________AFC5: [6]INV!$K$25:$N$28
Name _________BGC1: [6]INV!$A$5:$D$8
Name _________BGC3: [6]INV!$F$5:$I$8
Name _________BGC5: [6]INV!$K$5:$N$8
Name _________CAC1: [6]INV!$A$19:$D$22
Name _________CAC3: [6]INV!$F$19:$I$22
Name _________CAC5: [6]INV!$K$19:$N$22
Name _________PJ50: #REF!
Name _________SBC1: [6]INV!$A$12:$D$15
Name _________SBC3: [6]INV!$F$12:$I$15
Name _________SBC5: [6]INV!$K$12:$N$15
Name ________AFC1: [6]INV!$A$25:$D$28
Name ________AFC3: [6]INV!$F$25:$I$28
Name ________AFC5: [6]INV!$K$25:$N$28
Name ________BGC1: [6]INV!$A$5:$D$8
Name ________BGC3: [6]INV!$F$5:$I$8
Name ________BGC5: [6]INV!$K$5:$N$8
Name ________CAC1: [6]INV!$A$19:$D$22
Name ________CAC3: [6]INV!$F$19:$I$22
Name ________CAC5: [6]INV!$K$19:$N$22
Name ________MA2: #REF!
Name ________PJ50: #REF!
Name ________SBC1: [6]INV!$A$12:$D$15
Name ________SBC3: [6]INV!$F$12:$I$15
Name ________SBC5: [6]INV!$K$12:$N$15
Name _______AFC1: [6]INV!$A$25:$D$28
Name _______AFC3: [6]INV!$F$25:$I$28
Name _______AFC5: [6]INV!$K$25:$N$28
Name _______BGC1: [6]INV!$A$5:$D$8
Name _______BGC3: [6]INV!$F$5:$I$8
Name _______BGC5: [6]INV!$K$5:$N$8
Name _______CAC1: [6]INV!$A$19:$D$22
Name _______CAC3: [6]INV!$F$19:$I$22
Name _______CAC5: [6]INV!$K$19:$N$22
Name _______MA2: #REF!
Name _______PJ50: #REF!
Name _______SBC1: [6]INV!$A$12:$D$15
Name _______SBC3: [6]INV!$F$12:$I$15
Name _______SBC5: [6]INV!$K$12:$N$15

Sheet Datos
A17: PRESENTACION OFERTAS | B17: 45355
A18: TRM | B18: 45357 | C18: 3775.37

Sheet Mediana absoluto
A1: UNIDAD ADMINISTRATIVA ESPECIAL DE AERONAUTICA CIVIL DIRECCION DE INFRAESTRUCTURA Y AYUDAS AEROPORTUARIAS
A2: Proceso 23001299 H3. REALIZAR LA INTERVENTORIA INTEGRAL AL MEJORAMIENTO DE LAS FRANJAS DE SEGURIDAD DE PISTA DEL AEROPUERTO ANTONIO NARIÑO DE PASTO, NARIÑO (VF).
A3: MÉTODO DE PONDERACIÓN No.1 MEDIANA CON VALOR ABSOLUTO
A4: PRESENTACIÓN OFERTAS: 04/03/2024
A5: TRM del 06/03/2024 | C5: 3945.32
A6: No. | B6: Proponente | C6: Habilitado/ Rechazado | D6: Promedio contratos válidos (smmlv) | E6: Puntaje parcial | F6: Observaciones
A7: =RESUMEN!B9 -> 1 | B7: =RESUMEN!C9 -> JOSE ALBERTO ROJAS PRIETO | C7: =RESUMEN!S9 -> INHABILITADO | E7: =RESUMEN!R9 -> 32.25 | F7: =RESUMEN!T9 -> Empr. mujeres, Concepto Jurídico
A8: =RESUMEN!B10 -> 2 | B8: =RESUMEN!C10 -> CONSORCIO METRO CINCO | C8: =RESUMEN!S10 -> HABILITADO | D8: =RESUMEN!G10 -> 1590.875 | E8: =RESUMEN!R10 -> 32.5 | F8: =RESUMEN!T10
A9: =RESUMEN!B11 -> 3 | B9: =RESUMEN!C11 -> ELSA TORRES ARENALES | C9: =RESUMEN!S11 -> HABILITADO | D9: =RESUMEN!G11 -> 1114.53 | E9: =RESUMEN!R11 -> 32.25 | F9: =RESUMEN!T11 -> Empr, mujeres
A10: =RESUMEN!B12 -> 4 | B10: =RESUMEN!C12 -> CONSORCIO SUPERVISORES 1299 | C10: =RESUMEN!S12 -> HABILITADO | D10: =RESUMEN!G12 -> 996.776 | E10: =RESUMEN!R12 -> 32.5 | F10: =RESUMEN!T12
A11: =RESUMEN!B13 -> 5 | B11: =RESUMEN!C13 -> CONSORCIO NARIÑO 24 | C11: =RESUMEN!S13 -> HABILITADO | D11: =RESUMEN!G13 -> 1196.8479 | E11: =RESUMEN!R13 -> 32.5 | F11: =RESUMEN!T13
A12: =RESUMEN!B14 -> 6 | B12: =RESUMEN!C14 -> CONSORCIO AERO GAP | C12: =RESUMEN!S14 -> HABILITADO | D12: =RESUMEN!G14 -> 851.7645 | E12: =RESUMEN!R14 -> 32.5 | F12: =RESUMEN!T14
A13: =RESUMEN!B15 -> 7 | B13: =RESUMEN!C15 -> CONSORCIO CIMA - URBA | C13: =RESUMEN!S15 -> HABILITADO | D13: =RESUMEN!G15 -> 994.126 | E13: =RESUMEN!R15 -> 32.5 | F13: =RESUMEN!T15
A14: =RESUMEN!B16 -> 8 | B14: =RESUMEN!C16 -> CONSORCIO ARCA - CB | C14: =RESUMEN!S16 -> HABILITADO | D14: =RESUMEN!G16 -> 1376.2541 | E14: =RESUMEN!R16 -> 32.5 | F14: =RESUMEN!T16
A15: =RESUMEN!B17 -> 9 | B15: =RESUMEN!C17 -> CONSORCIO SERVINC - BETMAF 2024 | C15: =RESUMEN!S17 -> HABILITADO | D15: =RESUMEN!G17 -> 925.767 | E15: =RESUMEN!R17 -> 32.5 | F15: =RESUMEN!T17
A16: =RESUMEN!B18 -> 10 | B16: =RESUMEN!C18 -> CONSORCIO VELNEC | C16: =RESUMEN!S18 -> INHABILITADO | E16: =RESUMEN!R18 -> 32.5 | F16: =RESUMEN!T18 -> Experiencia
A17: =RESUMEN!B19 -> 11 | B17: =RESUMEN!C19 -> CONSORCIO INTERING | C17: =RESUMEN!S19 -> INHABILITADO | E17: =RESUMEN!R19 -> 32.5 | F17: =RESUMEN!T19 -> Experiencia, Concepto Jurídico
A18: =RESUMEN!B20 -> 12 | B18: =RESUMEN!C20 -> CONSORCIO AEROS-33 | C18: =RESUMEN!S20 -> INHABILITADO | E18: =RESUMEN!R20 -> 32.5 | F18: =RESUMEN!T20 -> Concepto Jurídico
A19: =RESUMEN!B21 -> 13 | B19: =RESUMEN!C21 -> CONSORCIO INTERVENTORIA IT | C19: =RESUMEN!S21 -> INHABILITADO | E19: =RESUMEN!R21 -> 32.5 | F19: =RESUMEN!T21 -> Experiencia
A20: =RESUMEN!B22 -> 14 | B20: =RESUMEN!C22 -> CONSORCIO AEROPUERTO AO | C20: =RESUMEN!S22 -> HABILITADO | D20: =RESUMEN!G22 -> 1043.0813 | E20: =RESUMEN!R22 -> 32.5 | F20: =RESUMEN!T22
A21: =RESUMEN!B23 -> 15 | B21: =RESUMEN!C23 -> CONSORCIO OJB | C21: =RESUMEN!S23 -> HABILITADO | D21: =RESUMEN!G23 -> 1317.7545 | E21: =RESUMEN!R23 -> 32.5 | F21: =RESUMEN!T23
A22: =RESUMEN!B24 -> 16 | B22: =RESUMEN!C24 -> HERNANDEZ PANTOJA SAS | C22: =RESUMEN!S24 -> HABILITADO | D22: =RESUMEN!G24 -> 1146.056 | E22: =RESUMEN!R24 -> 32.5 | F22: =RESUMEN!T24
A23: =RESUMEN!B25 -> 17 | B23: =RESUMEN!C25 -> CONSORCIO SANDONÁ | C23: =RESUMEN!S25 -> HABILITADO | D23: =RESUMEN!G25 -> 1263.0317 | E23: =RESUMEN!R25 -> 32.5 | F23: =RESUMEN!T25
A24: =RESUMEN!B26 -> 18 | B24: =RESUMEN!C26 -> CONSORCIO VYA NARIÑO | C24: =RESUMEN!S26 -> HABILITADO | D24: =RESUMEN!G26 -> 944.815 | E24: =RESUMEN!R26 -> 32.5 | F24: =RESUMEN!T26
A25: =RESUMEN!B27 -> 19 | B25: =RESUMEN!C27 -> CONSORCIO SAN BARTOLOME 2024 | C25: =RESUMEN!S27 -> INHABILITADO | E25: =RESUMEN!R27 -> 32.5 | F25: =RESUMEN!T27 -> Experiencia
A26: =RESUMEN!B28 -> 20 | B26: =RESUMEN!C28 -> CONSORCIO DMM | C26: =RESUMEN!S28 -> HABILITADO | D26: =RESUMEN!G28 -> 514.6225 | E26: =RESUMEN!R28 -> 32.5 | F26: =RESUMEN!T28
A27: =RESUMEN!B29 -> 21 | B27: =RESUMEN!C29 -> CONSORCIO INCE PASTO 2024 | C27: =RESUMEN!S29 -> HABILITADO | D27: =RESUMEN!G29 -> 1220.8 | E27: =RESUMEN!R29 -> 31.5 | F27: =RESUMEN!T29 -> Discapacitados
A28: =RESUMEN!B30 -> 22 | B28: =RESUMEN!C30 -> CONSORCIO INGENIERIA POSSO | C28: =RESUMEN!S30 -> INHABILITADO | E28: =RESUMEN!R30 -> 32.5 | F28: =RESUMEN!T30 -> Experiencia
A29: =RESUMEN!B31 -> 23 | B29: =RESUMEN!C31 -> PROYECTOS E INTERVENTORÍAS SAS | C29: =RESUMEN!S31 -> HABILITADO | D29: =RESUMEN!G31 -> 971.2138 | E29: =RESUMEN!R31 -> 32.5 | F29: =RESUMEN!T31
A30: =RESUMEN!B32 -> 24 | B30: =RESUMEN!C32 -> CAYCO SAS | C30: =RESUMEN!S32 -> HABILITADO | D30: =RESUMEN!G32 -> 1417.7655 | E30: =RESUMEN!R32 -> 32.5 | F30: =RESUMEN!T32
A31: =RESUMEN!B33 -> 25 | B31: =RESUMEN!C33 -> CONSORCIO MAB INGENIERÍA | C31: =RESUMEN!S33 -> HABILITADO | D31: =RESUMEN!G33 -> 1613.4214 | E31: =RESUMEN!R33 -> 32.5 | F31: =RESUMEN!T33
A32: =RESUMEN!B34 -> 26 | B32: =RESUMEN!C34 -> CONSORCIO PROSPERAR ANTONIO NARIÑO | C32: =RESUMEN!S34 -> INHABILITADO | E32: =RESUMEN!R34 -> 32.5 | F32: =RESUMEN!T34 -> Experiencia y concepto jurídico
A33: =RESUMEN!B35 -> 27 | B33: =RESUMEN!C35 -> CONSORCIO INGAVI 1299 | C33: =RESUMEN!S35 -> HABILITADO | D33: =RESUMEN!G35 -> 949.23333 | E33: =RESUMEN!R35 -> 32.5 | F33: =RESUMEN!T35
A34: =RESUMEN!B36 -> 28 | B34: =RESUMEN!C36 -> CONSORCIO AEROPORTUARIO FJ | C34: =RESUMEN!S36 -> HABILITADO | D34: =RESUMEN!G36 -> 1411.0767 | E34: =RESUMEN!R36 -> 32.5 | F34: =RESUMEN!T36
A35: =RESUMEN!B37 -> 29 | B35: =RESUMEN!C37 -> ECG INGENIERIA SAS | C35: =RESUMEN!S37 -> HABILITADO | D35: =RESUMEN!G37 -> 1194.8601 | E35: =RESUMEN!R37 -> 32.5 | F35: =RESUMEN!T37
A36: =RESUMEN!B38 -> 30 | B36: =RESUMEN!C38 -> R&M CONSTRUCCIONES E INTERVENTORIAS S.A.S | C36: =RESUMEN!S38 -> INHABILITADO | E36: =RESUMEN!R38 -> 32.5 | F36: =RESUMEN!T38 -> Experiencia
A37: =RESUMEN!B39 -> 31 | B37: =RESUMEN!C39 -> CONSORCIO FERDINCON 1229 | C37: =RESUMEN!S39 -> HABILITADO | D37: =RESUMEN!G39 -> 1154.2376 | E37: =RESUMEN!R39 -> 32.5 | F37: =RESUMEN!T39
A38: =RESUMEN!B40 -> 32 | B38: =RESUMEN!C40 -> CONSORCIO INTERPISTAS 1299 | C38: =RESUMEN!S40 -> INHABILITADO | E38: =RESUMEN!R40 -> 32.5 | F38: =RESUMEN!T40 -> Propuesta económica
A39: =RESUMEN!B41 -> 33 | B39: =RESUMEN!C41 -> CONSORCIO CABA - ANEZGA A.N | C39: =RESUMEN!S41 -> HABILITADO | D39: =RESUMEN!G41 -> 487.3226 | E39: =RESUMEN!R41 -> 32.5 | F39: =RESUMEN!T41
A40: =RESUMEN!B42 -> 34 | B40: =RESUMEN!C42 -> CONSORCIO PASTO JINT 1299 | C40: =RESUMEN!S42 -> HABILITADO | D40: =RESUMEN!G42 -> 896.05 | E40: =RESUMEN!R42 -> 32.5 | F40: =RESUMEN!T42
A41: =RESUMEN!B43 -> 35 | B41: =RESUMEN!C43 -> CONSORCIO AEROPISTA | C41: =RESUMEN!S43 -> HABILITADO | D41: =RESUMEN!G43 -> 2015.785 | E41: =RESUMEN!R43 -> 32.5 | F41: =RESUMEN!T43
A42: =RESUMEN!B44 -> 36 | B42: =RESUMEN!C44 -> CONSORCIO PURACÉ | C42: =RESUMEN!S44 -> HABILITADO | D42: =RESUMEN!G44 -> 1576.767 | E42: =RESUMEN!R44 -> 32.5 | F42: =RESUMEN!T44
A43: =RESUMEN!B45 -> 37 | B43: =RESUMEN!C45 -> CONSORCIO ODESSA | C43: =RESUMEN!S45 -> HABILITADO | D43: =RESUMEN!G45 -> 976.63625 | E43: =RESUMEN!R45 -> 32.5 | F43: =RESUMEN!T45
A44: =RESUMEN!B46 -> 38 | B44: =RESUMEN!C46 -> INGEOCIM S.A.S. | C44: =RESUMEN!S46 -> HABILITADO | D44: =RESUMEN!G46 -> 1125.2645 | E44: =RESUMEN!R46 -> 32.5 | F44: =RESUMEN!T46
A45: =RESUMEN!B47 -> 39 | B45: =RESUMEN!C47 -> CONSORCIO ECOPROYECTOS | C45: =RESUMEN!S47 -> HABILITADO | D45: =RESUMEN!G47 -> 707.24833 | E45: =RESUMEN!R47 -> 32.5 | F45: =RESUMEN!T47
A46: =RESUMEN!B48 -> 40 | B46: =RESUMEN!C48 -> CONSORCIO AEREO GI 2024 | C46: =RESUMEN!S48 -> INHABILITADO | E46: =RESUMEN!R48 -> 32.5 | F46: =RESUMEN!T48 -> Experiencia
A47: =RESUMEN!B49 -> 41 | B47: =RESUMEN!C49 -> CONSORCIO INT ANTONIO NARIÑO | C47: =RESUMEN!S49 -> HABILITADO | D47: =RESUMEN!G49 -> 778.06717 | E47: =RESUMEN!R49 -> 32.5 | F47: =RESUMEN!T49
A48: =RESUMEN!B50 -> 42 | B48: =RESUMEN!C50 -> CONSORCIO DINCO AERO | C48: =RESUMEN!S50 -> HABILITADO | D48: =RESUMEN!G50 -> 1198.8325 | E48: =RESUMEN!R50 -> 32.5
A49: =RESUMEN!B51 -> 43 | B49: =RESUMEN!C51 -> CONSORCIO PASTO RAJ | C49: =RESUMEN!S51 -> INHABILITADO | E49: =RESUMEN!R51 -> 32.5 | F49: =RESUMEN!T51 -> Concepto jurídico
A50: =RESUMEN!B52 -> 44 | B50: =RESUMEN!C52 -> CONSORCIO AEROCIVIL EGR 2024 | C50: =RESUMEN!S52 -> INHABILITADO | E50: =RESUMEN!R52 -> 32.5 | F50: =RESUMEN!T52 -> Experiencia
A51: =RESUMEN!B53 -> 45 | B51: =RESUMEN!C53 -> CONSORCIO INTERNARIÑO 2024 | C51: =RESUMEN!S53 -> HABILITADO | D51: =RESUMEN!G53 -> 1296.673 | E51: =RESUMEN!R53 -> 32.5 | F51: =RESUMEN!T53
A52: =RESUMEN!B54 -> 46 | B52: =RESUMEN!C54 -> CONSORCIO JORES-K-PASTO | C52: =RESUMEN!S54 -> INHABILITADO | E52: =RESUMEN!R54 -> 32.5 | F52: =RESUMEN!T54 -> Concepto jurídico
A53: =RESUMEN!B55 -> 47 | B53: =RESUMEN!C55 -> CONSORCIO INTER-EPYCELQO | C53: =RESUMEN!S55 -> INHABILITADO | E53: =RESUMEN!R55 -> 32.25 | F53: =RESUMEN!T55 -> sin Mipyme, jurídico, Experiencia
A56: PUNTAJE TOTAL PROPONENTES HÁBILES | I56: ORDEN DE ELEGIBILIDAD
A57: No. | B57: Proponente | C57: Habilitado/ Rechazado | D57: Promedio contratos válidos (smmlv) | E57: Puntaje Experiencia Proponente | F57: Puntaje parcial | G57: Puntaje Total | I57: No. | J57: Proponente | K57: Habilitado/ Rechazado | L57: Promedio contratos válidos (smmlv) | M57: Puntaje Experiencia Proponente | N57: Puntaje parcial | O57: Puntaje Total | P57: Orden de Elegibilidad
A58: 2 | B58: CONSORCIO METRO CINCO | C58: HABILITADO | D58: 1590.875 | E58: =ROUND($D$97*(1-(ABS($D$96-D58)/$D$96)),7) -> 40.443496 | F58: 32.5 | G58: =E58+F58 -> 72.943496 | H58: 1 | I58: 35 | J58: CONSORCIO AEROPISTA | K58: HABILITADO | L58: 2015.785 | M58: 15.18821 | N58: 32.5 | O58: 47.68821
A59: 3 | B59: ELSA TORRES ARENALES | C59: HABILITADO | D59: 1114.53 | E59: =ROUND($D$97*(1-(ABS($D$96-D59)/$D$96)),7) -> 66.244086 | F59: 32.25 | G59: =E59+F59 -> 98.494086 | H59: 2 | I59: 25 | J59: CONSORCIO MAB INGENIERÍA | K59: HABILITADO | L59: 1613.4214 | M59: 39.103411 | N59: 32.5 | O59: 71.603411
A60: 4 | B60: CONSORCIO SUPERVISORES 1299 | C60: HABILITADO | D60: 996.776 | E60: =ROUND($D$97*(1-(ABS($D$96-D60)/$D$96)),7) -> 59.245166 | F60: 32.5 | G60: =E60+F60 -> 91.745166 | H60: 3 | I60: 2 | J60: CONSORCIO METRO CINCO | K60: HABILITADO | L60: 1590.875 | M60: 40.443496 | N60: 32.5 | O60: 72.943496
A61: 5 | B61: CONSORCIO NARIÑO 24 | C61: HABILITADO | D61: 1196.8479 | E61: =ROUND($D$97*(1-(ABS($D$96-D61)/$D$96)),7) -> 63.863201 | F61: 32.5 | G61: =E61+F61 -> 96.363201 | H61: 4 | I61: 36 | J61: CONSORCIO PURACÉ | K61: HABILITADO | L61: 1576.767 | M61: 41.282031 | N61: 32.5 | O61: 73.782031
A62: 6 | B62: CONSORCIO AERO GAP | C62: HABILITADO | D62: 851.7645 | E62: =ROUND($D$97*(1-(ABS($D$96-D62)/$D$96)),7) -> 50.626148 | F62: 32.5 | G62: =E62+F62 -> 83.126148 | H62: 5 | I62: 24 | J62: CAYCO SAS | K62: HABILITADO | L62: 1417.7655 | M62: 50.732569 | N62: 32.5 | O62: 83.232569
A63: 7 | B63: CONSORCIO CIMA - URBA | C63: HABILITADO | D63: 994.126 | E63: =ROUND($D$97*(1-(ABS($D$96-D63)/$D$96)),7) -> 59.087659 | F63: 32.5 | G63: =E63+F63 -> 91.587659 | H63: 6 | I63: 28 | J63: CONSORCIO AEROPORTUARIO FJ | K63: HABILITADO | L63: 1411.0767 | M63: 51.130132 | N63: 32.5 | O63: 83.630132
A64: 8 | B64: CONSORCIO ARCA - CB | C64: HABILITADO | D64: 1376.2541 | E64: =ROUND($D$97*(1-(ABS($D$96-D64)/$D$96)),7) -> 53.199874 | F64: 32.5 | G64: =E64+F64 -> 85.699874 | H64: 7 | I64: 8 | J64: CONSORCIO ARCA - CB | K64: HABILITADO | L64: 1376.2541 | M64: 53.199874 | N64: 32.5 | O64: 85.699874
A65: 9 | B65: CONSORCIO SERVINC - BETMAF 2024 | C65: HABILITADO | D65: 925.767 | E65: =ROUND($D$97*(1-(ABS($D$96-D65)/$D$96)),7) -> 55.024619 | F65: 32.5 | G65: =E65+F65 -> 87.524619 | H65: 8 | I65: 15 | J65: CONSORCIO OJB | K65: HABILITADO | L65: 1317.7545 | M65: 56.676902 | N65: 32.5 | O65: 89.176902
A66: 14 | B66: CONSORCIO AEROPUERTO AO | C66: HABILITADO | D66: 1043.0813 | E66: =ROUND($D$97*(1-(ABS($D$96-D66)/$D$96)),7) -> 61.997406 | F66: 32.5 | G66: =E66+F66 -> 94.497406 | H66: 9 | I66: 45 | J66: CONSORCIO INTERNARIÑO 2024 | K66: HABILITADO | L66: 1296.673 | M66: 57.929919 | N66: 32.5 | O66: 90.429919
A67: 15 | B67: CONSORCIO OJB | C67: HABILITADO | D67: 1317.7545 | E67: =ROUND($D$97*(1-(ABS($D$96-D67)/$D$96)),7) -> 56.676902 | F67: 32.5 | G67: =E67+F67 -> 89.176902 | H67: 10 | I67: 17 | J67: CONSORCIO SANDONÁ | K67: HABILITADO | L67: 1263.0317 | M67: 59.92945 | N67: 32.5 | O67: 92.42945
A68: 16 | B68: HERNANDEZ PANTOJA SAS | C68: HABILITADO | D68: 1146.056 | E68: =ROUND($D$97*(1-(ABS($D$96-D68)/$D$96)),7) -> 66.88211 | F68: 32.5 | G68: =E68+F68 -> 99.38211 | H68: 11 | I68: 21 | J68: CONSORCIO INCE PASTO 2024 | K68: HABILITADO | L68: 1220.8 | M68: 62.439566 | N68: 31.5 | O68: 93.939566
A69: 17 | B69: CONSORCIO SANDONÁ | C69: HABILITADO | D69: 1263.0317 | E69: =ROUND($D$97*(1-(ABS($D$96-D69)/$D$96)),7) -> 59.92945 | F69: 32.5 | G69: =E69+F69 -> 92.42945 | H69: 12 | I69: 42 | J69: CONSORCIO DINCO AERO | K69: HABILITADO | L69: 1198.8325 | M69: 63.745244 | N69: 32.5 | O69: 96.245244
... A71: 20 | B71: CONSORCIO DMM | C71: HABILITADO | D71: 514.6225 | E71: =ROUND($D$97*(1-(ABS($D$96-D71)/$D$96)),7) -> 30.58751 | F71: 32.5 | G71: =E71+F71 -> 63.08751 | H71: 14 | I71: 29 | J71: ECG INGENIERIA SAS | K71: HABILITADO | L71: 1194.8601 | M71: 63.98135 | N71: 32.5 | O71: 96.48135
A72: 21 | B72: CONSORCIO INCE PASTO 2024 | C72: HABILITADO | D72: 1220.8 | E72: =ROUND($D$97*(1-(ABS($D$96-D72)/$D$96)),7) -> 62.439566 | F72: 31.5 | G72: =E72+F72 -> 93.939566 | H72: 15 | I72: 31 | J72: CONSORCIO FERDINCON 1229 | K72: HABILITADO | L72: 1154.2376 | M72: 66.395821 | N72: 32.5 | O72: 98.895821 | P72: 3
A73: 23 | B73: PROYECTOS E INTERVENTORÍAS SAS | C73: HABILITADO | D73: 971.2138 | E73: =ROUND($D$97*(1-(ABS($D$96-D73)/$D$96)),7) -> 57.725831 | F73: 32.5 | G73: =E73+F73 -> 90.225831 | H73: 16 | I73: 16 | J73: HERNANDEZ PANTOJA SAS | K73: HABILITADO | L73: 1146.056 | M73: 66.88211 | N73: 32.5 | O73: 99.38211 | P73: 2
A74: 24 | B74: CAYCO SAS | C74: HABILITADO | D74: 1417.7655 | E74: =ROUND($D$97*(1-(ABS($D$96-D74)/$D$96)),7) -> 50.732569 | F74: 32.5 | G74: =E74+F74 -> 83.232569 | H74: 17 | I74: 38 | J74: INGEOCIM S.A.S. | K74: HABILITADO | L74: 1125.2645 | M74: 67.5 | N74: 32.5 | O74: =M74+N74 -> 100 | P74: 1
A75: 25 | B75: CONSORCIO MAB INGENIERÍA | C75: HABILITADO | D75: 1613.4214 | E75: =ROUND($D$97*(1-(ABS($D$96-D75)/$D$96)),7) -> 39.103411 | F75: 32.5 | G75: =E75+F75 -> 71.603411 | H75: 18 | I75: 3 | J75: ELSA TORRES ARENALES | K75: HABILITADO | L75: 1114.53 | M75: 66.244086 | N75: 32.25 | O75: 98.494086
A76: 27 | B76: CONSORCIO INGAVI 1299 | C76: HABILITADO | D76: 949.23333 | E76: =ROUND($D$97*(1-(ABS($D$96-D76)/$D$96)),7) -> 56.419382 | F76: 32.5 | G76: =E76+F76 -> 88.919382 | H76: 19 | I76: 14 | J76: CONSORCIO AEROPUERTO AO | K76: HABILITADO | L76: 1043.0813 | M76: 61.997406 | N76: 32.5 | O76: 94.497406
A77: 28 | B77: CONSORCIO AEROPORTUARIO FJ | C77: HABILITADO | D77: 1411.0767 | E77: =ROUND($D$97*(1-(ABS($D$96-D77)/$D$96)),7) -> 51.130132 | F77: 32.5 | G77: =E77+F77 -> 83.630132 | H77: 20 | I77: 4 | J77: CONSORCIO SUPERVISORES 1299 | K77: HABILITADO | L77: 996.776 | M77: 59.245166 | N77: 32.5 | O77: 91.745166
A78: 29 | B78: ECG INGENIERIA SAS | C78: HABILITADO | D78: 1194.8601 | E78: =ROUND($D$97*(1-(ABS($D$96-D78)/$D$96)),7) -> 63.98135 | F78: 32.5 | G78: =E78+F78 -> 96.48135 | H78: 21 | I78: 7 | J78: CONSORCIO CIMA - URBA | K78: HABILITADO | L78: 994.126 | M78: 59.087659 | N78: 32.5 | O78: 91.587659
A79: 31 | B79: CONSORCIO FERDINCON 1229 | C79: HABILITADO | D79: 1154.2376 | E79: =ROUND($D$97*(1-(ABS($D$96-D79)/$D$96)),7) -> 66.395821 | F79: 32.5 | G79: =E79+F79 -> 98.895821 | H79: 22 | I79: 37 | J79: CONSORCIO ODESSA | K79: HABILITADO | L79: 976.63625 | M79: 58.048124 | N79: 32.5 | O79: 90.548124
A80: 33 | B80: CONSORCIO CABA - ANEZGA A.N | C80: HABILITADO | D80: 487.3226 | E80: =ROUND($D$97*(1-(ABS($D$96-D80)/$D$96)),7) -> 28.964891 | F80: 32.5 | G80: =E80+F80 -> 61.464891 | H80: 23 | I80: 23 | J80: PROYECTOS E INTERVENTORÍAS SAS | K80: HABILITADO | L80: 971.2138 | M80: 57.725831 | N80: 32.5 | O80: 90.225831
A81: 34 | B81: CONSORCIO PASTO JINT 1299 | C81: HABILITADO | D81: 896.05 | E81: =ROUND($D$97*(1-(ABS($D$96-D81)/$D$96)),7) -> 53.258336 | F81: 32.5 | G81: =E81+F81 -> 85.758336 | H81: 24 | I81: 27 | J81: CONSORCIO INGAVI 1299 | K81: HABILITADO | L81: 949.23333 | M81: 56.419382 | N81: 32.5 | O81: 88.919382
A82: 35 | B82: CONSORCIO AEROPISTA | C82: HABILITADO | D82: 2015.785 | E82: =ROUND($D$97*(1-(ABS($D$96-D82)/$D$96)),7) -> 15.18821 | F82: 32.5 | G82: =E82+F82 -> 47.68821 | H82: 25 | I82: 18 | J82: CONSORCIO VYA NARIÑO | K82: HABILITADO | L82: 944.815 | M82: 56.156771 | N82: 32.5 | O82: 88.656771
A83: 36 | B83: CONSORCIO PURACÉ | C83: HABILITADO | D83: 1576.767 | E83: =ROUND($D$97*(1-(ABS($D$96-D83)/$D$96)),7) -> 41.282031 | F83: 32.5 | G83: =E83+F83 -> 73.782031 | H83: 26 | I83: 9 | J83: CONSORCIO SERVINC - BETMAF 2024 | K83: HABILITADO | L83: 925.767 | M83: 55.024619 | N83: 32.5 | O83: 87.524619
A84: 37 | B84: CONSORCIO ODESSA | C84: HABILITADO | D84: 976.63625 | E84: =ROUND($D$97*(1-(ABS($D$96-D84)/$D$96)),7) -> 58.048124 | F84: 32.5 | G84: =E84+F84 -> 90.548124 | H84: 27 | I84: 34 | J84: CONSORCIO PASTO JINT 1299 | K84: HABILITADO | L84: 896.05 | M84: 53.258336 | N84: 32.5 | O84: 85.758336
A85: 38 | B85: INGEOCIM S.A.S. | C85: HABILITADO | D85: 1125.2645 | E85: =ROUND($D$97*(1-(ABS($D$96-D85)/$D$96)),7) -> 66.88211 | F85: 32.5 | G85: =E85+F85 -> 99.38211 | H85: 28 | I85: 6 | J85: CONSORCIO AERO GAP | K85: HABILITADO | L85: 851.7645 | M85: 50.626148 | N85: 32.5 | O85: 83.126148
A86: 39 | B86: CONSORCIO ECOPROYECTOS | C86: HABILITADO | D86: 707.24833 | E86: =ROUND($D$97*(1-(ABS($D$96-D86)/$D$96)),7) -> 42.036571 | F86: 32.5 | G86: =E86+F86 -> 74.536571 | H86: 29 | I86: 41 | J86: CONSORCIO INT ANTONIO NARIÑO | K86: HABILITADO | L86: 778.06717 | M86: 46.245815 | N86: 32.5 | O86: 78.745815
... A89: 45 | B89: CONSORCIO INTERNARIÑO 2024 | C89: HABILITADO | D89: 1296.673 | E89: =ROUND($D$97*(1-(ABS($D$96-D89)/$D$96)),7) -> 57.929919 | F89: 32.5 | G89: =E89+F89 -> 90.429919 | H89: 32 | I89: 33 | J89: CONSORCIO CABA - ANEZGA A.N | K89: HABILITADO | L89: 487.3226 | M89: 28.964891 | N89: 32.5 | O89: 61.464891
B94: Mediana con valor absoluto
B95: Propuestas hábiles | D95: 32 | E95: Número par
B96: Mediana propuestas válidas | C96: Me | D96: =MEDIAN(D58:D89) -> 1135.6602
B97: Puntaje máximo por experiencia | D97: 67.5
B98: Puntaje maximo total | D98: 100

Sheet RESUMEN
B1: UNIDAD ADMINISTRATIVA ESPECIAL DE AERONAUTICA CIVIL
B2: DIRECCION DE INFRAESTRUCTURA AEROPORTUARIA
B3: EVALUACION TECNICA DEL PROCESO
B4: Proceso 23001299 H3. REALIZAR LA INTERVENTORIA INTEGRAL AL MEJORAMIENTO DE LAS FRANJAS DE SEGURIDAD DE PISTA DEL AEROPUERTO ANTONIO NARIÑO DE PASTO, NARIÑO (VF).
B5: 23001299 H3 DE 2023
K6: Equipo de trabajo clave evaluable
B7: No. | C7: PROPONENTE | D7: ENTREGA DE POLIZA DE SERIEDAD DE LA OFERTA | E7: NO SUPERA VALORES ETAPAS Y/O VALOR TOTAL | F7: EXPERIENCIA GENERAL | G7: PROMEDIO SMMLV | H7: CONSIDERACIONES DE LA EXPERIENCIA | I7: EXPERIENCIA ESPECIFICA 1 CTO MIN (50 %) PO | J7: FORMATO 8 | K7: FORMATO 9 4.2.1 Exp adicional | L7: FORMATO 9 4.2.2 Form adicional | M7: FACTOR DE SOSTENIBILIDAD | N7: APOYO A LA INDUSTRIA NACIONAL | O7: PUNTAJE TRABAJADORES CON DISCAPACIDAD | P7: EMPRENDIMIENTO DE MUJERES | Q7: MIPYME | R7: PUNTAJE PARCIAL | S7: HABILITADO / RECHAZADO | T7: OBSERVACIONES
F8: CUMPLE / NO CUMPLE | G8: FINAL | H8: CUMPLE / NO CUMPLE | I8: CUMPLE / NO CUMPLE | J8: cumple/no cumple | K8: MAX 5 PTS | L8: MAX 5 PTS | M8: MAX 1 PTO | N8: MAX 20 PTO | O8: MAX 1 PTO | P8: MAX 0,25 | Q8: MAX 0,25 | R8: MÁX 32,5
B9: 1 | C9: =INDIRECT(B9&"!b19") -> JOSE ALBERTO ROJAS PRIETO | D9: =INDIRECT($B9&"!h4") -> CUMPLE | E9: =INDIRECT($B9&"!H107") -> CUMPLE | F9: =INDIRECT($B9&"!N24") -> CUMPLE | G9: =INDIRECT($B9&"!M39") -> 870.75935 | H9: =INDIRECT($B9&"!N24") -> CUMPLE | I9: =INDIRECT($B9&"!N40") -> CUMPLE | J9: =INDIRECT($B9&"!L44") -> CUMPLE | K9: =INDIRECT($B9&"!L48") -> 5 | L9: =INDIRECT($B9&"!L49") -> 5 | M9: =INDIRECT($B9&"!L53") -> 1 | N9: =INDIRECT($B9&"!L56") -> 20 | O9: =INDIRECT($B9&"!L64") -> 1 | P9: =INDIRECT($B9&"!L67") -> 0 | Q9: =INDIRECT($B9&"!L75") -> 0.25 | R9: =SUM(K9:Q9) -> 32.25 | S9: INHABILITADO | T9: Empr. mujeres, Concepto Jurídico
B10: 2 | C10: =INDIRECT(B10&"!b19") -> CONSORCIO METRO CINCO | D10: =INDIRECT($B10&"!h4") -> CUMPLE | E10: =INDIRECT($B10&"!H107") -> CUMPLE | F10: =INDIRECT($B10&"!N24") -> CUMPLE | G10: =INDIRECT($B10&"!M39") -> 1590.875 | H10: =INDIRECT($B10&"!N24") -> CUMPLE | I10: =INDIRECT($B10&"!N40") -> CUMPLE | J10: =INDIRECT($B10&"!L44") -> CUMPLE | K10: =INDIRECT($B10&"!L48") -> 5 | L10: =INDIRECT($B10&"!L49") -> 5 | M10: =INDIRECT($B10&"!L53") -> 1 | N10: =INDIRECT($B10&"!L56") -> 20 | O10: =INDIRECT($B10&"!L64") -> 1 | P10: =INDIRECT($B10&"!L67") -> 0.25 | Q10: =INDIRECT($B10&"!L75") -> 0.25 | R10: =SUM(K10:Q10) -> 32.5 | S10: HABILITADO | T10: =+IF(INDIRECT($B10&"!A70")=0," ",INDIRECT($B10&"!A70"))
B11: 3 | C11: =INDIRECT(B11&"!b19") -> ELSA TORRES ARENALES | D11: =INDIRECT($B11&"!h4") -> CUMPLE | E11: =INDIRECT($B11&"!H107") -> CUMPLE | F11: =INDIRECT($B11&"!N24") -> CUMPLE | G11: =INDIRECT($B11&"!M39") -> 1114.53 | H11: =INDIRECT($B11&"!N24") -> CUMPLE | I11: =INDIRECT($B11&"!N40") -> CUMPLE | J11: =INDIRECT($B11&"!L44") -> CUMPLE | K11: =INDIRECT($B11&"!L48") -> 5 | L11: =INDIRECT($B11&"!L49") -> 5 | M11: =INDIRECT($B11&"!L53") -> 1 | N11: =INDIRECT($B11&"!L56") -> 20 | O11: =INDIRECT($B11&"!L64") -> 1 | P11: =INDIRECT($B11&"!L67") -> 0 | Q11: =INDIRECT($B11&"!L75") -> 0.25 | R11: =SUM(K11:Q11) -> 32.25 | S11: HABILITADO | T11: Empr, mujeres
B12: 4 | C12: =INDIRECT(B12&"!b19") -> CONSORCIO SUPERVISORES 1299 | D12: =INDIRECT($B12&"!h4") -> CUMPLE | E12: =INDIRECT($B12&"!H107") -> CUMPLE | F12: =INDIRECT($B12&"!N24") -> CUMPLE | G12: =INDIRECT($B12&"!M39") -> 996.776 | H12: =INDIRECT($B12&"!N24") -> CUMPLE | I12: =INDIRECT($B12&"!N40") -> CUMPLE | J12: =INDIRECT($B12&"!L44") -> CUMPLE | K12: =INDIRECT($B12&"!L48") -> 5 | L12: =INDIRECT($B12&"!L49") -> 5 | M12: =INDIRECT($B12&"!L53") -> 1 | N12: =INDIRECT($B12&"!L56") -> 20 | O12: =INDIRECT($B12&"!L64") -> 1 | P12: =INDIRECT($B12&"!L67") -> 0.25 | Q12: =INDIRECT($B12&"!L75") -> 0.25 | R12: =SUM(K12:Q12) -> 32.5 | S12: HABILITADO | T12: =+IF(INDIRECT($B12&"!A70")=0," ",INDIRECT($B12&"!A70"))
B13: 5 | C13: =INDIRECT(B13&"!b19") -> CONSORCIO NARIÑO 24 | D13: =INDIRECT($B13&"!h4") -> CUMPLE | E13: =INDIRECT($B13&"!H108") -> CUMPLE | F13: =INDIRECT($B13&"!N24") -> CUMPLE | G13: =INDIRECT($B13&"!M40") -> 1196.8479 | H13: =INDIRECT($B13&"!N24") -> CUMPLE | I13: =INDIRECT($B13&"!N41") -> CUMPLE | J13: =INDIRECT($B13&"!L45") -> CUMPLE | K13: =INDIRECT($B13&"!L49") -> 5 | L13: =INDIRECT($B13&"!L50") -> 5 | M13: =INDIRECT($B13&"!L54") -> 1 | N13: =INDIRECT($B13&"!L57") -> 20 | O13: =INDIRECT($B13&"!L65") -> 1 | P13: =INDIRECT($B13&"!L68") -> 0.25 | Q13: =INDIRECT($B13&"!L76") -> 0.25 | R13: =SUM(K13:Q13) -> 32.5 | S13: HABILITADO | T13: =+IF(INDIRECT($B13&"!A70")=0," ",INDIRECT($B13&"!A70"))
B14: 6 | C14: =INDIRECT(B14&"!b19") -> CONSORCIO AERO GAP | D14: =INDIRECT($B14&"!h4") -> CUMPLE | E14: =INDIRECT($B14&"!H107") -> CUMPLE | F14: =INDIRECT($B14&"!N24") -> CUMPLE | G14: =INDIRECT($B14&"!M39") -> 851.7645 | H14: =INDIRECT($B14&"!N24") -> CUMPLE | I14: =INDIRECT($B14&"!N40") -> CUMPLE | J14: =INDIRECT($B14&"!L44") -> CUMPLE | K14: =INDIRECT($B14&"!L48") -> 5 | L14: =INDIRECT($B14&"!L49") -> 5 | M14: =INDIRECT($B14&"!L53") -> 1 | N14: =INDIRECT($B14&"!L56") -> 20 | O14: =INDIRECT($B14&"!L64") -> 1 | P14: =INDIRECT($B14&"!L67") -> 0.25 | Q14: =INDIRECT($B14&"!L75") -> 0.25 | R14: =SUM(K14:Q14) -> 32.5 | S14: HABILITADO | T14: =+IF(INDIRECT($B14&"!A70")=0," ",INDIRECT($B14&"!A70"))
B15: 7 | C15: =INDIRECT(B15&"!b19") -> CONSORCIO CIMA - URBA | D15: =INDIRECT($B15&"!h4") -> CUMPLE | E15: =INDIRECT($B15&"!H107") -> CUMPLE | F15: =INDIRECT($B15&"!N24") -> CUMPLE | G15: =INDIRECT($B15&"!M39") -> 994.126 | H15: =INDIRECT($B15&"!N24") -> CUMPLE | I15: =INDIRECT($B15&"!N40") -> CUMPLE | J15: =INDIRECT($B15&"!L44") -> CUMPLE | K15: =INDIRECT($B15&"!L48") -> 5 | L15: =INDIRECT($B15&"!L49") -> 5 | M15: =INDIRECT($B15&"!L53") -> 1 | N15: =INDIRECT($B15&"!L56") -> 20 | O15: =INDIRECT($B15&"!L64") -> 1 | P15: =INDIRECT($B15&"!L67") -> 0.25 | Q15: =INDIRECT($B15&"!L75") -> 0.25 | R15: =SUM(K15:Q15) -> 32.5 | S15: HABILITADO | T15: =+IF(INDIRECT($B15&"!A70")=0," ",INDIRECT($B15&"!A70"))
B16: 8 | C16: =INDIRECT(B16&"!b19") -> CONSORCIO ARCA - CB | D16: =INDIRECT($B16&"!h4") -> CUMPLE | E16: =INDIRECT($B16&"!H107") -> CUMPLE | F16: =INDIRECT($B16&"!N24") -> CUMPLE | G16: =INDIRECT($B16&"!M39") -> 1376.2541 | H16: =INDIRECT($B16&"!N24") -> CUMPLE | I16: =INDIRECT($B16&"!N40") -> CUMPLE | J16: =INDIRECT($B16&"!L44") -> CUMPLE | K16: =INDIRECT($B16&"!L48") -> 5 | L16: =INDIRECT($B16&"!L49") -> 5 | M16: =INDIRECT($B16&"!L53") -> 1 | N16: =INDIRECT($B16&"!L56") -> 20 | O16: =INDIRECT($B16&"!L64") -> 1 | P16: =INDIRECT($B16&"!L67") -> 0.25 | Q16: =INDIRECT($B16&"!L75") -> 0.25 | R16: =SUM(K16:Q16) -> 32.5 | S16: HABILITADO | T16: =+IF(INDIRECT($B16&"!A70")=0," ",INDIRECT($B16&"!A70"))
B17: 9 | C17: =INDIRECT(B17&"!b19") -> CONSORCIO SERVINC - BETMAF 2024 | D17: =INDIRECT($B17&"!h4") -> CUMPLE | E17: =INDIRECT($B17&"!H107") -> CUMPLE | F17: =INDIRECT($B17&"!N24") -> CUMPLE | G17: =INDIRECT($B17&"!M39") -> 925.767 | H17: =INDIRECT($B17&"!N24") -> CUMPLE | I17: =INDIRECT($B17&"!N40") -> CUMPLE | J17: =INDIRECT($B17&"!L44") -> CUMPLE | K17: =INDIRECT($B17&"!L48") -> 5 | L17: =INDIRECT($B17&"!L49") -> 5 | M17: =INDIRECT($B17&"!L53") -> 1 | N17: =INDIRECT($B17&"!L56") -> 20 | O17: =INDIRECT($B17&"!L64") -> 1 | P17: =INDIRECT($B17&"!L67") -> 0.25 | Q17: =INDIRECT($B17&"!L75") -> 0.25 | R17: =SUM(K17:Q17) -> 32.5 | S17: HABILITADO | T17: =+IF(INDIRECT($B17&"!A70")=0," ",INDIRECT($B17&"!A70"))
B18: 10 | C18: =INDIRECT(B18&"!b19") -> CONSORCIO VELNEC | D18: =INDIRECT($B18&"!h4") -> CUMPLE | E18: =INDIRECT($B18&"!H107") -> CUMPLE | F18: =INDIRECT($B18&"!N24") -> CUMPLE | G18: =INDIRECT($B18&"!M39") -> 1492.8512 | H18: =INDIRECT($B18&"!N24") -> CUMPLE | I18: =INDIRECT($B18&"!N40") -> NO CUMPLE | J18: =INDIRECT($B18&"!L44") -> CUMPLE | K18: =INDIRECT($B18&"!L48") -> 5 | L18: =INDIRECT($B18&"!L49") -> 5 | M18: =INDIRECT($B18&"!L53") -> 1 | N18: =INDIRECT($B18&"!L56") -> 20 | O18: =INDIRECT($B18&"!L64") -> 1 | P18: =INDIRECT($B18&"!L67") -> 0.25 | Q18: =INDIRECT($B18&"!L75") -> 0.25 | R18: =SUM(K18:Q18) -> 32.5 | S18: INHABILITADO | T18: Experiencia
B19: 11 | C19: =INDIRECT(B19&"!b19") -> CONSORCIO INTERING | D19: =INDIRECT($B19&"!h4") -> CUMPLE | E19: =INDIRECT($B19&"!H107") -> CUMPLE | F19: =INDIRECT($B19&"!N24") -> CUMPLE | G19: =INDIRECT($B19&"!M39") -> 2460.1907 | H19: =INDIRECT($B19&"!N24") -> CUMPLE | I19: =INDIRECT($B19&"!N40") -> NO CUMPLE | J19: =INDIRECT($B19&"!L44") -> CUMPLE | K19: =INDIRECT($B19&"!L48") -> 5 | L19: =INDIRECT($B19&"!L49") -> 5 | M19: =INDIRECT($B19&"!L53") -> 1 | N19: =INDIRECT($B19&"!L56") -> 20 | O19: =INDIRECT($B19&"!L64") -> 1 | P19: =INDIRECT($B19&"!L67") -> 0.25 | Q19: =INDIRECT($B19&"!L75") -> 0.25 | R19: =SUM(K19:Q19) -> 32.5 | S19: INHABILITADO | T19: Experiencia, Concepto Jurídico
B20: 12 | C20: =INDIRECT(B20&"!b19") -> CONSORCIO AEROS-33 | D20: =INDIRECT($B20&"!h4") -> CUMPLE | E20: =INDIRECT($B20&"!H107") -> CUMPLE | F20: =INDIRECT($B20&"!N24") -> CUMPLE | G20: =INDIRECT($B20&"!M39") -> 1235.8012 | H20: =INDIRECT($B20&"!N24") -> CUMPLE | I20: =INDIRECT($B20&"!N40") -> CUMPLE | J20: =INDIRECT($B20&"!L44") -> CUMPLE | K20: =INDIRECT($B20&"!L48") -> 5 | L20: =INDIRECT($B20&"!L49") -> 5 | M20: =INDIRECT($B20&"!L53") -> 1 | N20: =INDIRECT($B20&"!L56") -> 20 | O20: =INDIRECT($B20&"!L64") -> 1 | P20: =INDIRECT($B20&"!L67") -> 0.25 | Q20: =INDIRECT($B20&"!L75") -> 0.25 | R20: =SUM(K20:Q20) -> 32.5 | S20: INHABILITADO | T20: Concepto Jurídico
B21: 13 | C21: =INDIRECT(B21&"!b19") -> CONSORCIO INTERVENTORIA IT | D21: =INDIRECT($B21&"!h4") -> CUMPLE | E21: =INDIRECT($B21&"!H107") -> CUMPLE | F21: =INDIRECT($B21&"!N24") -> NO CUMPLE | G21: =INDIRECT($B21&"!M39") -> 402.288 | H21: =INDIRECT($B21&"!N24") -> NO CUMPLE | I21: =INDIRECT($B21&"!N40") -> CUMPLE | J21: =INDIRECT($B21&"!L44") -> CUMPLE | K21: =INDIRECT($B21&"!L48") -> 5 | L21: =INDIRECT($B21&"!L49") -> 5 | M21: =INDIRECT($B21&"!L53") -> 1 | N21: =INDIRECT($B21&"!L56") -> 20 | O21: =INDIRECT($B21&"!L64") -> 1 | P21: =INDIRECT($B21&"!L67") -> 0.25 | Q21: =INDIRECT($B21&"!L75") -> 0.25 | R21: =SUM(K21:Q21) -> 32.5 | S21: INHABILITADO | T21: Experiencia
B22: 14 | C22: =INDIRECT(B22&"!b19") -> CONSORCIO AEROPUERTO AO | D22: =INDIRECT($B22&"!h4") -> CUMPLE | E22: =INDIRECT($B22&"!H107") -> CUMPLE | F22: =INDIRECT($B22&"!N24") -> CUMPLE | G22: =INDIRECT($B22&"!M39") -> 1043.0813 | H22: =INDIRECT($B22&"!N24") -> CUMPLE | I22: =INDIRECT($B22&"!N40") -> CUMPLE | J22: =INDIRECT($B22&"!L44") -> CUMPLE | K22: =INDIRECT($B22&"!L48") -> 5 | L22: =INDIRECT($B22&"!L49") -> 5 | M22: =INDIRECT($B22&"!L53") -> 1 | N22: =INDIRECT($B22&"!L56") -> 20 | O22: =INDIRECT($B22&"!L64") -> 1 | P22: =INDIRECT($B22&"!L67") -> 0.25 | Q22: =INDIRECT($B22&"!L75") -> 0.25 | R22: =SUM(K22:Q22) -> 32.5 | S22: HABILITADO | T22: =+IF(INDIRECT($B22&"!A70")=0," ",INDIRECT($B22&"!A70"))
B23: 15 | C23: =INDIRECT(B23&"!b19") -> CONSORCIO OJB | D23: =INDIRECT($B23&"!h4") -> CUMPLE | E23: =INDIRECT($B23&"!H107") -> CUMPLE | F23: =INDIRECT($B23&"!N24") -> CUMPLE | G23: =INDIRECT($B23&"!M39") -> 1317.7545 | H23: =INDIRECT($B23&"!N24") -> CUMPLE | I23: =INDIRECT($B23&"!N40") -> CUMPLE | J23: =INDIRECT($B23&"!L44") -> CUMPLE | K23: =INDIRECT($B23&"!L48") -> 5 | L23: =INDIRECT($B23&"!L49") -> 5 | M23: =INDIRECT($B23&"!L53") -> 1 | N23: =INDIRECT($B23&"!L56") -> 20 | O23: =INDIRECT($B23&"!L64") -> 1 | P23: =INDIRECT($B23&"!L67") -> 0.25 | Q23: =INDIRECT($B23&"!L75") -> 0.25 | R23: =SUM(K23:Q23) -> 32.5 | S23: HABILITADO | T23: =+IF(INDIRECT($B23&"!A70")=0," ",INDIRECT($B23&"!A70"))
B24: 16 | C24: =INDIRECT(B24&"!b19") -> HERNANDEZ PANTOJA SAS | D24: =INDIRECT($B24&"!h4") -> CUMPLE | E24: =INDIRECT($B24&"!H107") -> CUMPLE | F24: =INDIRECT($B24&"!N24") -> CUMPLE | G24: =INDIRECT($B24&"!M39") -> 1146.056 | H24: =INDIRECT($B24&"!N24") -> CUMPLE | I24: =INDIRECT($B24&"!N40") -> CUMPLE | J24: =INDIRECT($B24&"!L44") -> CUMPLE | K24: =INDIRECT($B24&"!L48") -> 5 | L24: =INDIRECT($B24&"!L49") -> 5 | M24: =INDIRECT($B24&"!L53") -> 1 | N24: =INDIRECT($B24&"!L56") -> 20 | O24: =INDIRECT($B24&"!L64") -> 1 | P24: =INDIRECT($B24&"!L67") -> 0.25 | Q24: =INDIRECT($B24&"!L75") -> 0.25 | R24: =SUM(K24:Q24) -> 32.5 | S24: HABILITADO | T24: =+IF(INDIRECT($B24&"!A70")=0," ",INDIRECT($B24&"!A70"))
B25: 17 | C25: =INDIRECT(B25&"!b19") -> CONSORCIO SANDONÁ | D25: =INDIRECT($B25&"!h4") -> CUMPLE | E25: =INDIRECT($B25&"!H107") -> CUMPLE | F25: =INDIRECT($B25&"!N24") -> CUMPLE | G25: =INDIRECT($B25&"!M39") -> 1263.0317 | H25: =INDIRECT($B25&"!N24") -> CUMPLE | I25: =INDIRECT($B25&"!N40") -> CUMPLE | J25: =INDIRECT($B25&"!L44") -> CUMPLE | K25: =INDIRECT($B25&"!L48") -> 5 | L25: =INDIRECT($B25&"!L49") -> 5 | M25: =INDIRECT($B25&"!L53") -> 1 | N25: =INDIRECT($B25&"!L56") -> 20 | O25: =INDIRECT($B25&"!L64") -> 1 | P25: =INDIRECT($B25&"!L67") -> 0.25 | Q25: =INDIRECT($B25&"!L75") -> 0.25 | R25: =SUM(K25:Q25) -> 32.5 | S25: HABILITADO | T25: =+IF(INDIRECT($B25&"!A70")=0," ",INDIRECT($B25&"!A70"))
B26: 18 | C26: =INDIRECT(B26&"!b19") -> CONSORCIO VYA NARIÑO | D26: =INDIRECT($B26&"!h4") -> CUMPLE | E26: =INDIRECT($B26&"!H107") -> CUMPLE | F26: =INDIRECT($B26&"!N24") -> CUMPLE | G26: =INDIRECT($B26&"!M39") -> 944.815 | H26: =INDIRECT($B26&"!N24") -> CUMPLE | I26: =INDIRECT($B26&"!N40") -> CUMPLE | J26: =INDIRECT($B26&"!L44") -> CUMPLE | K26: =INDIRECT($B26&"!L48") -> 5 | L26: =INDIRECT($B26&"!L49") -> 5 | M26: =INDIRECT($B26&"!L53") -> 1 | N26: =INDIRECT($B26&"!L56") -> 20 | O26: =INDIRECT($B26&"!L64") -> 1 | P26: =INDIRECT($B26&"!L67") -> 0.25 | Q26: =INDIRECT($B26&"!L75") -> 0.25 | R26: =SUM(K26:Q26) -> 32.5 | S26: HABILITADO | T26: =+IF(INDIRECT($B26&"!A70")=0," ",INDIRECT($B26&"!A70"))
B27: 19 | C27: =INDIRECT(B27&"!b19") -> CONSORCIO SAN BARTOLOME 2024 | D27: =INDIRECT($B27&"!h4") -> CUMPLE | E27: =INDIRECT($B27&"!H107") -> CUMPLE | F27: =INDIRECT($B27&"!N24") -> NO CUMPLE | G27: =INDIRECT($B27&"!M39") -> 245.27 | H27: =INDIRECT($B27&"!N24") -> NO CUMPLE | I27: =INDIRECT($B27&"!N40") -> NO CUMPLE | J27: =INDIRECT($B27&"!L44") -> CUMPLE | K27: =INDIRECT($B27&"!L48") -> 5 | L27: =INDIRECT($B27&"!L49") -> 5 | M27: =INDIRECT($B27&"!L53") -> 1 | N27: =INDIRECT($B27&"!L56") -> 20 | O27: =INDIRECT($B27&"!L64") -> 1 | P27: =INDIRECT($B27&"!L67") -> 0.25 | Q27: =INDIRECT($B27&"!L75") -> 0.25 | R27: =SUM(K27:Q27) -> 32.5 | S27: INHABILITADO | T27: Experiencia
B28: 20 | C28: =INDIRECT(B28&"!b19") -> CONSORCIO DMM | D28: =INDIRECT($B28&"!h4") -> CUMPLE | E28: =INDIRECT($B28&"!H107") -> CUMPLE | F28: =INDIRECT($B28&"!N24") -> CUMPLE | G28: =INDIRECT($B28&"!M39") -> 514.6225 | H28: =INDIRECT($B28&"!N24") -> CUMPLE | I28: =INDIRECT($B28&"!N40") -> CUMPLE | J28: =INDIRECT($B28&"!L44") -> CUMPLE | K28: =INDIRECT($B28&"!L48") -> 5 | L28: =INDIRECT($B28&"!L49") -> 5 | M28: =INDIRECT($B28&"!L53") -> 1 | N28: =INDIRECT($B28&"!L56") -> 20 | O28: =INDIRECT($B28&"!L64") -> 1 | P28: =INDIRECT($B28&"!L67") -> 0.25 | Q28: =INDIRECT($B28&"!L75") -> 0.25 | R28: =SUM(K28:Q28) -> 32.5 | S28: HABILITADO | T28: =+IF(INDIRECT($B28&"!A70")=0," ",INDIRECT($B28&"!A70"))
B29: 21 | C29: =INDIRECT(B29&"!b19") -> CONSORCIO INCE PASTO 2024 | D29: =INDIRECT($B29&"!h4") -> CUMPLE | E29: =INDIRECT($B29&"!H108") -> CUMPLE | F29: =INDIRECT($B29&"!N24") -> CUMPLE | G29: =INDIRECT($B29&"!M40") -> 1220.8 | H29: =INDIRECT($B29&"!N24") -> CUMPLE | I29: =INDIRECT($B29&"!N41") -> CUMPLE | J29: =INDIRECT($B29&"!L45") -> CUMPLE | K29: =INDIRECT($B29&"!L49") -> 5 | L29: =INDIRECT($B29&"!L50") -> 5 | M29: =INDIRECT($B29&"!L54") -> 1 | N29: =INDIRECT($B29&"!L57") -> 20 | O29: =INDIRECT($B29&"!L65") -> 0 | P29: =INDIRECT($B29&"!L68") -> 0.25 | Q29: =INDIRECT($B29&"!L76") -> 0.25 | R29: =SUM(K29:Q29) -> 31.5 | S29: HABILITADO | T29: Discapacitados
B30: 22 | C30: =INDIRECT(B30&"!b19") -> CONSORCIO INGENIERIA POSSO | D30: =INDIRECT($B30&"!h4") -> CUMPLE | E30: =INDIRECT($B30&"!H107") -> CUMPLE | F30: =INDIRECT($B30&"!N24") -> CUMPLE | G30: =INDIRECT($B30&"!M39") -> 1148.0933 | H30: =INDIRECT($B30&"!N24") -> CUMPLE | I30: =INDIRECT($B30&"!N40") -> NO CUMPLE | J30: =INDIRECT($B30&"!L44") -> CUMPLE | K30: =INDIRECT($B30&"!L48") -> 5 | L30: =INDIRECT($B30&"!L49") -> 5 | M30: =INDIRECT($B30&"!L53") -> 1 | N30: =INDIRECT($B30&"!L56") -> 20 | O30: =INDIRECT($B30&"!L64") -> 1 | P30: =INDIRECT($B30&"!L67") -> 0.25 | Q30: =INDIRECT($B30&"!L75") -> 0.25 | R30: =SUM(K30:Q30) -> 32.5 | S30: INHABILITADO | T30: Experiencia
B31: 23 | C31: =INDIRECT(B31&"!b19") -> PROYECTOS E INTERVENTORÍAS SAS | D31: =INDIRECT($B31&"!h4") -> CUMPLE | E31: =INDIRECT($B31&"!H107") -> CUMPLE | F31: =INDIRECT($B31&"!N24") -> CUMPLE | G31: =INDIRECT($B31&"!M39") -> 971.2138 | H31: =INDIRECT($B31&"!N24") -> CUMPLE | I31: =INDIRECT($B31&"!N40") -> CUMPLE | J31: =INDIRECT($B31&"!L44") -> CUMPLE | K31: =INDIRECT($B31&"!L48") -> 5 | L31: =INDIRECT($B31&"!L49") -> 5 | M31: =INDIRECT($B31&"!L53") -> 1 | N31: =INDIRECT($B31&"!L56") -> 20 | O31: =INDIRECT($B31&"!L64") -> 1 | P31: =INDIRECT($B31&"!L67") -> 0.25 | Q31: =INDIRECT($B31&"!L75") -> 0.25 | R31: =SUM(K31:Q31) -> 32.5 | S31: HABILITADO | T31: =+IF(INDIRECT($B31&"!A70")=0," ",INDIRECT($B31&"!A70"))
B32: 24 | C32: =INDIRECT(B32&"!b19") -> CAYCO SAS | D32: =INDIRECT($B32&"!h4") -> CUMPLE | E32: =INDIRECT($B32&"!H107") -> CUMPLE | F32: =INDIRECT($B32&"!N24") -> CUMPLE | G32: =INDIRECT($B32&"!M39") -> 1417.7655 | H32: =INDIRECT($B32&"!N24") -> CUMPLE | I32: =INDIRECT($B32&"!N40") -> CUMPLE | J32: =INDIRECT($B32&"!L44") -> CUMPLE | K32: =INDIRECT($B32&"!L48") -> 5 | L32: =INDIRECT($B32&"!L49") -> 5 | M32: =INDIRECT($B32&"!L53") -> 1 | N32: =INDIRECT($B32&"!L56") -> 20 | O32: =INDIRECT($B32&"!L64") -> 1 | P32: =INDIRECT($B32&"!L67") -> 0.25 | Q32: =INDIRECT($B32&"!L75") -> 0.25 | R32: =SUM(K32:Q32) -> 32.5 | S32: HABILITADO | T32: =+IF(INDIRECT($B32&"!A70")=0," ",INDIRECT($B32&"!A70"))
B33: 25 | C33: =INDIRECT(B33&"!b19") -> CONSORCIO MAB INGENIERÍA | D33: =INDIRECT($B33&"!h4") -> CUMPLE | E33: =INDIRECT($B33&"!H108") -> CUMPLE | F33: =INDIRECT($B33&"!N24") -> CUMPLE | G33: =INDIRECT($B33&"!M40") -> 1613.4214 | H33: =INDIRECT($B33&"!N24") -> CUMPLE | I33: =INDIRECT($B33&"!N41") -> CUMPLE | J33: =INDIRECT($B33&"!L45") -> CUMPLE | K33: =INDIRECT($B33&"!L49") -> 5 | L33: =INDIRECT($B33&"!L50") -> 5 | M33: =INDIRECT($B33&"!L54") -> 1 | N33: =INDIRECT($B33&"!L57") -> 20 | O33: =INDIRECT($B33&"!L65") -> 1 | P33: =INDIRECT($B33&"!L68") -> 0.25 | Q33: =INDIRECT($B33&"!L76") -> 0.25 | R33: =SUM(K33:Q33) -> 32.5 | S33: HABILITADO | T33: =+IF(INDIRECT($B33&"!A70")=0," ",INDIRECT($B33&"!A70"))
B34: 26 | C34: =INDIRECT(B34&"!b19") -> CONSORCIO PROSPERAR ANTONIO NARIÑO | D34: =INDIRECT($B34&"!h4") -> CUMPLE | E34: =INDIRECT($B34&"!H107") -> CUMPLE | F34: =INDIRECT($B34&"!N24") -> CUMPLE | G34: =INDIRECT($B34&"!M39") -> 803.3832 | H34: =INDIRECT($B34&"!N24") -> CUMPLE | I34: =INDIRECT($B34&"!N40") -> NO CUMPLE | J34: =INDIRECT($B34&"!L44") -> CUMPLE | K34: =INDIRECT($B34&"!L48") -> 5 | L34: =INDIRECT($B34&"!L49") -> 5 | M34: =INDIRECT($B34&"!L53") -> 1 | N34: =INDIRECT($B34&"!L56") -> 20 | O34: =INDIRECT($B34&"!L64") -> 1 | P34: =INDIRECT($B34&"!L67") -> 0.25 | Q34: =INDIRECT($B34&"!L75") -> 0.25 | R34: =SUM(K34:Q34) -> 32.5 | S34: INHABILITADO | T34: Experiencia y concepto jurídico
B35: 27 | C35: =INDIRECT(B35&"!b19") -> CONSORCIO INGAVI 1299 | D35: =INDIRECT($B35&"!h4") -> CUMPLE | E35: =INDIRECT($B35&"!H107") -> CUMPLE | F35: =INDIRECT($B35&"!N24") -> CUMPLE | G35: =INDIRECT($B35&"!M39") -> 949.23333 | H35: =INDIRECT($B35&"!N24") -> CUMPLE | I35: =INDIRECT($B35&"!N40") -> CUMPLE | J35: =INDIRECT($B35&"!L44") -> CUMPLE | K35: =INDIRECT($B35&"!L48") -> 5 | L35: =INDIRECT($B35&"!L49") -> 5 | M35: =INDIRECT($B35&"!L53") -> 1 | N35: =INDIRECT($B35&"!L56") -> 20 | O35: =INDIRECT($B35&"!L64") -> 1 | P35: =INDIRECT($B35&"!L67") -> 0.25 | Q35: =INDIRECT($B35&"!L75") -> 0.25 | R35: =SUM(K35:Q35) -> 32.5 | S35: HABILITADO | T35: =+IF(INDIRECT($B35&"!A70")=0," ",INDIRECT($B35&"!A70"))
B36: 28 | C36: =INDIRECT(B36&"!b19") -> CONSORCIO AEROPORTUARIO FJ | D36: =INDIRECT($B36&"!h4") -> CUMPLE | E36: =INDIRECT($B36&"!H107") -> CUMPLE | F36: =INDIRECT($B36&"!N24") -> CUMPLE | G36: =INDIRECT($B36&"!M39") -> 1411.0767 | H36: =INDIRECT($B36&"!N24") -> CUMPLE | I36: =INDIRECT($B36&"!N40") -> CUMPLE | J36: =INDIRECT($B36&"!L44") -> CUMPLE | K36: =INDIRECT($B36&"!L48") -> 5 | L36: =INDIRECT($B36&"!L49") -> 5 | M36: =INDIRECT($B36&"!L53") -> 1 | N36: =INDIRECT($B36&"!L56") -> 20 | O36: =INDIRECT($B36&"!L64") -> 1 | P36: =INDIRECT($B36&"!L67") -> 0.25 | Q36: =INDIRECT($B36&"!L75") -> 0.25 | R36: =SUM(K36:Q36) -> 32.5 | S36: HABILITADO | T36: =+IF(INDIRECT($B36&"!A70")=0," ",INDIRECT($B36&"!A70"))
B37: 29 | C37: =INDIRECT(B37&"!b19") -> ECG INGENIERIA SAS | D37: =INDIRECT($B37&"!h4") -> CUMPLE | E37: =INDIRECT($B37&"!H107") -> CUMPLE | F37: =INDIRECT($B37&"!N24") -> CUMPLE | G37: =INDIRECT($B37&"!M39") -> 1194.8601 | H37: =INDIRECT($B37&"!N24") -> CUMPLE | I37: =INDIRECT($B37&"!N40") -> CUMPLE | J37: =INDIRECT($B37&"!L44") -> CUMPLE | K37: =INDIRECT($B37&"!L48") -> 5 | L37: =INDIRECT($B37&"!L49") -> 5 | M37: =INDIRECT($B37&"!L53") -> 1 | N37: =INDIRECT($B37&"!L56") -> 20 | O37: =INDIRECT($B37&"!L64") -> 1 | P37: =INDIRECT($B37&"!L67") -> 0.25 | Q37: =INDIRECT($B37&"!L75") -> 0.25 | R37: =SUM(K37:Q37) -> 32.5 | S37: HABILITADO | T37: =+IF(INDIRECT($B37&"!A70")=0," ",INDIRECT($B37&"!A70"))
B38: 30 | C38: =INDIRECT(B38&"!b19") -> R&M CONSTRUCCIONES E INTERVENTORIAS S.A.S | D38: =INDIRECT($B38&"!h4") -> CUMPLE | E38: =INDIRECT($B38&"!H107") -> CUMPLE | F38: =INDIRECT($B38&"!N24") -> NO CUMPLE | G38: 0 | H38: =INDIRECT($B38&"!N24") -> NO CUMPLE | I38: =INDIRECT($B38&"!N40") -> NO CUMPLE | J38: =INDIRECT($B38&"!L44") -> CUMPLE | K38: =INDIRECT($B38&"!L48") -> 5 | L38: =INDIRECT($B38&"!L49") -> 5 | M38: =INDIRECT($B38&"!L53") -> 1 | N38: =INDIRECT($B38&"!L56") -> 20 | O38: =INDIRECT($B38&"!L64") -> 1 | P38: =INDIRECT($B38&"!L67") -> 0.25 | Q38: =INDIRECT($B38&"!L75") -> 0.25 | R38: =SUM(K38:Q38) -> 32.5 | S38: INHABILITADO | T38: Experiencia
B39: 31 | C39: =INDIRECT(B39&"!b19") -> CONSORCIO FERDINCON 1229 | D39: =INDIRECT($B39&"!h4") -> CUMPLE | E39: =INDIRECT($B39&"!H107") -> CUMPLE | F39: =INDIRECT($B39&"!N24") -> CUMPLE | G39: =INDIRECT($B39&"!M39") -> 1154.2376 | H39: =INDIRECT($B39&"!N24") -> CUMPLE | I39: =INDIRECT($B39&"!N40") -> CUMPLE | J39: =INDIRECT($B39&"!L44") -> CUMPLE | K39: =INDIRECT($B39&"!L48") -> 5 | L39: =INDIRECT($B39&"!L49") -> 5 | M39: =INDIRECT($B39&"!L53") -> 1 | N39: =INDIRECT($B39&"!L56") -> 20 | O39: =INDIRECT($B39&"!L64") -> 1 | P39: =INDIRECT($B39&"!L67") -> 0.25 | Q39: =INDIRECT($B39&"!L75") -> 0.25 | R39: =SUM(K39:Q39) -> 32.5 | S39: HABILITADO | T39: =+IF(INDIRECT($B39&"!A70")=0," ",INDIRECT($B39&"!A70"))
B40: 32 | C40: =INDIRECT(B40&"!b19") -> CONSORCIO INTERPISTAS 1299 | D40: =INDIRECT($B40&"!h4") -> CUMPLE | E40: =INDIRECT($B40&"!H107") -> NO CUMPLE | F40: =INDIRECT($B40&"!N24") -> CUMPLE | G40: =INDIRECT($B40&"!M39") -> 1105.6671 | H40: =INDIRECT($B40&"!N24") -> CUMPLE | I40: =INDIRECT($B40&"!N40") -> CUMPLE | J40: =INDIRECT($B40&"!L44") -> CUMPLE | K40: =INDIRECT($B40&"!L48") -> 5 | L40: =INDIRECT($B40&"!L49") -> 5 | M40: =INDIRECT($B40&"!L53") -> 1 | N40: =INDIRECT($B40&"!L56") -> 20 | O40: =INDIRECT($B40&"!L64") -> 1 | P40: =INDIRECT($B40&"!L67") -> 0.25 | Q40: =INDIRECT($B40&"!L75") -> 0.25 | R40: =SUM(K40:Q40) -> 32.5 | S40: INHABILITADO | T40: Propuesta económica
B41: 33 | C41: =INDIRECT(B41&"!b19") -> CONSORCIO CABA - ANEZGA A.N | D41: =INDIRECT($B41&"!h4") -> CUMPLE | E41: =INDIRECT($B41&"!H107") -> CUMPLE | F41: =INDIRECT($B41&"!N24") -> CUMPLE | G41: =INDIRECT($B41&"!M39") -> 487.3226 | H41: =INDIRECT($B41&"!N24") -> CUMPLE | I41: =INDIRECT($B41&"!N40") -> CUMPLE | J41: =INDIRECT($B41&"!L44") -> CUMPLE | K41: =INDIRECT($B41&"!L48") -> 5 | L41: =INDIRECT($B41&"!L49") -> 5 | M41: =INDIRECT($B41&"!L53") -> 1 | N41: =INDIRECT($B41&"!L56") -> 20 | O41: =INDIRECT($B41&"!L64") -> 1 | P41: =INDIRECT($B41&"!L67") -> 0.25 | Q41: =INDIRECT($B41&"!L75") -> 0.25 | R41: =SUM(K41:Q41) -> 32.5 | S41: HABILITADO | T41: =+IF(INDIRECT($B41&"!A70")=0," ",INDIRECT($B41&"!A70"))
B42: 34 | C42: =INDIRECT(B42&"!b19") -> CONSORCIO PASTO JINT 1299 | D42: =INDIRECT($B42&"!h4") -> CUMPLE | E42: =INDIRECT($B42&"!H107") -> CUMPLE | F42: =INDIRECT($B42&"!N24") -> CUMPLE | G42: =INDIRECT($B42&"!M39") -> 896.05 | H42: =INDIRECT($B42&"!N24") -> CUMPLE | I42: =INDIRECT($B42&"!N40") -> CUMPLE | J42: =INDIRECT($B42&"!L44") -> CUMPLE | K42: =INDIRECT($B42&"!L48") -> 5 | L42: =INDIRECT($B42&"!L49") -> 5 | M42: =INDIRECT($B42&"!L53") -> 1 | N42: =INDIRECT($B42&"!L56") -> 20 | O42: =INDIRECT($B42&"!L64") -> 1 | P42: =INDIRECT($B42&"!L67") -> 0.25 | Q42: =INDIRECT($B42&"!L75") -> 0.25 | R42: =SUM(K42:Q42) -> 32.5 | S42: HABILITADO | T42: =+IF(INDIRECT($B42&"!A70")=0," ",INDIRECT($B42&"!A70"))
B43: 35 | C43: =INDIRECT(B43&"!b19") -> CONSORCIO AEROPISTA | D43: =INDIRECT($B43&"!h4") -> CUMPLE | E43: =INDIRECT($B43&"!H107") -> CUMPLE | F43: =INDIRECT($B43&"!N24") -> CUMPLE | G43: =INDIRECT($B43&"!M39") -> 2015.785 | H43: =INDIRECT($B43&"!N24") -> CUMPLE | I43: =INDIRECT($B43&"!N40") -> CUMPLE | J43: =INDIRECT($B43&"!L44") -> CUMPLE | K43: =INDIRECT($B43&"!L48") -> 5 | L43: =INDIRECT($B43&"!L49") -> 5 | M43: =INDIRECT($B43&"!L53") -> 1 | N43: =INDIRECT($B43&"!L56") -> 20 | O43: =INDIRECT($B43&"!L64") -> 1 | P43: =INDIRECT($B43&"!L67") -> 0.25 | Q43: =INDIRECT($B43&"!L75") -> 0.25 | R43: =SUM(K43:Q43) -> 32.5 | S43: HABILITADO | T43: =+IF(INDIRECT($B43&"!A70")=0," ",INDIRECT($B43&"!A70"))
B44: 36 | C44: =INDIRECT(B44&"!b19") -> CONSORCIO PURACÉ | D44: =INDIRECT($B44&"!h4") -> CUMPLE | E44: =INDIRECT($B44&"!H107") -> CUMPLE | F44: =INDIRECT($B44&"!N24") -> CUMPLE | G44: =INDIRECT($B44&"!M39") -> 1576.767 | H44: =INDIRECT($B44&"!N24") -> CUMPLE | I44: =INDIRECT($B44&"!N40") -> CUMPLE | J44: =INDIRECT($B44&"!L44") -> CUMPLE | K44: =INDIRECT($B44&"!L48") -> 5 | L44: =INDIRECT($B44&"!L49") -> 5 | M44: =INDIRECT($B44&"!L53") -> 1 | N44: =INDIRECT($B44&"!L56") -> 20 | O44: =INDIRECT($B44&"!L64") -> 1 | P44: =INDIRECT($B44&"!L67") -> 0.25 | Q44: =INDIRECT($B44&"!L75") -> 0.25 | R44: =SUM(K44:Q44) -> 32.5 | S44: HABILITADO | T44: =+IF(INDIRECT($B44&"!A70")=0," ",INDIRECT($B44&"!A70"))
B45: 37 | C45: =INDIRECT(B45&"!b19") -> CONSORCIO ODESSA | D45: =INDIRECT($B45&"!h4") -> CUMPLE | E45: =INDIRECT($B45&"!H107") -> CUMPLE | F45: =INDIRECT($B45&"!N24") -> CUMPLE | G45: =INDIRECT($B45&"!M39") -> 976.63625 | H45: =INDIRECT($B45&"!N24") -> CUMPLE | I45: =INDIRECT($B45&"!N40") -> CUMPLE | J45: =INDIRECT($B45&"!L44") -> CUMPLE | K45: =INDIRECT($B45&"!L48") -> 5 | L45: =INDIRECT($B45&"!L49") -> 5 | M45: =INDIRECT($B45&"!L53") -> 1 | N45: =INDIRECT($B45&"!L56") -> 20 | O45: =INDIRECT($B45&"!L64") -> 1 | P45: =INDIRECT($B45&"!L67") -> 0.25 | Q45: =INDIRECT($B45&"!L75") -> 0.25 | R45: =SUM(K45:Q45) -> 32.5 | S45: HABILITADO | T45: =+IF(INDIRECT($B45&"!A70")=0," ",INDIRECT($B45&"!A70"))
B46: 38 | C46: =INDIRECT(B46&"!b19") -> INGEOCIM S.A.S. | D46: =INDIRECT($B46&"!h4") -> CUMPLE | E46: =INDIRECT($B46&"!H107") -> CUMPLE | F46: =INDIRECT($B46&"!N24") -> CUMPLE | G46: =INDIRECT($B46&"!M39") -> 1125.2645 | H46: =INDIRECT($B46&"!N24") -> CUMPLE | I46: =INDIRECT($B46&"!N40") -> CUMPLE | J46: =INDIRECT($B46&"!L44") -> CUMPLE | K46: =INDIRECT($B46&"!L48") -> 5 | L46: =INDIRECT($B46&"!L49") -> 5 | M46: =INDIRECT($B46&"!L53") -> 1 | N46: =INDIRECT($B46&"!L56") -> 20 | O46: =INDIRECT($B46&"!L64") -> 1 | P46: =INDIRECT($B46&"!L67") -> 0.25 | Q46: =INDIRECT($B46&"!L75") -> 0.25 | R46: =SUM(K46:Q46) -> 32.5 | S46: HABILITADO | T46: =+IF(INDIRECT($B46&"!A70")=0," ",INDIRECT($B46&"!A70"))
B47: 39 | C47: =INDIRECT(B47&"!b19") -> CONSORCIO ECOPROYECTOS | D47: =INDIRECT($B47&"!h4") -> CUMPLE | E47: =INDIRECT($B47&"!H107") -> CUMPLE | F47: =INDIRECT($B47&"!N24") -> CUMPLE | G47: =INDIRECT($B47&"!M39") -> 707.24833 | H47: =INDIRECT($B47&"!N24") -> CUMPLE | I47: =INDIRECT($B47&"!N40") -> CUMPLE | J47: =INDIRECT($B47&"!L44") -> CUMPLE | K47: =INDIRECT($B47&"!L48") -> 5 | L47: =INDIRECT($B47&"!L49") -> 5 | M47: =INDIRECT($B47&"!L53") -> 1 | N47: =INDIRECT($B47&"!L56") -> 20 | O47: =INDIRECT($B47&"!L64") -> 1 | P47: =INDIRECT($B47&"!L67") -> 0.25 | Q47: =INDIRECT($B47&"!L75") -> 0.25 | R47: =SUM(K47:Q47) -> 32.5 | S47: HABILITADO | T47: =+IF(INDIRECT($B47&"!A70")=0," ",INDIRECT($B47&"!A70"))
B48: 40 | C48: =INDIRECT(B48&"!b19") -> CONSORCIO AEREO GI 2024 | D48: =INDIRECT($B48&"!h4") -> CUMPLE | E48: =INDIRECT($B48&"!H107") -> CUMPLE | F48: =INDIRECT($B48&"!N24") -> CUMPLE | G48: =INDIRECT($B48&"!M39") -> 970.66 | H48: =INDIRECT($B48&"!N24") -> CUMPLE | I48: =INDIRECT($B48&"!N40") -> NO CUMPLE | J48: =INDIRECT($B48&"!L44") -> CUMPLE | K48: =INDIRECT($B48&"!L48") -> 5 | L48: =INDIRECT($B48&"!L49") -> 5 | M48: =INDIRECT($B48&"!L53") -> 1 | N48: =INDIRECT($B48&"!L56") -> 20 | O48: =INDIRECT($B48&"!L64") -> 1 | P48: =INDIRECT($B48&"!L67") -> 0.25 | Q48: =INDIRECT($B48&"!L75") -> 0.25 | R48: =SUM(K48:Q48) -> 32.5 | S48: INHABILITADO | T48: Experiencia
B49: 41 | C49: =INDIRECT(B49&"!b19") -> CONSORCIO INT ANTONIO NARIÑO | D49: =INDIRECT($B49&"!h4") -> CUMPLE | E49: =INDIRECT($B49&"!H107") -> CUMPLE | F49: =INDIRECT($B49&"!N24") -> CUMPLE | G49: =INDIRECT($B49&"!M39") -> 778.06717 | H49: =INDIRECT($B49&"!N24") -> CUMPLE | I49: =INDIRECT($B49&"!N40") -> CUMPLE | J49: =INDIRECT($B49&"!L44") -> CUMPLE | K49: =INDIRECT($B49&"!L48") -> 5 | L49: =INDIRECT($B49&"!L49") -> 5 | M49: =INDIRECT($B49&"!L53") -> 1 | N49: =INDIRECT($B49&"!L56") -> 20 | O49: =INDIRECT($B49&"!L64") -> 1 | P49: =INDIRECT($B49&"!L67") -> 0.25 | Q49: =INDIRECT($B49&"!L75") -> 0.25 | R49: =SUM(K49:Q49) -> 32.5 | S49: HABILITADO | T49: =+IF(INDIRECT($B49&"!A70")=0," ",INDIRECT($B49&"!A70"))
B50: 42 | C50: =INDIRECT(B50&"!b19") -> CONSORCIO DINCO AERO | D50: =INDIRECT($B50&"!h4") -> CUMPLE | E50: =INDIRECT($B50&"!H97") -> CUMPLE | F50: =INDIRECT($B50&"!N24") -> CUMPLE | G50: =INDIRECT($B50&"!M40") -> 1198.8325 | H50: =INDIRECT($B50&"!N24") -> CUMPLE | I50: =INDIRECT($B50&"!N41") -> CUMPLE | J50: =INDIRECT($B50&"!L45") -> CUMPLE | K50: =INDIRECT($B50&"!L49") -> 5 | L50: =INDIRECT($B50&"!L50") -> 5 | M50: =INDIRECT($B50&"!L54") -> 1 | N50: =INDIRECT($B50&"!L57") -> 20 | O50: =INDIRECT($B50&"!L65") -> 1 | P50: 0.25 | Q50: =INDIRECT($B50&"!L76") -> 0.25 | R50: =SUM(K50:Q50) -> 32.5 | S50: HABILITADO
B51: 43 | C51: =INDIRECT(B51&"!b19") -> CONSORCIO PASTO RAJ | D51: =INDIRECT($B51&"!h4") -> CUMPLE | E51: =INDIRECT($B51&"!H97") -> CUMPLE | F51: =INDIRECT($B51&"!N24") -> CUMPLE | G51: =INDIRECT($B51&"!M40") -> 706.17719 | H51: =INDIRECT($B51&"!N24") -> CUMPLE | I51: =INDIRECT($B51&"!N41") -> CUMPLE | J51: =INDIRECT($B51&"!L45") -> CUMPLE | K51: =INDIRECT($B51&"!L49") -> 5 | L51: =INDIRECT($B51&"!L50") -> 5 | M51: =INDIRECT($B51&"!L54") -> 1 | N51: =INDIRECT($B51&"!L57") -> 20 | O51: =INDIRECT($B51&"!L65") -> 1 | P51: =INDIRECT($B51&"!L68") -> 0.25 | Q51: =INDIRECT($B51&"!L76") -> 0.25 | R51: =SUM(K51:Q51) -> 32.5 | S51: INHABILITADO | T51: Concepto jurídico
B52: 44 | C52: =INDIRECT(B52&"!b19") -> CONSORCIO AEROCIVIL EGR 2024 | D52: =INDIRECT($B52&"!h4") -> CUMPLE | E52: =INDIRECT($B52&"!H97") -> CUMPLE | F52: =INDIRECT($B52&"!N24") -> NO CUMPLE | G52: 0 | H52: =INDIRECT($B52&"!N24") -> NO CUMPLE | I52: =INDIRECT($B52&"!N41") -> NO CUMPLE | J52: =INDIRECT($B52&"!L45") -> CUMPLE | K52: =INDIRECT($B52&"!L49") -> 5 | L52: =INDIRECT($B52&"!L50") -> 5 | M52: =INDIRECT($B52&"!L54") -> 1 | N52: =INDIRECT($B52&"!L57") -> 20 | O52: =INDIRECT($B52&"!L65") -> 1 | P52: =INDIRECT($B52&"!L68") -> 0.25 | Q52: =INDIRECT($B52&"!L76") -> 0.25 | R52: =SUM(K52:Q52) -> 32.5 | S52: INHABILITADO | T52: Experiencia
B53: 45 | C53: =INDIRECT(B53&"!b19") -> CONSORCIO INTERNARIÑO 2024 | D53: =INDIRECT($B53&"!h4") -> CUMPLE | E53: =INDIRECT($B53&"!H97") -> CUMPLE | F53: =INDIRECT($B53&"!N24") -> CUMPLE | G53: =INDIRECT($B53&"!M40") -> 1296.673 | H53: =INDIRECT($B53&"!N24") -> CUMPLE | I53: =INDIRECT($B53&"!N41") -> CUMPLE | J53: =INDIRECT($B53&"!L45") -> CUMPLE | K53: =INDIRECT($B53&"!L49") -> 5 | L53: =INDIRECT($B53&"!L50") -> 5 | M53: =INDIRECT($B53&"!L54") -> 1 | N53: =INDIRECT($B53&"!L57") -> 20 | O53: =INDIRECT($B53&"!L65") -> 1 | P53: =INDIRECT($B53&"!L68") -> 0.25 | Q53: =INDIRECT($B53&"!L76") -> 0.25 | R53: =SUM(K53:Q53) -> 32.5 | S53: HABILITADO | T53: =+IF(INDIRECT($B53&"!A70")=0," ",INDIRECT($B53&"!A70"))
B54: 46 | C54: =INDIRECT(B54&"!b19") -> CONSORCIO JORES-K-PASTO | D54: =INDIRECT($B54&"!h4") -> CUMPLE | E54: =INDIRECT($B54&"!H97") -> CUMPLE | F54: =INDIRECT($B54&"!N24") -> CUMPLE | G54: =INDIRECT($B54&"!M40") -> 831.22 | H54: =INDIRECT($B54&"!N24") -> CUMPLE | I54: =INDIRECT($B54&"!N41") -> CUMPLE | J54: =INDIRECT($B54&"!L45") -> CUMPLE | K54: =INDIRECT($B54&"!L49") -> 5 | L54: =INDIRECT($B54&"!L50") -> 5 | M54: =INDIRECT($B54&"!L54") -> 1 | N54: =INDIRECT($B54&"!L57") -> 20 | O54: =INDIRECT($B54&"!L65") -> 1 | P54: =INDIRECT($B54&"!L68") -> 0.25 | Q54: =INDIRECT($B54&"!L76") -> 0.25 | R54: =SUM(K54:Q54) -> 32.5 | S54: INHABILITADO | T54: Concepto jurídico
B55: 47 | C55: =INDIRECT(B55&"!b19") -> CONSORCIO INTER-EPYCELQO | D55: =INDIRECT($B55&"!h4") -> CUMPLE | E55: =INDIRECT($B55&"!H97") -> CUMPLE | F55: =INDIRECT($B55&"!N24") -> CUMPLE | G55: =INDIRECT($B55&"!M40") -> 741.57 | H55: =INDIRECT($B55&"!N24") -> CUMPLE | I55: =INDIRECT($B55&"!N41") -> NO CUMPLE | J55: =INDIRECT($B55&"!L45") -> CUMPLE | K55: =INDIRECT($B55&"!L49") -> 5 | L55: =INDIRECT($B55&"!L50") -> 5 | M55: =INDIRECT($B55&"!L54") -> 1 | N55: =INDIRECT($B55&"!L57") -> 20 | O55: =INDIRECT($B55&"!L65") -> 1 | P55: =INDIRECT($B55&"!L68") -> 0.25 | R55: =SUM(K55:Q55) -> 32.25 | S55: INHABILITADO | T55: sin Mipyme, jurídico, Experiencia
B58: WILLIAM MIGUEL AVELLANEDA MENDOZA /JULIETH MANZANARES/ JORGE CAÑON / JUAN DAVID BRAVO EVALUADORES Direcctión de Infraestructura y Ayudas Aeroportuarias
C62: FECHA CIERRE | D62: 45355
C63: TRM

Sheet 1
A1: UNIDAD ADMINISTRATIVA ESPECIAL DE AERONAUTICA CIVIL | T1: 1 | U1: 20 | V1: 5
A2: 23001244 H3 DE 2023 | P2: SI | Q2: CUMPLE | R2: SI | T2: 0 | U2: 5 | V2: 0
A3: =RESUMEN!B4 -> Proceso 23001299 H3. REALIZAR LA INTERVENTORIA INTEGRAL AL MEJORAMIENTO DE LAS FRANJAS DE SEGURIDAD DE PISTA DEL AEROPUERTO ANTONIO NARIÑO DE PASTO, NARIÑO (VF). | P3: NO | Q3: NO CUMPLE | R3: NO | T3: NO APORTA | U3: 0
A4: Entregó o anexó poliza de seriedad de la oferta | H4: CUMPLE
A5: Entregó o anexó formato 1 - CARTA DE PRESENTACION DE LA OFERTA | H5: CUMPLE
A6: Entregó o anexó formato 2 - CONFORMACION DEL PROPONENTE | H6: CUMPLE
A7: Entregó o anexó formato 3 - EXPERIENCIA (EXCEL) | H7: CUMPLE
A8: Entregó o anexó formato 4 - CAPACIDAD FINANCIERA Y ORGANIZACIONAL
A9: Entregó o anexó formato 5 - PAGO DE SEGURIDAD SOCIAL
A10: Entregó o anexó formato 6 - VINCULACIÓN DE PERSONAL CON DISCAPACIDAD | H10: CUMPLE
A11: Entregó o anexó formato 7 - PUNTAJE INDUSTRIA NACIONAL | H11: CUMPLE
A12: Entregó o anexó formato 8 - ACEPTACIÓN UY CUMPLIMIENTO PERSONAL CLAVE EVALUABLE | H12: CUMPLE
A13: Entregó o anexó formato 9 - EXPERIENCIA Y FORMACION PERSONAL CLAVE EVALUABLE | H13: CUMPLE
A14: Entregó o anexó formato 10 - AUTORIZACIÓN TRATAMIENTO DE DATOS PERSONALES
A15: Entregó o anexó formato 13 - ACREDITACIÓN EMPRENDIMIENTO Y EMPRESAS MUJERES | H15: CUMPLE
A16: Entregó o anexó formato 13 - EMPRENDIMIENTO MIPYME | H16: CUMPLE
A18: EVALUACIÓN Y ASIGNACION DE PUNTAJES
A19: 1 | B19: JOSE ALBERTO ROJAS PRIETO | H19: APORTANTE DE LA EXPERIENCIA | K19: 10.1.2 CONSIDERACIONES PARA LA VALIDEZ DE LA EXPERIENCIA DEL PROPONENTE | O19: =+H19 -> APORTANTE DE LA EXPERIENCIA | Q19: 5
H20: INTEGRANTE | J20: PORCENTAJE DE PARTICIPACION | K20: CONDICIONES DE LA EXPERIENCIA | N20: SI / NO | Q20: NO APORTA | BA20: NIT
H21: JOSE ALBERTO ROJAS PRIETO | J21: 1 | K21: CONDICION 1: MIN 50% DE LA EXPERIENCIA | N21: SI | O21: =+H21 -> JOSE ALBERTO ROJAS PRIETO | Q21: 0 | V21: =+H21 -> JOSE ALBERTO ROJAS PRIETO
K22: CONDICION 2: MIN 5% DE LA EXPERIENCIA CADA INTEGRANTE | N22: SI | O22: =+H22 -> 0 | V22: =+H22 -> 0
K23: CONDICION 3: SOLO 1 INTEGRANTE NO PRESENTA EXPERIENCIA Y SU PARTICIPACION ES MAX 10% (SI APLICA) | N23: SI | O23: =+H23 -> 0 | Q23: SUBSANAR | V23: =+H23 -> 0
K24: CUMPLE / NO CUMPLE | N24: CUMPLE | O24: =+H24 -> 0 | Q24: CUMPLE | V24: =+H24 -> 0
O25: =+H25 -> 0 | Q25: NO CUMPLE | V25: =+H25 -> 0
H26: TOTAL | J26: =+J21+J22+J23+J24+J25 -> 1 | BA26: 0.5
A27: CODIGOS | B27: 81101500, 80101600 | H27: PRESUPUESTO OFICIAL | J27: 684325699 | L27: =J27/BB62 -> 526.40438 | BA27: =+L27*0.5 -> 263.20219
BA28: AÑO | BB28: SMMLV
A29: 10.1 ACREDITACIÓN DE LA EXPERIENCIA DEL PROPONENTE | BA29: 1990 | BB29: 41025
A30: 10.1.1 CARACTERÍSTICAS DE LOS CONTRATOS PRESENTADOS PARA ACREDITAR LA EXPERIENCIA DEL PROPONENTE | BA30: 1991 | BB30: 51716
A31: EXPERIENCIA GENERAL: El proponente podrá acreditar hasta cinco (5) contratos registrados en el RUP e identificados en al menos uno (1) de los códigos UNSPSC requeridos en la experiencia general; que sumados su valor total, expresado en SMMLV, sea igual o mayor al cien por ciento (100%) del presupuesto oficial, y cuyo objeto, actividades u obligaciones contractuales esté relacionadas con: “INTERVENTORÍA A OBRAS DE CONSTRUCCIÓN O RECONSTRUCCIÓN O AMPLIACIÓN O MEJORAMIENTO O MANTENIMIENTO O REHABILITACIÓN O CONSERVACIÓN DE: VÍAS PRIMARIAS O PISTAS DE AERODROMOS O CALLES DE RODAJE DE AERODROMOS O PLATAFORMAS DE AERÓDROMOS O FRANJAS DE SEGURIDAD, DICHAS OBRAS DEBEN CONTENER LA EJECUCION DE PAVIMENTO ASFÁLTICO O PAVIMENTO EN CONCRETO HIDRÁULICO” | H31: EXPERIENCIA ESPECIFICA: “Por lo menos uno (1) de los contratos válidos aportados como experiencia general debe acreditar: INTERVENTORÍA A OBRAS DE CONSTRUCCIÓN O RECONSTRUCCIÓN O AMPLIACIÓN O REHABILITACIÓN DE: PISTAS DE AERODROMOS O CALLES DE RODAJE DE AERODROMOS O PLATAFORMAS DE AERÓDROMOS, DICHAS OBRAS DEBEN CONTENER LA EJECUCION DE PAVIMENTO ASFÁLTICO O PAVIMENTO EN CONCRETO HIDRÁULICO, cuyo valor sea igual o mayor al 50% del valor del PRESUPUESTO OFICIAL (PO) del presente Proceso de Contratación.” Tratándose de Proponentes Plurales se tendrá en cuenta lo siguiente: i) uno de los integrantes debe aportar como mínimo el cincuenta por ciento (50 %) de la experiencia solicitada; ii) los demás integrantes deben acreditar al menos el cinco por ciento (5 %) de la experiencia solicitada; y iii) sin perjuicio de lo anterior, solo uno (1) de los integrantes, si así lo considera pertinente, podrá no demostrar experiencia. En este último caso, el porcentaje de participación del integrante que no aporta experiencia en la estructura plural no podrá superar el diez por ciento (10%). | BA31: 1993 | BB31: 81510
A32: CODIGOS DE LOS CTOS PRESENTADOS | B32: CTO´S | C32: No. CONSECUTIVO EN EL RUP | D32: CONTRATANTE | E32: OBJETO DEL CONTRATO | F32: CUMPLE CODIGOS? | G32: CUMPLE EXPERIENCIA? | H32: QUIEN APORTA LA EXPERIENCIA? | I32: AÑO DE INICIO DEL CONTRATO | J32: AÑO DE TERMINACION DEL CONTRATO | K32: VALOR TOTAL SMMLV - RUP | L32: % PARTICIPACION | M32: VALOR TOTAL AFECTADO | N32: CUMPLE / NO CUMPLE | Q32: =L27/2 -> 263.20219 | R32: 50% PO | BA32: 1994 | BB32: 98700
A33: 81101500, 80101600 | B33: 1 | C33: 4 | D33: INVIAS | E33: INTERVENTORÍA MEJORAMIENTO Y MANTENIMIENTO IBAGUE MARIQUITA MANIZALES | F33: CUMPLE | G33: CUMPLE | H33: JOSE ALBERTO ROJAS PRIETO | I33: 38327 | J33: 40451 | K33: 11523.67 | L33: 0.25 | M33: =IF(AND(F33="CUMPLE",G33="CUMPLE"),(K33*L33),0) -> 2880.9175 | N33: CUMPLE | Q33: =+IF(OR(N33="CUMPLE")*AND(M33>=$Q$32),"CUMPLE","NO CUMPLE") -> CUMPLE | U33: 2021 | V33: 908526 | BA33: 1995 | BB33: 118933.5
A34: 81101500, 80101600 | B34: 2 | C34: 47 | D34: AEROCIVIL | E34: INTERVENTORÍA MANTENIMIENTO CALLE DE RODAJE, PLATAFORMA VIRAJE 05 AEROPUERTO YOPAL | F34: CUMPLE | G34: CUMPLE | H34: JOSE ALBERTO ROJAS PRIETO | I34: 43514 | J34: 44075 | K34: 887.84 | L34: 0.5 | M34: =IF(AND(F34="CUMPLE",G34="CUMPLE"),(K34*L34),0) -> 443.92 | N34: CUMPLE | Q34: =+IF(OR(N34="CUMPLE")*AND(M34>=$Q$32),"CUMPLE","NO CUMPLE") -> CUMPLE | U34: 2020 | V34: 877803 | BA34: 1996 | BB34: 142125
A35: 81101500, 80101600 | B35: 3 | C35: 54 | D35: AEROCIVIL | E35: INTERVENTORÍA ADECUACIONES LADO TIERRA Y MANTENIMIENTO LADO AIRE Y LADO TIERRA AEROPUERTO NEIVA HUILA | F35: CUMPLE | G35: CUMPLE | H35: JOSE ALBERTO ROJAS PRIETO | I35: 44578 | J35: 44875 | K35: 352.63 | L35: 0.33 | M35: =IF(AND(F35="CUMPLE",G35="CUMPLE"),(K35*L35),0) -> 116.3679 | N35: CUMPLE | Q35: =+IF(OR(N35="CUMPLE")*AND(M35>=$Q$32),"CUMPLE","NO CUMPLE") -> NO CUMPLE | U35: 2019 | V35: 828116 | BA35: 1997 | BB35: 172005
A36: 81101500, 80101600 | B36: 4 | C36: 48 | D36: AEROCIVIL | E36: INTERVENTORÍA MANTENIMIENTO LADO AIRE Y LADO TIERRA AEROPUERTO SARAVENA ARAUCA | F36: CUMPLE | G36: CUMPLE | H36: JOSE ALBERTO ROJAS PRIETO | I36: 44134 | J36: 36881 | K36: 119.52 | L36: 0.35 | M36: =IF(AND(F36="CUMPLE",G36="CUMPLE"),(K36*L36),0) -> 41.832 | N36: CUMPLE | Q36: =+IF(OR(N36="CUMPLE")*AND(M36>=$Q$32),"CUMPLE","NO CUMPLE") -> NO CUMPLE | U36: 2018 | V36: 781242 | BA36: 1998 | BB36: 203826
A37: 81101500, 80101600 | B37: 5 | C37: 39 | D37: AEROCIVIL | E37: INTERVENTORIA TECNICA Y ADMINISTRATIVA PARA LAS OBRAS DE CONSTRUCCIÓN DE LA CALLE DE RODAJE Y SU CONEXIÓN CON LA NUEVA PISTA EN EL AEROPUERTO SAN LUIS, IPIALES - DEPARTAMENTO DE NARIÑO. CONTTRATO 1300280 - OJ- 2013 | F37: CUMPLE | G37: CUMPLE | H37: JOSE ALBERTO ROJAS PRIETO | I37: 41705 | J37: 42461 | K37: 3423.91 | L37: 0.4 | M37: =IF(AND(F37="CUMPLE",G37="CUMPLE"),(K37*L37),0) -> 1369.564 | N37: CUMPLE | Q37: =+IF(OR(N37="CUMPLE")*AND(M37>=$Q$32),"CUMPLE","NO CUMPLE") -> CUMPLE | U37: 2017 | V37: 737717 | BA37: 1999 | BB37: 236460
A38: EVALUACION EXPERIENCIA GENERAL PROPONENTE | E38: SUMATORIA | M38: =SUM(M33:M36) -> 3483.0374 | BA38: 2002 | BB38: 309000
E39: PROMEDIO | M39: =AVERAGEIF(M33:M36,">0") -> 870.75935 | BA39: 2003 | BB39: 332000
A40: EXP ESPECIFICA 50%= | C40: =+BA27 -> 263.20219 | D40: =E37 -> INTERVENTORIA TECNICA Y ADMINISTRATIVA PARA LAS OBRAS DE CONSTRUCCIÓN DE LA CALLE DE RODAJE Y SU CONEXIÓN CON LA NUEVA PISTA EN EL AEROPUERTO SAN LUIS, IPIALES - DEPARTAMENTO DE NARIÑO. CONTTRATO 1300280 - OJ- 2013 | F40: =F37 -> CUMPLE | G40: =G37 -> CUMPLE | H40: =H37 -> JOSE ALBERTO ROJAS PRIETO | I40: =I37 -> 41705 | J40: =J37 -> 42461 | K40: =K37 -> 3423.91 | L40: =L37 -> 0.4 | M40: =M37 -> 1369.564 | N40: =+IF(M40>=C40,"CUMPLE","NO CUMPLE") -> CUMPLE | Q40: =+IF(OR(N40="CUMPLE")*AND(M40>=$Q$32),"CUMPLE","NO CUMPLE") -> CUMPLE | U40: 2016 | V40: 689455 | BA40: 2004 | BB40: 358000
U41: 2012 | V41: 566700 | BA41: 2005 | BB41: 381500
A43: 10.6.1.3 EQUIPO DE TRABAJO (Personal Clave Evaluable) FORMATO 8 | L43: PUNTAJE ASIGNADO | U43: 2008 | V43: 461500 | BA43: 2006 | BB43: 408000
A44: I. Aportar y diligenciar en forma clara, completa, correcta y legible el “Formato 8 - Aceptación y cumplimiento de la formación académica y la experiencia del personal clave evaluable”, de acuerdo con los requisitos y condiciones que allí se indican y demás señaladas en el Pliego de Condiciones y sus documentos anexos. II. El “Formato 8 – Aceptación y cumplimiento de la formación académica y la experiencia del personal clave evaluable” debe suscribirlo el Proponente persona natural, representante legal de la persona jurídica o representante del Proponente Plural. Para los fines de este numeral se entiende por Personal Clave Evaluable los siguientes perfiles: • Un (1) Director de Interventoría (Ingeniero Civil o Arquitecto) • Un (1) Residente de interventoría (Ingeniero Civil o Arquitecto) CAUSAL DE RECHAZO: LITERAL N. No presentar el “Formato 8 – Aceptación y cumplimiento de la formación y la experiencia del Personal Clave Evaluable” y no subsanar su entrega, en los términos de los numerales “1.6 Reglas de subsanabilidad, explicaciones y aclaraciones” y "3.8.2 Exigencias mínimas de experiencia y formación académica del equipo de trabajo – Personal Clave Evaluable” del Pliego de Condiciones. | L44: CUMPLE | U44: 2007 | V44: 433700 | BA44: 2007 | BB44: 433700 | BC44: V
U45: 2009 | V45: 496900 | BA45: 2008 | BB45: 461500
A46: 3.8.2 (PLIEGO) EXIGENCIAS MÍNIMAS DE EXPERIENCIA Y FORMACIÓN ACADÉMICA DEL EQUIPO DE TRABAJO (Personal Clave Evaluable) | U46: 2011 | V46: 535600 | BA46: 2009 | BB46: 496900
A47: EXPERIENCIA CALVE EVALUABLE ADICIONAL (5 PUNTOS) Y 4.2.2 FORMACIÓN ACADÉMICA ADICIONAL / FORMATO 9 | L47: PUNTAJE ASIGNADO | BA47: 2010 | BB47: 515000
A48: La Entidad asignará cinco (5) puntos al Proponente que se comprometa con el diligenciamiento del “Formato 9 - Experiencia y formación académica adicional del Personal Clave Evaluable” a acreditar que [cada uno de los integrantes que conforman el Personal Clave Evaluable: i) el Director de Interventoría y el Residente de interventoría tienen un (1) año de experiencia específica adicional a la definida en la “Matriz 4 – Lineamientos de requisitos del Personal”. Para otorgar el puntaje basta con diligenciar el “Formato 9 - Experiencia y formación académica adicional del Personal Clave Evaluable | L48: 5 | U48: 2010 | V48: 515000 | BA48: 2011 | BB48: 535600
A49: La Entidad asignará cinco (5) puntos al Proponente que se comprometa con el diligenciamiento del “Formato 9 – Experiencia y formación académica adicional del Personal Clave Evaluable a acreditar que tienen una formación académica adicional a la definida en la “Matriz 4 – Lineamientos de requisitos del Personal” Es decir, si el requisito mínimo de formación académica es contar con un título profesional, se otorgará el puntaje a quien se obligue a presentar un título de posgrado, o si el requisito mínimo de formación académica es contar con un título de posgrado, se otorgará el puntaje a quien acredite un título de posgrado adicional. Para otorgar el puntaje bastará con diligenciar el “Formato 9 - Experiencia y formación académica adicional del Personal Clave Evaluable”. | L49: 5 | U49: 2010 | V49: 515000 | BA49: 2012 | BB49: 566700
U50: 2006 | V50: 408000 | BA50: 2013 | BB50: 589500
A51: 4.3 FACTOR DE SOSTENIBILIDAD. (1 PUNTO) / FORMATO 12 | U51: 2005 | V51: 381500 | BA51: 2014 | BB51: 616000
A52: La Entidad asignará un (1) punto al Proponente que se comprometa con el diligenciamiento del “Formato 12 – Factor de sostenibilidad”, a presentar sus entregables (comunicaciones, informes, memorias de cálculo, diseños por componentes, entre otros), siempre que aplique, en impresión a doble cara, asimismo utilizando papel que cuente con (i) el certificado en el Sello Ambiental Colombiano o (ii) reciclado o procedente de fuentes forestales sostenibles o naturales y estar libre de cloro elemental. De igual manera, y cuando el documento lo permita, se reutilizarán hojas ya usadas por una cara, por ejemplo, para evidencias de trabajo de campo. Adicionalmente, el Proponente deberá contar con una política de reciclaje y/o reutilización de residuos o desechos generados por el funcionamiento de la empresa u oficinas, para lo cual, en los informes de seguimiento establecidos por la Entidad, se deberá hacer alusión a los programas o estrategias de reciclaje y/o reutilización de residuos o desechos. Sobre este factor se exceptúan los entregables que correspondan a Medios Magnéticos o planos cuyo tamaño sobrepase el formato de papel “legal”. | L52: PUNTAJE ASIGNADO | U52: 2004 | V52: 358000 | BA52: 2015 | BB52: 644350
L53: 1 | U53: 2003 | V53: 332000 | BA53: 2016 | BB53: 689455
U54: 2000 | V54: 260100 | BA54: 2017 | BB54: 737717
A55: 4.4 APOYO A LA INDUSTRIA NACIONAL( MAX 20) / FORMATOS 7A O 7B | U55: 1999 | V55: 236438 | BA55: 2018 | BB55: 781242 | BD55: fecha de cierre del proceso | BE55: 30/11/2023
A56: SI OFRECE SERVICIOS NACIONALES | C56: 1. A los proponentes que ofrezcan servicios de origen nacional | L56: 20 | U56: 1998 | V56: 203825 | BA56: 2019 | BB56: 828116 | BC56: =+H21 -> JOSE ALBERTO ROJAS PRIETO | BD56: 23/11/2023 | BE56: ok
C57: 2. A los proponentes que ofrezcan servicios originarios de los paises con lo que Colombia a negociado trato nacional en materia de compras estatales. | U57: 1997 | V57: 172005 | BA57: 2019 | BB57: 828116 | BC57: =+H22 -> 0 | BD57: 45180 | BE57: ok
C58: 3. A los proponentes que ofrezcan servicios originarios de paises en los cuales aplica el principio de reciprocidad. | U58: 1996 | V58: 142125 | BA58: 2020 | BB58: 877803
C59: 4. A los proponentes que ofrezcan servicios de los paises en la comunidad andina de naciones (CAN), exceptuando las contrataciones por regimen especial para seguridad aerea. | U59: 1995 | V59: 118934 | BA59: 2021 | BB59: 908526
A60: SI SOLO OFRECE SERVICIOS EXTRANJEROS | C60: A los proponentes que incorporen servicios colombianos en servicios extranjeros * El oferente debera detallar el ofrecimiento. | U60: 1994 | V60: 98700 | BA60: 2022 | BB60: 1000000
U61: 2006 | V61: 408000 | BA61: 2023 | BB61: 1160000
A62: 10.6.1.6 (PLIEGO BASE) EMPRENDIMIENTOS Y EMPRESAS MUJERES / FORMATO 13VINCULACIÓN DE PERSONAS EN CONDICIÓN DE DISCAPACIDAD / FORMATO 6 | U62: 2005 | V62: 381500 | BA62: 2024 | BB62: 1300000
A63: La Entidad asignará un (1) punto al Proponente que acredite el número mínimo de personas en condición de discapacidad, de acuerdo con el número total de trabajadores de la planta de su personal, en los términos señalados en el artículo 2.2.1.2.4.2.6. del Decreto 1082 de 2015. Para esto debe: i) diligenciar el “Formato 6 – Vinculación de personas en condición de discapacidad suscrito por la persona natural, el representante legal o el revisor fiscal, según corresponda, en el cual certifique el número total de trabajadores vinculados a la planta de personal del Proponente, o el integrante del Proponente Plural, a la fecha de cierre del Proceso de Contratación, ii) acreditar el número mínimo de personas en condición de discapacidad en su planta de personal, de conformidad con lo señalado en el certificado expedido por el Ministerio de Trabajo, el cual deberá estar vigente a la fecha de cierre del Proceso de Contratación. Para los Proponentes Plurales, la Entidad tendrá en cuenta la planta de personal del integrante del Proponente Plural que aporte como mínimo el cuarenta por ciento (40 %) de la experiencia requerida para el Proceso de Contratación. Este porcentaje de experiencia se tomará sobre el “Valor mínimo a certificar (como % del Presupuesto Oficial expresado en SMMLV)” de conformidad con el numeral 3.8.1 del Pliego de Condiciones, sin importar si la experiencia es general o específica. Tratándose de los Proponentes Plurales, el “Formato 6 – Vinculación de personas en condición de discapacidad” debe suscribirlo el integrante del Proponente Plural, ya sea el representante legal o revisor fiscal, según corresponda, de la persona jurídica o la persona natural, siempre que dicho integrante aporte como mínimo el cuarenta por ciento (40 %) de la experiencia requerida para el Proceso de Contratación, y que además vincule el mínimo de trabajadores con discapacidad exigido en el Decreto 1082 de 2015. | L63: PUNTAJE ASIGNADO | U63: 2004 | V63: 358000
L64: 1 | U64: 2003 | V64: 332000
U65: 1993 | V65: 81510
A66: 10.6.1.7 (PLIEGO BASE) EMPRENDIMIENTOS Y EMPRESAS MUJERES / FORMATO 13
A67: La Entidad asignará un puntaje de cero punto veinticinco (0.25) puntos al Proponente que acredite la calidad de emprendimientos y empresas de mujeres con domicilio en el territorio nacional de conformidad con lo previsto en el artículo 2.2.1.2.4.2.14. del Decreto 1082 de 2015 o la norma que lo modifique, sustituya o complemente. Para que el Proponente obtenga este puntaje debe diligenciar el “Formato 13 – Acreditación de emprendimientos y empresas de mujeres” y aportar la documentación requerida. Tratándose de Proponentes Plurales, este puntaje solo se otorgará si por lo menos uno de los integrantes acredita la calidad de emprendimientos y empresas de mujeres y tiene una participación igual o superior al diez por ciento (10 %) en el Consorcio o en la Unión Temporal. | L67: 0
A74: 4.7 MIPYME DOMICILIADA EN COLOMBIA / RUP
A75: La Entidad otorgará un puntaje de cero punto veinticinco (0.25) puntos al Proponente que acredite la calidad de Mipyme domiciliada en Colombia, de conformidad con el artículo 2.2.1.2.4.2.4 del Decreto 1082 de 2015, en concordancia con el parágrafo del artículo 2.2.1.13.2.4 del Decreto 1074 de 2015, o la norma que lo modifique, complemente o sustituya. Así las cosas, para obtener el puntaje, el Proponente entregará copia del certificado del Registro Único de Proponentes (RUP), el cual deberá encontrarse vigente y en firme al momento de su presentación. Tratándose de Proponentes Plurales este puntaje se otorgará si por lo menos uno (1) de los integrantes acredita la calidad de Mipyme y tiene una participación igual o superior al diez por ciento (10 %) en el Consorcio o en la Unión Temporal. | L75: 0.25
A82: EVALUACION FINAL | H82: CUMPLE | L82: =+L64+L56+L53+L49+L48+L67+L75 -> 32.25 | U82: 1992 | V82: 65190
A83: OBSERVACIONES: | U83: 1991 | V83: 51720
A84: (1) EL PROPONENTE NO APORTA CONTRATOS QUE CUMPLAN CON LA EXPERIENCIA ESPECÍFICA. EL NUMERAL 4.1 FORMA DE VERIFICACIÓN Y ASIGNACIÓN DE PUNTAJE POR LA EXPERIENCIA DEL PROPONENTE, ESTABLECE QUE: "(...) La Entidad evaluará la experiencia del Proponente de acuerdo con los siguientes pasos: A. El Proponente cumplirá con la exigencia mínima de experiencia prevista en el numeral 3.8.1. del Pliego de Condiciones. De acuerdo con lo anterior, si el Proponente debió subsanar el cumplimiento de la experiencia mínima, para la asignación de puntaje no se tendrán en cuenta los contratos que hayan sido objeto de subsanación. ni para definir el promedio de los contratos válidos aportados que se refiere el literal B) de este numeral. (2) EL PROPONENTE NO APORTÓ EL FORMATO 13 del numeral 10.6.1.7 (PLIEGO BASE) EMPRENDIMIENTOS Y EMPRESAS MUJERES / FORMATO 13, por esta razón no tiene puntaje por este concepto. (3) En la etapa de subsanación allega un nuevo formulario 3 Experiencia, incluyendo un contrato nuevo el cual tiene por objeto: “INTERVENTORIA TECNICA Y ADMINISTRATIVA PARA LAS OBRAS DE CONSTRUCCIÓN DE LA CALLE DE RODAJE Y SU CONEXIÓN CON LA NUEVA PISTA EN EL AEROPUERTO SAN LUIS, IPIALES - DEPARTAMENTO DE NARIÑO. CONTRATO 1300280 - OJ- 2013”, ejecutado con la AEROCIVIL entre el 07/03/2014, y el 01/04/2016, se verificó en el RUP con el #39 que tiene un valor de 3.423,91 smmlv, fue ejecutado en consorcio con una participación del proponente del 40%. Verificada la certificación de la AEROCIVIL aportada, se evidencia que el contrato cumple con la experiencia específica solicitada en este proceso, por lo que se subsana por este concepto y el proponente cumple por experiencia. Lo anterior sin perjuicio de lo dispuesto en el DOCUMENTO BASE, numeral 3.8.1 EXIGENCIA MÍNIMA DE LA EXPERIENCIA DEL PROPONENTE, establece que: “(…) En caso de que con los contratos aportados no se acrediten los requisitos exigidos en los dos párrafos anteriores, la Entidad solicitará al Proponente que subsane su oferta en los términos del numeral 1.6 del Pliego de Condiciones. Si el Proponente subsana el requisito mínimo de experiencia se habilitará en el Proceso de Contratación, pero no se tendrán en cuenta estos contratos para la asignación del puntaje. En otras palabras, el otorgamiento de puntaje se realizará con los contratos válidos allegados en su oferta y que no fueron objeto de subsanación por parte del Proponente (…)” -El subrayado es nuestro- (4) INHABILITADO POR JURIDICA | U84: 1990 | V84: 41025
A97: Chequeo incial Presupuesto
A98: PANTALLAZO SOBRE SECOP II- DEL VALOR EDITADO POR EL OFERENTE, QUE DEBE COICIDIR CON EL VALOR TOTAL DEL PRESUPUESTO OFICIAL | F98: PANTALLAZO TOTAL PRESUPUESTO OFICIAL
N99: CUMPLE
A100: K. Que el valor total de la oferta exceda el Presupuesto Oficial estimado para el Proceso de Contratación y no se subsane ese defecto. L. Que la oferta económica supere el valor por etapas y no se subsane ese defecto.
B101: VERIFICACIÓN VALOR FASES /SUBTOTALES | E101: VALOR PRESUPUESTO OFICIAL | F101: INSERTAR VALOR OFERTA ECONOMICA PROPONENTE | G101: CAUSAL DE RECHAZO???
A102: 1 | B102: FASE I. APROPIACIÓN DE ESTUDIOS | E102: 16065000 | F102: 16065000 | G102: =+IF(F102>E102, "CAUSAL DE RECHAZO M", "CUMPLE") -> CUMPLE | H102: CUMPLE
A103: 2 | B103: FASE II. MEJORAMIENTO FRANJAS SEGURIDAD PISTA | E103: 376740000 | F103: 376740000 | G103: =+IF(F103>E103, "CAUSAL DE RECHAZO M", "CUMPLE") -> CUMPLE | H103: CUMPLE
A104: 3 | B104: COSTOS INDIRECTOS | E104: 105000000 | F104: 105000000 | G104: =+IF(F104>E104, "CAUSAL DE RECHAZO M", "CUMPLE") -> CUMPLE | H104: CUMPLE
A105: 4 | B105: GASTOS REEMBOLSABLES | E105: 77258613 | F105: 77258613 | G105: =+IF(F105>E105, "CAUSAL DE RECHAZO M", "CUMPLE") -> CUMPLE | H105: CUMPLE
A106: 5 | B106: VALOR TOTAL INCLUYE IVA | E106: 684325699 | F106: 684325699 | G106: =+IF(F106>E106, "CAUSAL DE RECHAZO L", "CUMPLE") -> CUMPLE | H106: CUMPLE
E107: EVALUACION GENERAL DE OFERTA ECONOMICA | H107: =+IF(OR(H102="NO CUMPLE",H103="NO CUMPLE",H104="NO CUMPLE",H106="NO CUMPLE"), "NO CUMPLE", "CUMPLE") -> CUMPLE
B109: CAUSALES DE RECHAZO

Sheet 2
A1: UNIDAD ADMINISTRATIVA ESPECIAL DE AERONAUTICA CIVIL | T1: 1 | U1: 20 | V1: 5
A2: 23001244 H3 DE 2023 | P2: SI | Q2: CUMPLE | R2: SI | T2: 0 | U2: 5 | V2: 0
A3: =RESUMEN!B4 -> Proceso 23001299 H3. REALIZAR LA INTERVENTORIA INTEGRAL AL MEJORAMIENTO DE LAS FRANJAS DE SEGURIDAD DE PISTA DEL AEROPUERTO ANTONIO NARIÑO DE PASTO, NARIÑO (VF). | P3: NO | Q3: NO CUMPLE | R3: NO | T3: NO APORTA | U3: 0
A4: Entregó o anexó poliza de seriedad de la oferta | H4: CUMPLE
A5: Entregó o anexó formato 1 - CARTA DE PRESENTACION DE LA OFERTA | H5: CUMPLE
A6: Entregó o anexó formato 2 - CONFORMACION DEL PROPONENTE | H6: CUMPLE
A7: Entregó o anexó formato 3 - EXPERIENCIA (EXCEL) | H7: CUMPLE
A8: Entregó o anexó formato 4 - CAPACIDAD FINANCIERA Y ORGANIZACIONAL
A9: Entregó o anexó formato 5 - PAGO DE SEGURIDAD SOCIAL
A10: Entregó o anexó formato 6 - VINCULACIÓN DE PERSONAL CON DISCAPACIDAD | H10: CUMPLE
A11: Entregó o anexó formato 7 - PUNTAJE INDUSTRIA NACIONAL | H11: CUMPLE
A12: Entregó o anexó formato 8 - ACEPTACIÓN UY CUMPLIMIENTO PERSONAL CLAVE EVALUABLE | H12: CUMPLE
A13: Entregó o anexó formato 9 - EXPERIENCIA Y FORMACION PERSONAL CLAVE EVALUABLE | H13: CUMPLE
A14: Entregó o anexó formato 10 - AUTORIZACIÓN TRATAMIENTO DE DATOS PERSONALES
A15: Entregó o anexó formato 13 - ACREDITACIÓN EMPRENDIMIENTO Y EMPRESAS MUJERES | H15: CUMPLE
A16: Entregó o anexó formato 13 - EMPRENDIMIENTO MIPYME | H16: CUMPLE
A18: EVALUACIÓN Y ASIGNACION DE PUNTAJES
A19: 2 | B19: CONSORCIO METRO CINCO | H19: APORTANTE DE LA EXPERIENCIA | K19: 10.1.2 CONSIDERACIONES PARA LA VALIDEZ DE LA EXPERIENCIA DEL PROPONENTE | O19: =+H19 -> APORTANTE DE LA EXPERIENCIA | Q19: 5
H20: INTEGRANTE | J20: PORCENTAJE DE PARTICIPACION | K20: CONDICIONES DE LA EXPERIENCIA | N20: SI / NO | Q20: NO APORTA | BA20: NIT
H21: GRUPO METRO COLOMBIA SAS | J21: 0.9 | K21: CONDICION 1: MIN 50% DE LA EXPERIENCIA | N21: SI | O21: =+H21 -> GRUPO METRO COLOMBIA SAS | Q21: 0 | V21: =+H21 -> GRUPO METRO COLOMBIA SAS
H22: OSCAR ALFREDO MONTOYA CASTRO | J22: 0.1 | K22: CONDICION 2: MIN 5% DE LA EXPERIENCIA CADA INTEGRANTE | N22: SI | O22: =+H22 -> OSCAR ALFREDO MONTOYA CASTRO | V22: =+H22 -> OSCAR ALFREDO MONTOYA CASTRO
K23: CONDICION 3: SOLO 1 INTEGRANTE NO PRESENTA EXPERIENCIA Y SU PARTICIPACION ES MAX 10% (SI APLICA) | N23: SI | O23: =+H23 -> 0 | Q23: SUBSANAR | V23: =+H23 -> 0
K24: CUMPLE / NO CUMPLE | N24: CUMPLE | O24: =+H24 -> 0 | Q24: CUMPLE | V24: =+H24 -> 0
O25: =+H25 -> 0 | Q25: NO CUMPLE | V25: =+H25 -> 0
H26: TOTAL | J26: =+J21+J22+J23+J24+J25 -> 1 | BA26: 0.5
A27: CODIGOS | B27: 81101500, 80101600 | H27: PRESUPUESTO OFICIAL | J27: 684325699 | L27: =J27/BB62 -> 526.40438 | BA27: =+L27*0.5 -> 263.20219
BA28: AÑO | BB28: SMMLV
A29: 10.1 ACREDITACIÓN DE LA EXPERIENCIA DEL PROPONENTE | BA29: 1990 | BB29: 41025
A30: 10.1.1 CARACTERÍSTICAS DE LOS CONTRATOS PRESENTADOS PARA ACREDITAR LA EXPERIENCIA DEL PROPONENTE | BA30: 1991 | BB30: 51716
A31: EXPERIENCIA GENERAL: El proponente podrá acreditar hasta cinco (5) contratos registrados en el RUP e identificados en al menos uno (1) de los códigos UNSPSC requeridos en la experiencia general; que sumados su valor total, expresado en SMMLV, sea igual o mayor al cien por ciento (100%) del presupuesto oficial, y cuyo objeto, actividades u obligaciones contractuales esté relacionadas con: “INTERVENTORÍA A OBRAS DE CONSTRUCCIÓN O RECONSTRUCCIÓN O AMPLIACIÓN O MEJORAMIENTO O MANTENIMIENTO O REHABILITACIÓN O CONSERVACIÓN DE: VÍAS PRIMARIAS O PISTAS DE AERODROMOS O CALLES DE RODAJE DE AERODROMOS O PLATAFORMAS DE AERÓDROMOS O FRANJAS DE SEGURIDAD, DICHAS OBRAS DEBEN CONTENER LA EJECUCION DE PAVIMENTO ASFÁLTICO O PAVIMENTO EN CONCRETO HIDRÁULICO” | H31: EXPERIENCIA ESPECIFICA: “Por lo menos uno (1) de los contratos válidos aportados como experiencia general debe acreditar: INTERVENTORÍA A OBRAS DE CONSTRUCCIÓN O RECONSTRUCCIÓN O AMPLIACIÓN O REHABILITACIÓN DE: PISTAS DE AERODROMOS O CALLES DE RODAJE DE AERODROMOS O PLATAFORMAS DE AERÓDROMOS, DICHAS OBRAS DEBEN CONTENER LA EJECUCION DE PAVIMENTO ASFÁLTICO O PAVIMENTO EN CONCRETO HIDRÁULICO, cuyo valor sea igual o mayor al 50% del valor del PRESUPUESTO OFICIAL (PO) del presente Proceso de Contratación.” Tratándose de Proponentes Plurales se tendrá en cuenta lo siguiente: i) uno de los integrantes debe aportar como mínimo el cincuenta por ciento (50 %) de la experiencia solicitada; ii) los demás integrantes deben acreditar al menos el cinco por ciento (5 %) de la experiencia solicitada; y iii) sin perjuicio de lo anterior, solo uno (1) de los integrantes, si así lo considera pertinente, podrá no demostrar experiencia. En este último caso, el porcentaje de participación del integrante que no aporta experiencia en la estructura plural no podrá superar el diez por ciento (10%). | BA31: 1993 | BB31: 81510
A32: CODIGOS DE LOS CTOS PRESENTADOS | B32: CTO´S | C32: No. CONSECUTIVO EN EL RUP | D32: CONTRATANTE | E32: OBJETO DEL CONTRATO | F32: CUMPLE CODIGOS? | G32: CUMPLE EXPERIENCIA? | H32: QUIEN APORTA LA EXPERIENCIA? | I32: AÑO DE INICIO DEL CONTRATO | J32: AÑO DE TERMINACION DEL CONTRATO | K32: VALOR TOTAL SMMLV - RUP | L32: % PARTICIPACION | M32: VALOR TOTAL AFECTADO | N32: CUMPLE / NO CUMPLE | Q32: =L27/2 -> 263.20219 | R32: 50% PO | BA32: 1994 | BB32: 98700
A33: 81101500, 80101600 | B33: 1 | C33: 28 | D33: AEROCIVIL | E33: INTERVENTORÍA TÉCNICA Y ADMINISTRATIVA PARA LA CONSTRUCCIÓN DE LA PLATAFORMA DEL AEROPUERTO PERALES DE IBAGUE. | F33: CUMPLE | G33: CUMPLE | H33: GRUPO METRO COLOMBIA SAS | I33: 41183 | J33: 41377 | K33: 723 | L33: 0.65 | M33: =IF(AND(F33="CUMPLE",G33="CUMPLE"),(K33*L33),0) -> 469.95 | N33: CUMPLE | Q33: =+IF(OR(N33="CUMPLE")*AND(M33>=$Q$32),"CUMPLE","NO CUMPLE") -> CUMPLE | U33: 2021 | V33: 908526 | BA33: 1995 | BB33: 118933.5
A34: 81101500, 80101600 | B34: 2 | C34: 100 | D34: AEROCIVIL | E34: REALIZAR LA INTERVENTORÍA INTEGRAL A LA REHABILITACIÓN DE LA PISTA Y CALLES DE RODAJE - ADECUACIÓN DE LAS ZONAS DE SEGURIDAD Y MANTENIMIENTO RUTINARIO DE LAS ÁREAS LADO AIRE Y LADO TIERRA DEL AEROPUERTO YARIGUIES DE BARRANCABERMEJA, SANTANDER. | F34: CUMPLE | G34: CUMPLE | H34: GRUPO METRO COLOMBIA SAS | I34: 43822 | J34: 44772 | K34: 2711.8 | L34: 1 | M34: =IF(AND(F34="CUMPLE",G34="CUMPLE"),(K34*L34),0) -> 2711.8 | N34: CUMPLE | Q34: =+IF(OR(N34="CUMPLE")*AND(M34>=$Q$32),"CUMPLE","NO CUMPLE") -> CUMPLE | U34: 2020 | V34: 877803 | BA34: 1996 | BB34: 142125
Q35: =+IF(OR(N35="CUMPLE")*AND(M35>=$Q$32),"CUMPLE","NO CUMPLE") -> NO CUMPLE | U35: 2019 | V35: 828116 | BA35: 1997 | BB35: 172005
Q36: =+IF(OR(N36="CUMPLE")*AND(M36>=$Q$32),"CUMPLE","NO CUMPLE") -> NO CUMPLE | U36: 2018 | V36: 781242 | BA36: 1998 | BB36: 203826 | BC36: DISCAPACIDAD | BD36: APORTA
Q37: =+IF(OR(N37="CUMPLE")*AND(M37>=$Q$32),"CUMPLE","NO CUMPLE") -> NO CUMPLE | U37: 2017 | V37: 737717 | BA37: 1999 | BB37: 236460 | BC37: 0.4 | BD37: GRUPO METRO COLOMBIA SAS
A38: EVALUACION EXPERIENCIA GENERAL PROPONENTE | E38: SUMATORIA | M38: =SUM(M33:M37) -> 3181.75 | BA38: 2002 | BB38: 309000 | BC38: =M38*0.4 -> 1272.7 | BD38: SMMLV
E39: PROMEDIO | M39: =AVERAGEIF(M33:M37,">0") -> 1590.875 | BA39: 2003 | BB39: 332000 | BD39: SI CUMPLE
A40: EXP ESPECIFICA 50%= | C40: =+BA27 -> 263.20219 | D40: =+E34 -> REALIZAR LA INTERVENTORÍA INTEGRAL A LA REHABILITACIÓN DE LA PISTA Y CALLES DE RODAJE - ADECUACIÓN DE LAS ZONAS DE SEGURIDAD Y MANTENIMIENTO RUTINARIO DE LAS ÁREAS LADO AIRE Y LADO TIERRA DEL AEROPUERTO YARIGUIES DE BARRANCABERMEJA, SANTANDER. | F40: =+F34 -> CUMPLE | G40: =+G34 -> CUMPLE | H40: =+H34 -> GRUPO METRO COLOMBIA SAS | I40: =+I34 -> 43822 | J40: =+J34 -> 44772 | K40: =+K34 -> 2711.8 | L40: =+L34 -> 1 | M40: =+M34 -> 2711.8 | N40: =+IF(M40>=C40,"CUMPLE","NO CUMPLE") -> CUMPLE | Q40: =+IF(OR(N40="CUMPLE")*AND(M40>=$Q$32),"CUMPLE","NO CUMPLE") -> CUMPLE | U40: 2016 | V40: 689455 | BA40: 2004 | BB40: 358000
U41: 2012 | V41: 566700 | BA41: 2005 | BB41: 381500
A43: 10.6.1.3 EQUIPO DE TRABAJO (Personal Clave Evaluable) FORMATO 8 | L43: PUNTAJE ASIGNADO | U43: 2008 | V43: 461500 | BA43: 2006 | BB43: 408000
A44: I. Aportar y diligenciar en forma clara, completa, correcta y legible el “Formato 8 - Aceptación y cumplimiento de la formación académica y la experiencia del personal clave evaluable”, de acuerdo con los requisitos y condiciones que allí se indican y demás señaladas en el Pliego de Condiciones y sus documentos anexos. II. El “Formato 8 – Aceptación y cumplimiento de la formación académica y la experiencia del personal clave evaluable” debe suscribirlo el Proponente persona natural, representante legal de la persona jurídica o representante del Proponente Plural. Para los fines de este numeral se entiende por Personal Clave Evaluable los siguientes perfiles: • Un (1) Director de Interventoría (Ingeniero Civil o Arquitecto) • Un (1) Residente de interventoría (Ingeniero Civil o Arquitecto) CAUSAL DE RECHAZO: LITERAL N. No presentar el “Formato 8 – Aceptación y cumplimiento de la formación y la experiencia del Personal Clave Evaluable” y no subsanar su entrega, en los términos de los numerales “1.6 Reglas de subsanabilidad, explicaciones y aclaraciones” y "3.8.2 Exigencias mínimas de experiencia y formación académica del equipo de trabajo – Personal Clave Evaluable” del Pliego de Condiciones. | L44: CUMPLE | U44: 2007 | V44: 433700 | BA44: 2007 | BB44: 433700 | BC44: V
U45: 2009 | V45: 496900 | BA45: 2008 | BB45: 461500
A46: 3.8.2 (PLIEGO) EXIGENCIAS MÍNIMAS DE EXPERIENCIA Y FORMACIÓN ACADÉMICA DEL EQUIPO DE TRABAJO (Personal Clave Evaluable) | U46: 2011 | V46: 535600 | BA46: 2009 | BB46: 496900
A47: EXPERIENCIA CALVE EVALUABLE ADICIONAL (5 PUNTOS) Y 4.2.2 FORMACIÓN ACADÉMICA ADICIONAL / FORMATO 9 | L47: PUNTAJE ASIGNADO | BA47: 2010 | BB47: 515000
A48: La Entidad asignará cinco (5) puntos al Proponente que se comprometa con el diligenciamiento del “Formato 9 - Experiencia y formación académica adicional del Personal Clave Evaluable” a acreditar que [cada uno de los integrantes que conforman el Personal Clave Evaluable: i) el Director de Interventoría y el Residente de interventoría tienen un (1) año de experiencia específica adicional a la definida en la “Matriz 4 – Lineamientos de requisitos del Personal”. Para otorgar el puntaje basta con diligenciar el “Formato 9 - Experiencia y formación académica adicional del Personal Clave Evaluable | L48: 5 | U48: 2010 | V48: 515000 | BA48: 2011 | BB48: 535600
A49: La Entidad asignará cinco (5) puntos al Proponente que se comprometa con el diligenciamiento del “Formato 9 – Experiencia y formación académica adicional del Personal Clave Evaluable a acreditar que tienen una formación académica adicional a la definida en la “Matriz 4 – Lineamientos de requisitos del Personal” Es decir, si el requisito mínimo de formación académica es contar con un título profesional, se otorgará el puntaje a quien se obligue a presentar un título de posgrado, o si el requisito mínimo de formación académica es contar con un título de posgrado, se otorgará el puntaje a quien acredite un título de posgrado adicional. Para otorgar el puntaje bastará con diligenciar el “Formato 9 - Experiencia y formación académica adicional del Personal Clave Evaluable”. | L49: 5 | U49: 2010 | V49: 515000 | BA49: 2012 | BB49: 566700
U50: 2006 | V50: 408000 | BA50: 2013 | BB50: 589500
A51: 4.3 FACTOR DE SOSTENIBILIDAD. (1 PUNTO) / FORMATO 12 | U51: 2005 | V51: 381500 | BA51: 2014 | BB51: 616000
A52: La Entidad asignará un (1) punto al Proponente que se comprometa con el diligenciamiento del “Formato 12 – Factor de sostenibilidad”, a presentar sus entregables (comunicaciones, informes, memorias de cálculo, diseños por componentes, entre otros), siempre que aplique, en impresión a doble cara, asimismo utilizando papel que cuente con (i) el certificado en el Sello Ambiental Colombiano o (ii) reciclado o procedente de fuentes forestales sostenibles o naturales y estar libre de cloro elemental. De igual manera, y cuando el documento lo permita, se reutilizarán hojas ya usadas por una cara, por ejemplo, para evidencias de trabajo de campo. Adicionalmente, el Proponente deberá contar con una política de reciclaje y/o reutilización de residuos o desechos generados por el funcionamiento de la empresa u oficinas, para lo cual, en los informes de seguimiento establecidos por la Entidad, se deberá hacer alusión a los programas o estrategias de reciclaje y/o reutilización de residuos o desechos. Sobre este factor se exceptúan los entregables que correspondan a Medios Magnéticos o planos cuyo tamaño sobrepase el formato de papel “legal”. | L52: PUNTAJE ASIGNADO | U52: 2004 | V52: 358000 | BA52: 2015 | BB52: 644350
L53: 1 | U53: 2003 | V53: 332000 | BA53: 2016 | BB53: 689455
U54: 2000 | V54: 260100 | BA54: 2017 | BB54: 737717
A55: 4.4 APOYO A LA INDUSTRIA NACIONAL( MAX 20) / FORMATOS 7A O 7B | U55: 1999 | V55: 236438 | BA55: 2018 | BB55: 781242 | BD55: fecha de cierre del proceso | BE55: 30/11/2023
A56: SI OFRECE SERVICIOS NACIONALES | C56: 1. A los proponentes que ofrezcan servicios de origen nacional | L56: 20 | U56: 1998 | V56: 203825 | BA56: 2019 | BB56: 828116 | BC56: =+H21 -> GRUPO METRO COLOMBIA SAS | BD56: 23/11/2023 | BE56: ok
C57: 2. A los proponentes que ofrezcan servicios originarios de los paises con lo que Colombia a negociado trato nacional en materia de compras estatales. | U57: 1997 | V57: 172005 | BA57: 2019 | BB57: 828116 | BC57: =+H22 -> OSCAR ALFREDO MONTOYA CASTRO | BD57: 45180 | BE57: ok
C58: 3. A los proponentes que ofrezcan servicios originarios de paises en los cuales aplica el principio de reciprocidad. | U58: 1996 | V58: 142125 | BA58: 2020 | BB58: 877803
C59: 4. A los proponentes que ofrezcan servicios de los paises en la comunidad andina de naciones (CAN), exceptuando las contrataciones por regimen especial para seguridad aerea. | U59: 1995 | V59: 118934 | BA59: 2021 | BB59: 908526
A60: SI SOLO OFRECE SERVICIOS EXTRANJEROS | C60: A los proponentes que incorporen servicios colombianos en servicios extranjeros * El oferente debera detallar el ofrecimiento. | U60: 1994 | V60: 98700 | BA60: 2022 | BB60: 1000000
U61: 2006 | V61: 408000 | BA61: 2023 | BB61: 1160000
A62: 10.6.1.6 (PLIEGO BASE) EMPRENDIMIENTOS Y EMPRESAS MUJERES / FORMATO 13VINCULACIÓN DE PERSONAS EN CONDICIÓN DE DISCAPACIDAD / FORMATO 6 | U62: 2005 | V62: 381500 | BA62: 2024 | BB62: 1300000
A63: La Entidad asignará un (1) punto al Proponente que acredite el número mínimo de personas en condición de discapacidad, de acuerdo con el número total de trabajadores de la planta de su personal, en los términos señalados en el artículo 2.2.1.2.4.2.6. del Decreto 1082 de 2015. Para esto debe: i) diligenciar el “Formato 6 – Vinculación de personas en condición de discapacidad suscrito por la persona natural, el representante legal o el revisor fiscal, según corresponda, en el cual certifique el número total de trabajadores vinculados a la planta de personal del Proponente, o el integrante del Proponente Plural, a la fecha de cierre del Proceso de Contratación, ii) acreditar el número mínimo de personas en condición de discapacidad en su planta de personal, de conformidad con lo señalado en el certificado expedido por el Ministerio de Trabajo, el cual deberá estar vigente a la fecha de cierre del Proceso de Contratación. Para los Proponentes Plurales, la Entidad tendrá en cuenta la planta de personal del integrante del Proponente Plural que aporte como mínimo el cuarenta por ciento (40 %) de la experiencia requerida para el Proceso de Contratación. Este porcentaje de experiencia se tomará sobre el “Valor mínimo a certificar (como % del Presupuesto Oficial expresado en SMMLV)” de conformidad con el numeral 3.8.1 del Pliego de Condiciones, sin importar si la experiencia es general o específica. Tratándose de los Proponentes Plurales, el “Formato 6 – Vinculación de personas en condición de discapacidad” debe suscribirlo el integrante del Proponente Plural, ya sea el representante legal o revisor fiscal, según corresponda, de la persona jurídica o la persona natural, siempre que dicho integrante aporte como mínimo el cuarenta por ciento (40 %) de la experiencia requerida para el Proceso de Contratación, y que además vincule el mínimo de trabajadores con discapacidad exigido en el Decreto 1082 de 2015. | L63: PUNTAJE ASIGNADO | U63: 2004 | V63: 358000
L64: 1 | U64: 2003 | V64: 332000
U65: 1993 | V65: 81510
A66: 10.6.1.7 (PLIEGO BASE) EMPRENDIMIENTOS Y EMPRESAS MUJERES / FORMATO 13
A67: La Entidad asignará un puntaje de cero punto veinticinco (0.25) puntos al Proponente que acredite la calidad de emprendimientos y empresas de mujeres con domicilio en el territorio nacional de conformidad con lo previsto en el artículo 2.2.1.2.4.2.14. del Decreto 1082 de 2015 o la norma que lo modifique, sustituya o complemente. Para que el Proponente obtenga este puntaje debe diligenciar el “Formato 13 – Acreditación de emprendimientos y empresas de mujeres” y aportar la documentación requerida. Tratándose de Proponentes Plurales, este puntaje solo se otorgará si por lo menos uno de los integrantes acredita la calidad de emprendimientos y empresas de mujeres y tiene una participación igual o superior al diez por ciento (10 %) en el Consorcio o en la Unión Temporal. | L67: 0.25
A74: 4.7 MIPYME DOMICILIADA EN COLOMBIA / RUP
A75: La Entidad otorgará un puntaje de cero punto veinticinco (0.25) puntos al Proponente que acredite la calidad de Mipyme domiciliada en Colombia, de conformidad con el artículo 2.2.1.2.4.2.4 del Decreto 1082 de 2015, en concordancia con el parágrafo del artículo 2.2.1.13.2.4 del Decreto 1074 de 2015, o la norma que lo modifique, complemente o sustituya. Así las cosas, para obtener el puntaje, el Proponente entregará copia del certificado del Registro Único de Proponentes (RUP), el cual deberá encontrarse vigente y en firme al momento de su presentación. Tratándose de Proponentes Plurales este puntaje se otorgará si por lo menos uno (1) de los integrantes acredita la calidad de Mipyme y tiene una participación igual o superior al diez por ciento (10 %) en el Consorcio o en la Unión Temporal. | L75: 0.25
A82: EVALUACION FINAL | H82: CUMPLE | L82: =+L64+L56+L53+L49+L48+L67+L75 -> 32.5 | U82: 1992 | V82: 65190
A83: OBSERVACIONES: | U83: 1991 | V83: 51720
A84: (1) LA ACREDITACIÓN DE TRABAJADORES CON DISCAPACIDADLA HACE EL CONSORCIADO GRUPO METRO COLOMBIA SA, QUIENES APORTAN TODA LA EXPERIENCIA. | U84: 1990 | V84: 41025
A97: Chequeo incial Presupuesto
A98: PANTALLAZO SOBRE SECOP II- DEL VALOR EDITADO POR EL OFERENTE, QUE DEBE COICIDIR CON EL VALOR TOTAL DEL PRESUPUESTO OFICIAL | F98: PANTALLAZO TOTAL PRESUPUESTO OFICIAL
N99: CUMPLE
A100: K. Que el valor total de la oferta exceda el Presupuesto Oficial estimado para el Proceso de Contratación y no se subsane ese defecto. L. Que la oferta económica supere el valor por etapas y no se subsane ese defecto.
B101: VERIFICACIÓN VALOR FASES /SUBTOTALES | E101: VALOR PRESUPUESTO OFICIAL | F101: INSERTAR VALOR OFERTA ECONOMICA PROPONENTE | G101: CAUSAL DE RECHAZO???
A102: 1 | B102: FASE I. APROPIACIÓN DE ESTUDIOS | E102: 16065000 | F102: 16065000 | G102: =+IF(F102>E102, "CAUSAL DE RECHAZO M", "CUMPLE") -> CUMPLE | H102: CUMPLE
A103: 2 | B103: FASE II. MEJORAMIENTO FRANJAS SEGURIDAD PISTA | E103: 376740000 | F103: 376740000 | G103: =+IF(F103>E103, "CAUSAL DE RECHAZO M", "CUMPLE") -> CUMPLE | H103: CUMPLE
A104: 3 | B104: COSTOS INDIRECTOS | E104: 105000000 | F104: 105000000 | G104: =+IF(F104>E104, "CAUSAL DE RECHAZO M", "CUMPLE") -> CUMPLE | H104: CUMPLE
A105: 4 | B105: GASTOS REEMBOLSABLES | E105: 77258613 | F105: 77258613 | G105: =+IF(F105>E105, "CAUSAL DE RECHAZO M", "CUMPLE") -> CUMPLE | H105: CUMPLE
A106: 5 | B106: VALOR TOTAL INCLUYE IVA | E106: 684325699 | F106: 684325699 | G106: =+IF(F106>E106, "CAUSAL DE RECHAZO L", "CUMPLE") -> CUMPLE | H106: CUMPLE
E107: EVALUACION GENERAL DE OFERTA ECONOMICA | H107: =+IF(OR(H102="NO CUMPLE",H103="NO CUMPLE",H104="NO CUMPLE",H106="NO CUMPLE"), "NO CUMPLE", "CUMPLE") -> CUMPLE
B109: CAUSALES DE RECHAZO

Sheet 3
A1: UNIDAD ADMINISTRATIVA ESPECIAL DE AERONAUTICA CIVIL | T1: 1 | U1: 20 | V1: 5
A2: 23001244 H3 DE 2023 | P2: SI | Q2: CUMPLE | R2: SI | T2: 0 | U2: 5 | V2: 0
A3: =RESUMEN!B4 -> Proceso 23001299 H3. REALIZAR LA INTERVENTORIA INTEGRAL AL MEJORAMIENTO DE LAS FRANJAS DE SEGURIDAD DE PISTA DEL AEROPUERTO ANTONIO NARIÑO DE PASTO, NARIÑO (VF). | P3: NO | Q3: NO CUMPLE | R3: NO | T3: NO APORTA | U3: 0
A4: Entregó o anexó poliza de seriedad de la oferta | H4: CUMPLE
A5: Entregó o anexó formato 1 - CARTA DE PRESENTACION DE LA OFERTA | H5: CUMPLE
A6: Entregó o anexó formato 2 - CONFORMACION DEL PROPONENTE | H6: CUMPLE
A7: Entregó o anexó formato 3 - EXPERIENCIA (EXCEL) | H7: CUMPLE
A8: Entregó o anexó formato 4 - CAPACIDAD FINANCIERA Y ORGANIZACIONAL
A9: Entregó o anexó formato 5 - PAGO DE SEGURIDAD SOCIAL
A10: Entregó o anexó formato 6 - VINCULACIÓN DE PERSONAL CON DISCAPACIDAD | H10: CUMPLE
A11: Entregó o anexó formato 7 - PUNTAJE INDUSTRIA NACIONAL | H11: CUMPLE
A12: Entregó o anexó formato 8 - ACEPTACIÓN UY CUMPLIMIENTO PERSONAL CLAVE EVALUABLE | H12: CUMPLE
A13: Entregó o anexó formato 9 - EXPERIENCIA Y FORMACION PERSONAL CLAVE EVALUABLE | H13: CUMPLE
A14: Entregó o anexó formato 10 - AUTORIZACIÓN TRATAMIENTO DE DATOS PERSONALES
A15: Entregó o anexó formato 13 - ACREDITACIÓN EMPRENDIMIENTO Y EMPRESAS MUJERES | H15: CUMPLE
A16: Entregó o anexó formato 13 - EMPRENDIMIENTO MIPYME | H16: CUMPLE
A18: EVALUACIÓN Y ASIGNACION DE PUNTAJES
A19: 3 | B19: ELSA TORRES ARENALES | H19: APORTANTE DE LA EXPERIENCIA | K19: 10.1.2 CONSIDERACIONES PARA LA VALIDEZ DE LA EXPERIENCIA DEL PROPONENTE | O19: =+H19 -> APORTANTE DE LA EXPERIENCIA | Q19: 5
H20: INTEGRANTE | J20: PORCENTAJE DE PARTICIPACION | K20: CONDICIONES DE LA EXPERIENCIA | N20: SI / NO | Q20: NO APORTA | BA20: NIT
H21: ELSA TORRES ARENALES | J21: 1 | K21: CONDICION 1: MIN 50% DE LA EXPERIENCIA | N21: SI | O21: =+H21 -> ELSA TORRES ARENALES | Q21: 0 | V21: =+H21 -> ELSA TORRES ARENALES
K22: CONDICION 2: MIN 5% DE LA EXPERIENCIA CADA INTEGRANTE | N22: SI | O22: =+H22 -> 0 | V22: =+H22 -> 0
K23: CONDICION 3: SOLO 1 INTEGRANTE NO PRESENTA EXPERIENCIA Y SU PARTICIPACION ES MAX 10% (SI APLICA) | N23: SI | O23: =+H23 -> 0 | Q23: SUBSANAR | V23: =+H23 -> 0
K24: CUMPLE / NO CUMPLE | N24: CUMPLE | O24: =+H24 -> 0 | Q24: CUMPLE | V24: =+H24 -> 0
O25: =+H25 -> 0 | Q25: NO CUMPLE | V25: =+H25 -> 0
H26: TOTAL | J26: =+J21+J22+J23+J24+J25 -> 1 | BA26: 0.5
A27: CODIGOS | B27: 81101500, 80101600 | H27: PRESUPUESTO OFICIAL | J27: 684325699 | L27: =J27/BB62 -> 526.40438 | BA27: =+L27*0.5 -> 263.20219
BA28: AÑO | BB28: SMMLV
A29: 10.1 ACREDITACIÓN DE LA EXPERIENCIA DEL PROPONENTE | BA29: 1990 | BB29: 41025
A30: 10.1.1 CARACTERÍSTICAS DE LOS CONTRATOS PRESENTADOS PARA ACREDITAR LA EXPERIENCIA DEL PROPONENTE | BA30: 1991 | BB30: 51716
A31: EXPERIENCIA GENERAL: El proponente podrá acreditar hasta cinco (5) contratos registrados en el RUP e identificados en al menos uno (1) de los códigos UNSPSC requeridos en la experiencia general; que sumados su valor total, expresado en SMMLV, sea igual o mayor al cien por ciento (100%) del presupuesto oficial, y cuyo objeto, actividades u obligaciones contractuales esté relacionadas con: “INTERVENTORÍA A OBRAS DE CONSTRUCCIÓN O RECONSTRUCCIÓN O AMPLIACIÓN O MEJORAMIENTO O MANTENIMIENTO O REHABILITACIÓN O CONSERVACIÓN DE: VÍAS PRIMARIAS O PISTAS DE AERODROMOS O CALLES DE RODAJE DE AERODROMOS O PLATAFORMAS DE AERÓDROMOS O FRANJAS DE SEGURIDAD, DICHAS OBRAS DEBEN CONTENER LA EJECUCION DE PAVIMENTO ASFÁLTICO O PAVIMENTO EN CONCRETO HIDRÁULICO” | H31: EXPERIENCIA ESPECIFICA: “Por lo menos uno (1) de los contratos válidos aportados como experiencia general debe acreditar: INTERVENTORÍA A OBRAS DE CONSTRUCCIÓN O RECONSTRUCCIÓN O AMPLIACIÓN O REHABILITACIÓN DE: PISTAS DE AERODROMOS O CALLES DE RODAJE DE AERODROMOS O PLATAFORMAS DE AERÓDROMOS, DICHAS OBRAS DEBEN CONTENER LA EJECUCION DE PAVIMENTO ASFÁLTICO O PAVIMENTO EN CONCRETO HIDRÁULICO, cuyo valor sea igual o mayor al 50% del valor del PRESUPUESTO OFICIAL (PO) del presente Proceso de Contratación.” Tratándose de Proponentes Plurales se tendrá en cuenta lo siguiente: i) uno de los integrantes debe aportar como mínimo el cincuenta por ciento (50 %) de la experiencia solicitada; ii) los demás integrantes deben acreditar al menos el cinco por ciento (5 %) de la experiencia solicitada; y iii) sin perjuicio de lo anterior, solo uno (1) de los integrantes, si así lo considera pertinente, podrá no demostrar experiencia. En este último caso, el porcentaje de participación del integrante que no aporta experiencia en la estructura plural no podrá superar el diez por ciento (10%). | BA31: 1993 | BB31: 81510
A32: CODIGOS DE LOS CTOS PRESENTADOS | B32: CTO´S | C32: No. CONSECUTIVO EN EL RUP | D32: CONTRATANTE | E32: OBJETO DEL CONTRATO | F32: CUMPLE CODIGOS? | G32: CUMPLE EXPERIENCIA? | H32: QUIEN APORTA LA EXPERIENCIA? | I32: AÑO DE INICIO DEL CONTRATO | J32: AÑO DE TERMINACION DEL CONTRATO | K32: VALOR TOTAL SMMLV - RUP | L32: % PARTICIPACION | M32: VALOR TOTAL AFECTADO | N32: CUMPLE / NO CUMPLE | Q32: =L27/2 -> 263.20219 | R32: 50% PO | BA32: 1994 | BB32: 98700
A33: 81101500, 80101600 | B33: 1 | C33: 11 | D33: AEROCIVIL | E33: INTERVENTORÍA TÉCNICA Y ADMINISTRATIVA PARA LA CONSTRUCCIÓN DE LA FRANJA CENTRAL DE LA PISTA DEL AEROPUERTO ALBERTO LEON BENTLEY DE MITU - VAUPES | F33: CUMPLE | G33: CUMPLE | H33: ELSA TORRES ARENALES | I33: 38593 | J33: 38832 | K33: 757.53 | L33: 0.4 | M33: =IF(AND(F33="CUMPLE",G33="CUMPLE"),(K33*L33),0) -> 303.012 | N33: CUMPLE | Q33: =+IF(OR(N33="CUMPLE")*AND(M33>=$Q$32),"CUMPLE","NO CUMPLE") -> CUMPLE | U33: 2021 | V33: 908526 | BA33: 1995 | BB33: 118933.5
A34: 81101500, 80101600 | B34: 2 | C34: 61 | D34: INVIAS | E34: INTERVENTORIA TECNICA, LEGAL, ADMINISTRATIVA Y FINANCIERA PARA LA RECONSTRUCCIÓN, PAVIMENTACIÓN DE LAS VIAS INCLUIDAS DENTRO DEL PROGRAMA DE PAVIMENTACIÓN DE INFRAESTRUCTURA VIAL DE INTEGRACIÓN Y DESARROLLO REGIONAL - PLAN 2500 DE LOS TRAMOS: TRAMO 1 VIA CHARALA - LA CANTERA DEL K10+880 AL K12+589 CON UNA LONGITUD TOTAL DE 1,709 KM; TRAMO 2: VIA LA CANTERA - EL ENCINO DEL K13+590 AL K17+589 CON UNA LONGITUD TOTAL DE 3999 KM; TRAMO 3: VIA LOS CUROS - MALAGA DEL K11+125 AL K12+625 CON UNA LONGITUD DE 1,50 KM; TRAMO 4 DE LA VIA TRONCAL (ALBANIA) - LA LLANA DEL K0+000 AL K1+830 CON UNA LONGITUD TOTAL DE 1,83 KM; TRAMO 5: VIA LA BELLEZA - JESUS MARIA, DEL K8+300 AL K12+500 CON UNA LONGITUD TOTAL DE 4,2 KM; TRAMO 6: VIA TRONCAL - PUERTO PARRA DEL K2+800 AL K8+000 CON UNA LONGITUD TOTAL DE 5,2 KM; TRAMO 7: VIA OIBA - GUADALUPE DEL K13+550 AL K18+250 CON UNA LONGITUD TOTAL DE 4,70 KM EN EL DEPARTAMENTO DE SANTANDER | F34: CUMPLE | G34: CUMPLE | H34: ELSA TORRES ARENALES | I34: 40074 | J34: 40908 | K34: 4815.12 | L34: 0.4 | M34: =IF(AND(F34="CUMPLE",G34="CUMPLE"),(K34*L34),0) -> 1926.048 | N34: CUMPLE | Q34: =+IF(OR(N34="CUMPLE")*AND(M34>=$Q$32),"CUMPLE","NO CUMPLE") -> CUMPLE | U34: 2020 | V34: 877803 | BA34: 1996 | BB34: 142125
Q35: =+IF(OR(N35="CUMPLE")*AND(M35>=$Q$32),"CUMPLE","NO CUMPLE") -> NO CUMPLE | U35: 2019 | V35: 828116 | BA35: 1997 | BB35: 172005
Q36: =+IF(OR(N36="CUMPLE")*AND(M36>=$Q$32),"CUMPLE","NO CUMPLE") -> NO CUMPLE | U36: 2018 | V36: 781242 | BA36: 1998 | BB36: 203826
Q37: =+IF(OR(N37="CUMPLE")*AND(M37>=$Q$32),"CUMPLE","NO CUMPLE") -> NO CUMPLE | U37: 2017 | V37: 737717 | BA37: 1999 | BB37: 236460
A38: EVALUACION EXPERIENCIA GENERAL PROPONENTE | E38: SUMATORIA | M38: =SUM(M33:M37) -> 2229.06 | BA38: 2002 | BB38: 309000
E39: PROMEDIO | M39: =AVERAGEIF(M33:M37,">0") -> 1114.53 | BA39: 2003 | BB39: 332000
A40: EXP ESPECIFICA 50%= | C40: =+BA27 -> 263.20219 | D40: =+E33 -> INTERVENTORÍA TÉCNICA Y ADMINISTRATIVA PARA LA CONSTRUCCIÓN DE LA FRANJA CENTRAL DE LA PISTA DEL AEROPUERTO ALBERTO LEON BENTLEY DE MITU - VAUPES | F40: =+F33 -> CUMPLE | G40: =+G33 -> CUMPLE | H40: =+H33 -> ELSA TORRES ARENALES | I40: =+I33 -> 38593 | J40: =+J33 -> 38832 | K40: =+K33 -> 757.53 | L40: =+L33 -> 0.4 | M40: =+M33 -> 303.012 | N40: =+IF(M40>=C40,"CUMPLE","NO CUMPLE") -> CUMPLE | Q40: =+IF(OR(N40="CUMPLE")*AND(M40>=$Q$32),"CUMPLE","NO CUMPLE") -> CUMPLE | U40: 2016 | V40: 689455 | BA40: 2004 | BB40: 358000
U41: 2012 | V41: 566700 | BA41: 2005 | BB41: 381500
A43: 10.6.1.3 EQUIPO DE TRABAJO (Personal Clave Evaluable) FORMATO 8 | L43: PUNTAJE ASIGNADO | U43: 2008 | V43: 461500 | BA43: 2006 | BB43: 408000
A44: I. Aportar y diligenciar en forma clara, completa, correcta y legible el “Formato 8 - Aceptación y cumplimiento de la formación académica y la experiencia del personal clave evaluable”, de acuerdo con los requisitos y condiciones que allí se indican y demás señaladas en el Pliego de Condiciones y sus documentos anexos. II. El “Formato 8 – Aceptación y cumplimiento de la formación académica y la experiencia del personal clave evaluable” debe suscribirlo el Proponente persona natural, representante legal de la persona jurídica o representante del Proponente Plural. Para los fines de este numeral se entiende por Personal Clave Evaluable los siguientes perfiles: • Un (1) Director de Interventoría (Ingeniero Civil o Arquitecto) • Un (1) Residente de interventoría (Ingeniero Civil o Arquitecto) CAUSAL DE RECHAZO: LITERAL N. No presentar el “Formato 8 – Aceptación y cumplimiento de la formación y la experiencia del Personal Clave Evaluable” y no subsanar su entrega, en los términos de los numerales “1.6 Reglas de subsanabilidad, explicaciones y aclaraciones” y "3.8.2 Exigencias mínimas de experiencia y formación académica del equipo de trabajo – Personal Clave Evaluable” del Pliego de Condiciones. | L44: CUMPLE | U44: 2007 | V44: 433700 | BA44: 2007 | BB44: 433700 | BC44: V
U45: 2009 | V45: 496900 | BA45: 2008 | BB45: 461500
A46: 3.8.2 (PLIEGO) EXIGENCIAS MÍNIMAS DE EXPERIENCIA Y FORMACIÓN ACADÉMICA DEL EQUIPO DE TRABAJO (Personal Clave Evaluable) | U46: 2011 | V46: 535600 | BA46: 2009 | BB46: 496900
A47: EXPERIENCIA CALVE EVALUABLE ADICIONAL (5 PUNTOS) Y 4.2.2 FORMACIÓN ACADÉMICA ADICIONAL / FORMATO 9 | L47: PUNTAJE ASIGNADO | BA47: 2010 | BB47: 515000
A48: La Entidad asignará cinco (5) puntos al Proponente que se comprometa con el diligenciamiento del “Formato 9 - Experiencia y formación académica adicional del Personal Clave Evaluable” a acreditar que [cada uno de los integrantes que conforman el Personal Clave Evaluable: i) el Director de Interventoría y el Residente de interventoría tienen un (1) año de experiencia específica adicional a la definida en la “Matriz 4 – Lineamientos de requisitos del Personal”. Para otorgar el puntaje basta con diligenciar el “Formato 9 - Experiencia y formación académica adicional del Personal Clave Evaluable | L48: 5 | U48: 2010 | V48: 515000 | BA48: 2011 | BB48: 535600
A49: La Entidad asignará cinco (5) puntos al Proponente que se comprometa con el diligenciamiento del “Formato 9 – Experiencia y formación académica adicional del Personal Clave Evaluable a acreditar que tienen una formación académica adicional a la definida en la “Matriz 4 – Lineamientos de requisitos del Personal” Es decir, si el requisito mínimo de formación académica es contar con un título profesional, se otorgará el puntaje a quien se obligue a presentar un título de posgrado, o si el requisito mínimo de formación académica es contar con un título de posgrado, se otorgará el puntaje a quien acredite un título de posgrado adicional. Para otorgar el puntaje bastará con diligenciar el “Formato 9 - Experiencia y formación académica adicional del Personal Clave Evaluable”. | L49: 5 | U49: 2010 | V49: 515000 | BA49: 2012 | BB49: 566700
U50: 2006 | V50: 408000 | BA50: 2013 | BB50: 589500
A51: 4.3 FACTOR DE SOSTENIBILIDAD. (1 PUNTO) / FORMATO 12 | U51: 2005 | V51: 381500 | BA51: 2014 | BB51: 616000
A52: La Entidad asignará un (1) punto al Proponente que se comprometa con el diligenciamiento del “Formato 12 – Factor de sostenibilidad”, a presentar sus entregables (comunicaciones, informes, memorias de cálculo, diseños por componentes, entre otros), siempre que aplique, en impresión a doble cara, asimismo utilizando papel que cuente con (i) el certificado en el Sello Ambiental Colombiano o (ii) reciclado o procedente de fuentes forestales sostenibles o naturales y estar libre de cloro elemental. De igual manera, y cuando el documento lo permita, se reutilizarán hojas ya usadas por una cara, por ejemplo, para evidencias de trabajo de campo. Adicionalmente, el Proponente deberá contar con una política de reciclaje y/o reutilización de residuos o desechos generados por el funcionamiento de la empresa u oficinas, para lo cual, en los informes de seguimiento establecidos por la Entidad, se deberá hacer alusión a los programas o estrategias de reciclaje y/o reutilización de residuos o desechos. Sobre este factor se exceptúan los entregables que correspondan a Medios Magnéticos o planos cuyo tamaño sobrepase el formato de papel “legal”. | L52: PUNTAJE ASIGNADO | U52: 2004 | V52: 358000 | BA52: 2015 | BB52: 644350
L53: 1 | U53: 2003 | V53: 332000 | BA53: 2016 | BB53: 689455
U54: 2000 | V54: 260100 | BA54: 2017 | BB54: 737717
A55: 4.4 APOYO A LA INDUSTRIA NACIONAL( MAX 20) / FORMATOS 7A O 7B | U55: 1999 | V55: 236438 | BA55: 2018 | BB55: 781242 | BD55: fecha de cierre del proceso | BE55: 30/11/2023
A56: SI OFRECE SERVICIOS NACIONALES | C56: 1. A los proponentes que ofrezcan servicios de origen nacional | L56: 20 | U56: 1998 | V56: 203825 | BA56: 2019 | BB56: 828116 | BC56: =+H21 -> ELSA TORRES ARENALES | BD56: 23/11/2023 | BE56: ok
C57: 2. A los proponentes que ofrezcan servicios originarios de los paises con lo que Colombia a negociado trato nacional en materia de compras estatales. | U57: 1997 | V57: 172005 | BA57: 2019 | BB57: 828116 | BC57: =+H22 -> 0 | BD57: 45180 | BE57: ok
C58: 3. A los proponentes que ofrezcan servicios originarios de paises en los cuales aplica el principio de reciprocidad. | U58: 1996 | V58: 142125 | BA58: 2020 | BB58: 877803
C59: 4. A los proponentes que ofrezcan servicios de los paises en la comunidad andina de naciones (CAN), exceptuando las contrataciones por regimen especial para seguridad aerea. | U59: 1995 | V59: 118934 | BA59: 2021 | BB59: 908526
A60: SI SOLO OFRECE SERVICIOS EXTRANJEROS | C60: A los proponentes que incorporen servicios colombianos en servicios extranjeros * El oferente debera detallar el ofrecimiento. | U60: 1994 | V60: 98700 | BA60: 2022 | BB60: 1000000
U61: 2006 | V61: 408000 | BA61: 2023 | BB61: 1160000
A62: 10.6.1.6 (PLIEGO BASE) EMPRENDIMIENTOS Y EMPRESAS MUJERES / FORMATO 13VINCULACIÓN DE PERSONAS EN CONDICIÓN DE DISCAPACIDAD / FORMATO 6 | U62: 2005 | V62: 381500 | BA62: 2024 | BB62: 1300000
A63: La Entidad asignará un (1) punto al Proponente que acredite el número mínimo de personas en condición de discapacidad, de acuerdo con el número total de trabajadores de la planta de su personal, en los términos señalados en el artículo 2.2.1.2.4.2.6. del Decreto 1082 de 2015. Para esto debe: i) diligenciar el “Formato 6 – Vinculación de personas en condición de discapacidad suscrito por la persona natural, el representante legal o el revisor fiscal, según corresponda, en el cual certifique el número total de trabajadores vinculados a la planta de personal del Proponente, o el integrante del Proponente Plural, a la fecha de cierre del Proceso de Contratación, ii) acreditar el número mínimo de personas en condición de discapacidad en su planta de personal, de conformidad con lo señalado en el certificado expedido por el Ministerio de Trabajo, el cual deberá estar vigente a la fecha de cierre del Proceso de Contratación. Para los Proponentes Plurales, la Entidad tendrá en cuenta la planta de personal del integrante del Proponente Plural que aporte como mínimo el cuarenta por ciento (40 %) de la experiencia requerida para el Proceso de Contratación. Este porcentaje de experiencia se tomará sobre el “Valor mínimo a certificar (como % del Presupuesto Oficial expresado en SMMLV)” de conformidad con el numeral 3.8.1 del Pliego de Condiciones, sin importar si la experiencia es general o específica. Tratándose de los Proponentes Plurales, el “Formato 6 – Vinculación de personas en condición de discapacidad” debe suscribirlo el integrante del Proponente Plural, ya sea el representante legal o revisor fiscal, según corresponda, de la persona jurídica o la persona natural, siempre que dicho integrante aporte como mínimo el cuarenta por ciento (40 %) de la experiencia requerida para el Proceso de Contratación, y que además vincule el mínimo de trabajadores con discapacidad exigido en el Decreto 1082 de 2015. | L63: PUNTAJE ASIGNADO | U63: 2004 | V63: 358000
L64: 1 | U64: 2003 | V64: 332000
U65: 1993 | V65: 81510
A66: 10.6.1.7 (PLIEGO BASE) EMPRENDIMIENTOS Y EMPRESAS MUJERES / FORMATO 13
A67: La Entidad asignará un puntaje de cero punto veinticinco (0.25) puntos al Proponente que acredite la calidad de emprendimientos y empresas de mujeres con domicilio en el territorio nacional de conformidad con lo previsto en el artículo 2.2.1.2.4.2.14. del Decreto 1082 de 2015 o la norma que lo modifique, sustituya o complemente. Para que el Proponente obtenga este puntaje debe diligenciar el “Formato 13 – Acreditación de emprendimientos y empresas de mujeres” y aportar la documentación requerida. Tratándose de Proponentes Plurales, este puntaje solo se otorgará si por lo menos uno de los integrantes acredita la calidad de emprendimientos y empresas de mujeres y tiene una participación igual o superior al diez por ciento (10 %) en el Consorcio o en la Unión Temporal. | L67: 0
A74: 4.7 MIPYME DOMICILIADA EN COLOMBIA / RUP
A75: La Entidad otorgará un puntaje de cero punto veinticinco (0.25) puntos al Proponente que acredite la calidad de Mipyme domiciliada en Colombia, de conformidad con el artículo 2.2.1.2.4.2.4 del Decreto 1082 de 2015, en concordancia con el parágrafo del artículo 2.2.1.13.2.4 del Decreto 1074 de 2015, o la norma que lo modifique, complemente o sustituya. Así las cosas, para obtener el puntaje, el Proponente entregará copia del certificado del Registro Único de Proponentes (RUP), el cual deberá encontrarse vigente y en firme al momento de su presentación. Tratándose de Proponentes Plurales este puntaje se otorgará si por lo menos uno (1) de los integrantes acredita la calidad de Mipyme y tiene una participación igual o superior al diez por ciento (10 %) en el Consorcio o en la Unión Temporal. | L75: 0.25
A82: EVALUACION FINAL | H82: CUMPLE | L82: =+L64+L56+L53+L49+L48+L67+L75 -> 32.25 | U82: 1992 | V82: 65190
A83: OBSERVACIONES: | U83: 1991 | V83: 51720
A84: (1) LOS SUBTOTALES DEL PRESUPUESTO: COSTOS INDIRECTOS Y GASTOS REEMBOLSABLES SUPERAN LOS CONSIDERADOS EN EL PRESUPUESTO OFICIAL, POR CONSIGUIENTE CONTRAVIENE LO DISPUESTO EN EL DOCUMENTO BASE, NUMERAL 1.15 CAUSALES DE RECHAZO, LITERAL M, "Que la oferta económica supere el valor por etapas y no se subsane ese defecto." (2) No obtiene puntaje por Emprendimiento de Mujeres por concepto Jurídico. (3) En la etapa de subsanación, el proponente allega su oferta corregida donde se verifica que cumple por cuanto su oferta económica no supera el valor total ni los valores subtotales del presupuesto oficial. | U84: 1990 | V84: 41025
A97: Chequeo incial Presupuesto
A98: PANTALLAZO SOBRE SECOP II- DEL VALOR EDITADO POR EL OFERENTE, QUE DEBE COICIDIR CON EL VALOR TOTAL DEL PRESUPUESTO OFICIAL | F98: PANTALLAZO TOTAL PRESUPUESTO OFICIAL
N99: CUMPLE
A100: K. Que el valor total de la oferta exceda el Presupuesto Oficial estimado para el Proceso de Contratación y no se subsane ese defecto. L. Que la oferta económica supere el valor por etapas y no se subsane ese defecto.
B101: VERIFICACIÓN VALOR FASES /SUBTOTALES | E101: VALOR PRESUPUESTO OFICIAL | F101: INSERTAR VALOR OFERTA ECONOMICA PROPONENTE | G101: CAUSAL DE RECHAZO???
A102: 1 | B102: FASE I. APROPIACIÓN DE ESTUDIOS | E102: 16065000 | F102: 16065000 | G102: =+IF(F102>E102, "CAUSAL DE RECHAZO M", "CUMPLE") -> CUMPLE | H102: CUMPLE
A103: 2 | B103: FASE II. MEJORAMIENTO FRANJAS SEGURIDAD PISTA | E103: 376740000 | F103: 376740000 | G103: =+IF(F103>E103, "CAUSAL DE RECHAZO M", "CUMPLE") -> CUMPLE | H103: CUMPLE
A104: 3 | B104: COSTOS INDIRECTOS | E104: 105000000 | F104: 105000000 | G104: =+IF(F104>E104, "CAUSAL DE RECHAZO M", "CUMPLE") -> CUMPLE | H104: CUMPLE
A105: 4 | B105: GASTOS REEMBOLSABLES | E105: 77258613 | F105: 77258529 | G105: =+IF(F105>E105, "CAUSAL DE RECHAZO M", "CUMPLE") -> CUMPLE | H105: CUMPLE
A106: 5 | B106: VALOR TOTAL INCLUYE IVA | E106: 684325699 | F106: 684325600 | G106: =+IF(F106>E106, "CAUSAL DE RECHAZO L", "CUMPLE") -> CUMPLE | H106: CUMPLE
E107: EVALUACION GENERAL DE OFERTA ECONOMICA | H107: =+IF(OR(H102="NO CUMPLE",H103="NO CUMPLE",H104="NO CUMPLE",H106="NO CUMPLE"), "NO CUMPLE", "CUMPLE") -> CUMPLE
B109: CAUSALES DE RECHAZO

Sheet 4
A1: UNIDAD ADMINISTRATIVA ESPECIAL DE AERONAUTICA CIVIL | T1: 1 | U1: 20 | V1: 5
A2: 23001244 H3 DE 2023 | P2: SI | Q2: CUMPLE | R2: SI | T2: 0 | U2: 5 | V2: 0
A3: =RESUMEN!B4 -> Proceso 23001299 H3. REALIZAR LA INTERVENTORIA INTEGRAL AL MEJORAMIENTO DE LAS FRANJAS DE SEGURIDAD DE PISTA DEL AEROPUERTO ANTONIO NARIÑO DE PASTO, NARIÑO (VF). | P3: NO | Q3: NO CUMPLE | R3: NO | T3: NO APORTA | U3: 0
A4: Entregó o anexó poliza de seriedad de la oferta | H4: CUMPLE
A5: Entregó o anexó formato 1 - CARTA DE PRESENTACION DE LA OFERTA | H5: CUMPLE
A6: Entregó o anexó formato 2 - CONFORMACION DEL PROPONENTE | H6: CUMPLE
A7: Entregó o anexó formato 3 - EXPERIENCIA (EXCEL) | H7: CUMPLE
A8: Entregó o anexó formato 4 - CAPACIDAD FINANCIERA Y ORGANIZACIONAL
A9: Entregó o anexó formato 5 - PAGO DE SEGURIDAD SOCIAL
A10: Entregó o anexó formato 6 - VINCULACIÓN DE PERSONAL CON DISCAPACIDAD | H10: CUMPLE
A11: Entregó o anexó formato 7 - PUNTAJE INDUSTRIA NACIONAL | H11: CUMPLE
A12: Entregó o anexó formato 8 - ACEPTACIÓN UY CUMPLIMIENTO PERSONAL CLAVE EVALUABLE | H12: CUMPLE
A13: Entregó o anexó formato 9 - EXPERIENCIA Y FORMACION PERSONAL CLAVE EVALUABLE | H13: CUMPLE
A14: Entregó o anexó formato 10 - AUTORIZACIÓN TRATAMIENTO DE DATOS PERSONALES
A15: Entregó o anexó formato 13 - ACREDITACIÓN EMPRENDIMIENTO Y EMPRESAS MUJERES | H15: CUMPLE
A16: Entregó o anexó formato 13 - EMPRENDIMIENTO MIPYME | H16: CUMPLE
A18: EVALUACIÓN Y ASIGNACION DE PUNTAJES
A19: 4 | B19: CONSORCIO SUPERVISORES 1299 | H19: APORTANTE DE LA EXPERIENCIA | K19: 10.1.2 CONSIDERACIONES PARA LA VALIDEZ DE LA EXPERIENCIA DEL PROPONENTE | O19: =+H19 -> APORTANTE DE LA EXPERIENCIA | Q19: 5
H20: INTEGRANTE | J20: PORCENTAJE DE PARTICIPACION | K20: CONDICIONES DE LA EXPERIENCIA | N20: SI / NO | Q20: NO APORTA | BA20: NIT
H21: CONSULTEC SAS | J21: 0.5 | K21: CONDICION 1: MIN 50% DE LA EXPERIENCIA | N21: SI | O21: =+H21 -> CONSULTEC SAS | Q21: 0 | V21: =+H21 -> CONSULTEC SAS
H22: INGEPLAN.CO SAS BIC | J22: 0.5 | K22: CONDICION 2: MIN 5% DE LA EXPERIENCIA CADA INTEGRANTE | N22: SI | O22: =+H22 -> INGEPLAN.CO SAS BIC | V22: =+H22 -> INGEPLAN.CO SAS BIC
K23: CONDICION 3: SOLO 1 INTEGRANTE NO PRESENTA EXPERIENCIA Y SU PARTICIPACION ES MAX 10% (SI APLICA) | N23: SI | O23: =+H23 -> 0 | Q23: SUBSANAR | V23: =+H23 -> 0
K24: CUMPLE / NO CUMPLE | N24: CUMPLE | O24: =+H24 -> 0 | Q24: CUMPLE | V24: =+H24 -> 0
O25: =+H25 -> 0 | Q25: NO CUMPLE | V25: =+H25 -> 0
H26: TOTAL | J26: =+J21+J22+J23+J24+J25 -> 1 | BA26: 0.5
A27: CODIGOS | B27: 81101500, 80101600 | H27: PRESUPUESTO OFICIAL | J27: 684325699 | L27: =J27/BB62 -> 526.40438 | BA27: =+L27*0.5 -> 263.20219
BA28: AÑO | BB28: SMMLV
A29: 10.1 ACREDITACIÓN DE LA EXPERIENCIA DEL PROPONENTE | BA29: 1990 | BB29: 41025
A30: 10.1.1 CARACTERÍSTICAS DE LOS CONTRATOS PRESENTADOS PARA ACREDITAR LA EXPERIENCIA DEL PROPONENTE | BA30: 1991 | BB30: 51716
A31: EXPERIENCIA GENERAL: El proponente podrá acreditar hasta cinco (5) contratos registrados en el RUP e identificados en al menos uno (1) de los códigos UNSPSC requeridos en la experiencia general; que sumados su valor total, expresado en SMMLV, sea igual o mayor al cien por ciento (100%) del presupuesto oficial, y cuyo objeto, actividades u obligaciones contractuales esté relacionadas con: “INTERVENTORÍA A OBRAS DE CONSTRUCCIÓN O RECONSTRUCCIÓN O AMPLIACIÓN O MEJORAMIENTO O MANTENIMIENTO O REHABILITACIÓN O CONSERVACIÓN DE: VÍAS PRIMARIAS O PISTAS DE AERODROMOS O CALLES DE RODAJE DE AERODROMOS O PLATAFORMAS DE AERÓDROMOS O FRANJAS DE SEGURIDAD, DICHAS OBRAS DEBEN CONTENER LA EJECUCION DE PAVIMENTO ASFÁLTICO O PAVIMENTO EN CONCRETO HIDRÁULICO” | H31: EXPERIENCIA ESPECIFICA: “Por lo menos uno (1) de los contratos válidos aportados como experiencia general debe acreditar: INTERVENTORÍA A OBRAS DE CONSTRUCCIÓN O RECONSTRUCCIÓN O AMPLIACIÓN O REHABILITACIÓN DE: PISTAS DE AERODROMOS O CALLES DE RODAJE DE AERODROMOS O PLATAFORMAS DE AERÓDROMOS, DICHAS OBRAS DEBEN CONTENER LA EJECUCION DE PAVIMENTO ASFÁLTICO O PAVIMENTO EN CONCRETO HIDRÁULICO, cuyo valor sea igual o mayor al 50% del valor del PRESUPUESTO OFICIAL (PO) del presente Proceso de Contratación.” Tratándose de Proponentes Plurales se tendrá en cuenta lo siguiente: i) uno de los integrantes debe aportar como mínimo el cincuenta por ciento (50 %) de la experiencia solicitada; ii) los demás integrantes deben acreditar al menos el cinco por ciento (5 %) de la experiencia solicitada; y iii) sin perjuicio de lo anterior, solo uno (1) de los integrantes, si así lo considera pertinente, podrá no demostrar experiencia. En este último caso, el porcentaje de participación del integrante que no aporta experiencia en la estructura plural no podrá superar el diez por ciento (10%). | BA31: 1993 | BB31: 81510
A32: CODIGOS DE LOS CTOS PRESENTADOS | B32: CTO´S | C32: No. CONSECUTIVO EN EL RUP | D32: CONTRATANTE | E32: OBJETO DEL CONTRATO | F32: CUMPLE CODIGOS? | G32: CUMPLE EXPERIENCIA? | H32: QUIEN APORTA LA EXPERIENCIA? | I32: AÑO DE INICIO DEL CONTRATO | J32: AÑO DE TERMINACION DEL CONTRATO | K32: VALOR TOTAL SMMLV - RUP | L32: % PARTICIPACION | M32: VALOR TOTAL AFECTADO | N32: CUMPLE / NO CUMPLE | Q32: =L27/2 -> 263.20219 | R32: 50% PO | BA32: 1994 | BB32: 98700
A33: 81101500, 80101600 | B33: 1 | C33: 198 | D33: AEROCIVIL | E33: Interventoría técnica y administrativa para la construcción de terminal y el mantenimiento de pista, calles de rodaje, plataforma, terminal y canales y zonas de seguridad del Aeropuerto el Edén de Armenia | F33: CUMPLE | G33: CUMPLE | H33: CONSULTEC SAS | I33: 43299 | J33: 44132 | K33: 4065.71 | L33: 0.2 | M33: =IF(AND(F33="CUMPLE",G33="CUMPLE"),(K33*L33),0) -> 813.142 | N33: CUMPLE | Q33: =+IF(OR(N33="CUMPLE")*AND(M33>=$Q$32),"CUMPLE","NO CUMPLE") -> CUMPLE | U33: 2021 | V33: 908526 | BA33: 1995 | BB33: 118933.5
A34: 81101500, 80101600 | B34: 2 | C34: 51 | D34: INVIAS | E34: Interventoria para la gestion y mantenimiento vial integral de las carreteras Troncal del Occidente y alternas a la troncal, departamentos de Cauca y Valle de Cauca | F34: CUMPLE | G34: CUMPLE | H34: INGEPLAN.CO SAS BIC | I34: 44085 | J34: 44327 | K34: 1967.35 | L34: 0.6 | M34: =IF(AND(F34="CUMPLE",G34="CUMPLE"),(K34*L34),0) -> 1180.41 | N34: CUMPLE | Q34: =+IF(OR(N34="CUMPLE")*AND(M34>=$Q$32),"CUMPLE","NO CUMPLE") -> CUMPLE | U34: 2020 | V34: 877803 | BA34: 1996 | BB34: 142125
Q35: =+IF(OR(N35="CUMPLE")*AND(M35>=$Q$32),"CUMPLE","NO CUMPLE") -> NO CUMPLE | U35: 2019 | V35: 828116 | BA35: 1997 | BB35: 172005
Q36: =+IF(OR(N36="CUMPLE")*AND(M36>=$Q$32),"CUMPLE","NO CUMPLE") -> NO CUMPLE | U36: 2018 | V36: 781242 | BA36: 1998 | BB36: 203826 | BC36: DISCAPACIDAD | BD36: APORTA
Q37: =+IF(OR(N37="CUMPLE")*AND(M37>=$Q$32),"CUMPLE","NO CUMPLE") -> NO CUMPLE | U37: 2017 | V37: 737717 | BA37: 1999 | BB37: 236460 | BC37: 0.4 | BD37: CONSULTEC SAS
A38: EVALUACION EXPERIENCIA GENERAL PROPONENTE | E38: SUMATORIA | M38: =SUM(M33:M37) -> 1993.552 | BA38: 2002 | BB38: 309000 | BC38: =M38*0.4 -> 797.4208 | BD38: SMMLV
E39: PROMEDIO | M39: =AVERAGEIF(M33:M37,">0") -> 996.776 | BA39: 2003 | BB39: 332000 | BD39: SI CUMPLE
A40: EXP ESPECIFICA 50%= | C40: =+BA27 -> 263.20219 | D40: =E33 -> Interventoría técnica y administrativa para la construcción de terminal y el mantenimiento de pista, calles de rodaje, plataforma, terminal y canales y zonas de seguridad del Aeropuerto el Edén de Armenia | F40: =F33 -> CUMPLE | G40: =G33 -> CUMPLE | H40: =H33 -> CONSULTEC SAS | I40: =I33 -> 43299 | J40: =J33 -> 44132 | K40: =K33 -> 4065.71 | L40: =L33 -> 0.2 | M40: =M33 -> 813.142 | N40: =+IF(M40>=C40,"CUMPLE","NO CUMPLE") -> CUMPLE | Q40: =+IF(OR(N40="CUMPLE")*AND(M40>=$Q$32),"CUMPLE","NO CUMPLE") -> CUMPLE | U40: 2016 | V40: 689455 | BA40: 2004 | BB40: 358000
U41: 2012 | V41: 566700 | BA41: 2005 | BB41: 381500
A43: 10.6.1.3 EQUIPO DE TRABAJO (Personal Clave Evaluable) FORMATO 8 | L43: PUNTAJE ASIGNADO | U43: 2008 | V43: 461500 | BA43: 2006 | BB43: 408000
A44: I. Aportar y diligenciar en forma clara, completa, correcta y legible el “Formato 8 - Aceptación y cumplimiento de la formación académica y la experiencia del personal clave evaluable”, de acuerdo con los requisitos y condiciones que allí se indican y demás señaladas en el Pliego de Condiciones y sus documentos anexos. II. El “Formato 8 – Aceptación y cumplimiento de la formación académica y la experiencia del personal clave evaluable” debe suscribirlo el Proponente persona natural, representante legal de la persona jurídica o representante del Proponente Plural. Para los fines de este numeral se entiende por Personal Clave Evaluable los siguientes perfiles: • Un (1) Director de Interventoría (Ingeniero Civil o Arquitecto) • Un (1) Residente de interventoría (Ingeniero Civil o Arquitecto) CAUSAL DE RECHAZO: LITERAL N. No presentar el “Formato 8 – Aceptación y cumplimiento de la formación y la experiencia del Personal Clave Evaluable” y no subsanar su entrega, en los términos de los numerales “1.6 Reglas de subsanabilidad, explicaciones y aclaraciones” y "3.8.2 Exigencias mínimas de experiencia y formación académica del equipo de trabajo – Personal Clave Evaluable” del Pliego de Condiciones. | L44: CUMPLE | U44: 2007 | V44: 433700 | BA44: 2007 | BB44: 433700 | BC44: V
U45: 2009 | V45: 496900 | BA45: 2008 | BB45: 461500
A46: 3.8.2 (PLIEGO) EXIGENCIAS MÍNIMAS DE EXPERIENCIA Y FORMACIÓN ACADÉMICA DEL EQUIPO DE TRABAJO (Personal Clave Evaluable) | U46: 2011 | V46: 535600 | BA46: 2009 | BB46: 496900
A47: EXPERIENCIA CALVE EVALUABLE ADICIONAL (5 PUNTOS) Y 4.2.2 FORMACIÓN ACADÉMICA ADICIONAL / FORMATO 9 | L47: PUNTAJE ASIGNADO | BA47: 2010 | BB47: 515000
A48: La Entidad asignará cinco (5) puntos al Proponente que se comprometa con el diligenciamiento del “Formato 9 - Experiencia y formación académica adicional del Personal Clave Evaluable” a acreditar que [cada uno de los integrantes que conforman el Personal Clave Evaluable: i) el Director de Interventoría y el Residente de interventoría tienen un (1) año de experiencia específica adicional a la definida en la “Matriz 4 – Lineamientos de requisitos del Personal”. Para otorgar el puntaje basta con diligenciar el “Formato 9 - Experiencia y formación académica adicional del Personal Clave Evaluable | L48: 5 | U48: 2010 | V48: 515000 | BA48: 2011 | BB48: 535600
A49: La Entidad asignará cinco (5) puntos al Proponente que se comprometa con el diligenciamiento del “Formato 9 – Experiencia y formación académica adicional del Personal Clave Evaluable a acreditar que tienen una formación académica adicional a la definida en la “Matriz 4 – Lineamientos de requisitos del Personal” Es decir, si el requisito mínimo de formación académica es contar con un título profesional, se otorgará el puntaje a quien se obligue a presentar un título de posgrado, o si el requisito mínimo de formación académica es contar con un título de posgrado, se otorgará el puntaje a quien acredite un título de posgrado adicional. Para otorgar el puntaje bastará con diligenciar el “Formato 9 - Experiencia y formación académica adicional del Personal Clave Evaluable”. | L49: 5 | U49: 2010 | V49: 515000 | BA49: 2012 | BB49: 566700
U50: 2006 | V50: 408000 | BA50: 2013 | BB50: 589500
A51: 4.3 FACTOR DE SOSTENIBILIDAD. (1 PUNTO) / FORMATO 12 | U51: 2005 | V51: 381500 | BA51: 2014 | BB51: 616000
A52: La Entidad asignará un (1) punto al Proponente que se comprometa con el diligenciamiento del “Formato 12 – Factor de sostenibilidad”, a presentar sus entregables (comunicaciones, informes, memorias de cálculo, diseños por componentes, entre otros), siempre que aplique, en impresión a doble cara, asimismo utilizando papel que cuente con (i) el certificado en el Sello Ambiental Colombiano o (ii) reciclado o procedente de fuentes forestales sostenibles o naturales y estar libre de cloro elemental. De igual manera, y cuando el documento lo permita, se reutilizarán hojas ya usadas por una cara, por ejemplo, para evidencias de trabajo de campo. Adicionalmente, el Proponente deberá contar con una política de reciclaje y/o reutilización de residuos o desechos generados por el funcionamiento de la empresa u oficinas, para lo cual, en los informes de seguimiento establecidos por la Entidad, se deberá hacer alusión a los programas o estrategias de reciclaje y/o reutilización de residuos o desechos. Sobre este factor se exceptúan los entregables que correspondan a Medios Magnéticos o planos cuyo tamaño sobrepase el formato de papel “legal”. | L52: PUNTAJE ASIGNADO | U52: 2004 | V52: 358000 | BA52: 2015 | BB52: 644350
L53: 1 | U53: 2003 | V53: 332000 | BA53: 2016 | BB53: 689455
U54: 2000 | V54: 260100 | BA54: 2017 | BB54: 737717
A55: 4.4 APOYO A LA INDUSTRIA NACIONAL( MAX 20) / FORMATOS 7A O 7B | U55: 1999 | V55: 236438 | BA55: 2018 | BB55: 781242 | BD55: fecha de cierre del proceso | BE55: 30/11/2023
A56: SI OFRECE SERVICIOS NACIONALES | C56: 1. A los proponentes que ofrezcan servicios de origen nacional | L56: 20 | U56: 1998 | V56: 203825 | BA56: 2019 | BB56: 828116 | BC56: =+H21 -> CONSULTEC SAS | BD56: 23/11/2023 | BE56: ok
C57: 2. A los proponentes que ofrezcan servicios originarios de los paises con lo que Colombia a negociado trato nacional en materia de compras estatales. | U57: 1997 | V57: 172005 | BA57: 2019 | BB57: 828116 | BC57: =+H22 -> INGEPLAN.CO SAS BIC | BD57: 45180 | BE57: ok
C58: 3. A los proponentes que ofrezcan servicios originarios de paises en los cuales aplica el principio de reciprocidad. | U58: 1996 | V58: 142125 | BA58: 2020 | BB58: 877803
C59: 4. A los proponentes que ofrezcan servicios de los paises en la comunidad andina de naciones (CAN), exceptuando las contrataciones por regimen especial para seguridad aerea. | U59: 1995 | V59: 118934 | BA59: 2021 | BB59: 908526
A60: SI SOLO OFRECE SERVICIOS EXTRANJEROS | C60: A los proponentes que incorporen servicios colombianos en servicios extranjeros * El oferente debera detallar el ofrecimiento. | U60: 1994 | V60: 98700 | BA60: 2022 | BB60: 1000000
U61: 2006 | V61: 408000 | BA61: 2023 | BB61: 1160000
A62: 10.6.1.6 (PLIEGO BASE) EMPRENDIMIENTOS Y EMPRESAS MUJERES / FORMATO 13VINCULACIÓN DE PERSONAS EN CONDICIÓN DE DISCAPACIDAD / FORMATO 6 | U62: 2005 | V62: 381500 | BA62: 2024 | BB62: 1300000
A63: La Entidad asignará un (1) punto al Proponente que acredite el número mínimo de personas en condición de discapacidad, de acuerdo con el número total de trabajadores de la planta de su personal, en los términos señalados en el artículo 2.2.1.2.4.2.6. del Decreto 1082 de 2015. Para esto debe: i) diligenciar el “Formato 6 – Vinculación de personas en condición de discapacidad suscrito por la persona natural, el representante legal o el revisor fiscal, según corresponda, en el cual certifique el número total de trabajadores vinculados a la planta de personal del Proponente, o el integrante del Proponente Plural, a la fecha de cierre del Proceso de Contratación, ii) acreditar el número mínimo de personas en condición de discapacidad en su planta de personal, de conformidad con lo señalado en el certificado expedido por el Ministerio de Trabajo, el cual deberá estar vigente a la fecha de cierre del Proceso de Contratación. Para los Proponentes Plurales, la Entidad tendrá en cuenta la planta de personal del integrante del Proponente Plural que aporte como mínimo el cuarenta por ciento (40 %) de la experiencia requerida para el Proceso de Contratación. Este porcentaje de experiencia se tomará sobre el “Valor mínimo a certificar (como % del Presupuesto Oficial expresado en SMMLV)” de conformidad con el numeral 3.8.1 del Pliego de Condiciones, sin importar si la experiencia es general o específica. Tratándose de los Proponentes Plurales, el “Formato 6 – Vinculación de personas en condición de discapacidad” debe suscribirlo el integrante del Proponente Plural, ya sea el representante legal o revisor fiscal, según corresponda, de la persona jurídica o la persona natural, siempre que dicho integrante aporte como mínimo el cuarenta por ciento (40 %) de la experiencia requerida para el Proceso de Contratación, y que además vincule el mínimo de trabajadores con discapacidad exigido en el Decreto 1082 de 2015. | L63: PUNTAJE ASIGNADO | U63: 2004 | V63: 358000
L64: 1 | U64: 2003 | V64: 332000
U65: 1993 | V65: 81510
A66: 10.6.1.7 (PLIEGO BASE) EMPRENDIMIENTOS Y EMPRESAS MUJERES / FORMATO 13
A67: La Entidad asignará un puntaje de cero punto veinticinco (0.25) puntos al Proponente que acredite la calidad de emprendimientos y empresas de mujeres con domicilio en el territorio nacional de conformidad con lo previsto en el artículo 2.2.1.2.4.2.14. del Decreto 1082 de 2015 o la norma que lo modifique, sustituya o complemente. Para que el Proponente obtenga este puntaje debe diligenciar el “Formato 13 – Acreditación de emprendimientos y empresas de mujeres” y aportar la documentación requerida. Tratándose de Proponentes Plurales, este puntaje solo se otorgará si por lo menos uno de los integrantes acredita la calidad de emprendimientos y empresas de mujeres y tiene una participación igual o superior al diez por ciento (10 %) en el Consorcio o en la Unión Temporal. | L67: 0.25
A74: 4.7 MIPYME DOMICILIADA EN COLOMBIA / RUP
A75: La Entidad otorgará un puntaje de cero punto veinticinco (0.25) puntos al Proponente que acredite la calidad de Mipyme domiciliada en Colombia, de conformidad con el artículo 2.2.1.2.4.2.4 del Decreto 1082 de 2015, en concordancia con el parágrafo del artículo 2.2.1.13.2.4 del Decreto 1074 de 2015, o la norma que lo modifique, complemente o sustituya. Así las cosas, para obtener el puntaje, el Proponente entregará copia del certificado del Registro Único de Proponentes (RUP), el cual deberá encontrarse vigente y en firme al momento de su presentación. Tratándose de Proponentes Plurales este puntaje se otorgará si por lo menos uno (1) de los integrantes acredita la calidad de Mipyme y tiene una participación igual o superior al diez por ciento (10 %) en el Consorcio o en la Unión Temporal. | L75: 0.25
A82: EVALUACION FINAL | H82: CUMPLE | L82: =+L64+L56+L53+L49+L48+L67+L75 -> 32.5 | U82: 1992 | V82: 65190
A83: OBSERVACIONES: | U83: 1991 | V83: 51720
A84: (1) EL PROPONENTE NO APORTA CONTRATOS QUE CUMPLAN CON LA EXPERIENCIA ESPECÍFICA. EL NUMERAL 4.1 FORMA DE VERIFICACIÓN Y ASIGNACIÓN DE PUNTAJE POR LA EXPERIENCIA DEL PROPONENTE, ESTABLECE QUE: "(...) La Entidad evaluará la experiencia del Proponente de acuerdo con los siguientes pasos: A. El Proponente cumplirá con la exigencia mínima de experiencia prevista en el numeral 3.8.1. del Pliego de Condiciones. De acuerdo con lo anterior, si el Proponente debió subsanar el cumplimiento de la experiencia mínima, para la asignación de puntaje no se tendrán en cuenta los contratos que hayan sido objeto de subsanación. ni para definir el promedio de los contratos válidos aportados que se refiere el literal B) de este numeral. (2) En la etapa de subsanación, el proponente manifiesta que: “(…) Como la entidad podrá verificar dentro del formato No. 3 – Experiencia, aportado por nuestro consorcio y los soportes allegados para la presentación de la oferta, se puede observar” (…) “Que el contrato de orden No. 1 correspondió a la construcción y mantenimiento de terminal de pista, calles de rodaje y plataforma, adicionalmente como se puede evidenciar en la certificación aportada al cierre del proceso se observa: (…)”. Por lo anterior, se verifica la información del contrato de orden 1. Específicamente el Formato 65 Acta de Recibo Final del contrato 17001690 H3 2017 suscrito con la AEROCIVIL, en actividades ejecutadas, obras ejecutadas lado aire, donde se evidencia la ejecución de rehabilitación de pista, y rehabilitación de plataforma, con lo cual se determina que el contrato cumple con la experiencia específica solicitada en el proceso, y se realiza la corrección. | U84: 1990 | V84: 41025
A97: Chequeo incial Presupuesto
A98: PANTALLAZO SOBRE SECOP II- DEL VALOR EDITADO POR EL OFERENTE, QUE DEBE COICIDIR CON EL VALOR TOTAL DEL PRESUPUESTO OFICIAL | F98: PANTALLAZO TOTAL PRESUPUESTO OFICIAL
N99: CUMPLE
A100: K. Que el valor total de la oferta exceda el Presupuesto Oficial estimado para el Proceso de Contratación y no se subsane ese defecto. L. Que la oferta económica supere el valor por etapas y no se subsane ese defecto.
B101: VERIFICACIÓN VALOR FASES /SUBTOTALES | E101: VALOR PRESUPUESTO OFICIAL | F101: INSERTAR VALOR OFERTA ECONOMICA PROPONENTE | G101: CAUSAL DE RECHAZO???
A102: 1 | B102: FASE I. APROPIACIÓN DE ESTUDIOS | E102: 16065000 | F102: 16065000 | G102: =+IF(F102>E102, "CAUSAL DE RECHAZO M", "CUMPLE") -> CUMPLE | H102: CUMPLE
A103: 2 | B103: FASE II. MEJORAMIENTO FRANJAS SEGURIDAD PISTA | E103: 376740000 | F103: 376740000 | G103: =+IF(F103>E103, "CAUSAL DE RECHAZO M", "CUMPLE") -> CUMPLE | H103: CUMPLE
A104: 3 | B104: COSTOS INDIRECTOS | E104: 105000000 | F104: 105000000 | G104: =+IF(F104>E104, "CAUSAL DE RECHAZO M", "CUMPLE") -> CUMPLE | H104: CUMPLE
A105: 4 | B105: GASTOS REEMBOLSABLES | E105: 77258613 | F105: 77258613 | G105: =+IF(F105>E105, "CAUSAL DE RECHAZO M", "CUMPLE") -> CUMPLE | H105: CUMPLE
A106: 5 | B106: VALOR TOTAL INCLUYE IVA | E106: 684325699 | F106: 684325699 | G106: =+IF(F106>E106, "CAUSAL DE RECHAZO L", "CUMPLE") -> CUMPLE | H106: CUMPLE
E107: EVALUACION GENERAL DE OFERTA ECONOMICA | H107: =+IF(OR(H102="NO CUMPLE",H103="NO CUMPLE",H104="NO CUMPLE",H106="NO CUMPLE"), "NO CUMPLE", "CUMPLE") -> CUMPLE
B109: CAUSALES DE RECHAZO

Sheet 5
A1: UNIDAD ADMINISTRATIVA ESPECIAL DE AERONAUTICA CIVIL | T1: 1 | U1: 20 | V1: 5
A2: 23001244 H3 DE 2023 | P2: SI | Q2: CUMPLE | R2: SI | T2: 0 | U2: 5 | V2: 0
A3: =RESUMEN!B4 -> Proceso 23001299 H3. REALIZAR LA INTERVENTORIA INTEGRAL AL MEJORAMIENTO DE LAS FRANJAS DE SEGURIDAD DE PISTA DEL AEROPUERTO ANTONIO NARIÑO DE PASTO, NARIÑO (VF). | P3: NO | Q3: NO CUMPLE | R3: NO | T3: NO APORTA | U3: 0
A4: Entregó o anexó poliza de seriedad de la oferta | H4: CUMPLE
A5: Entregó o anexó formato 1 - CARTA DE PRESENTACION DE LA OFERTA | H5: CUMPLE
A6: Entregó o anexó formato 2 - CONFORMACION DEL PROPONENTE | H6: CUMPLE
A7: Entregó o anexó formato 3 - EXPERIENCIA (EXCEL) | H7: CUMPLE
A8: Entregó o anexó formato 4 - CAPACIDAD FINANCIERA Y ORGANIZACIONAL
A9: Entregó o anexó formato 5 - PAGO DE SEGURIDAD SOCIAL
A10: Entregó o anexó formato 6 - VINCULACIÓN DE PERSONAL CON DISCAPACIDAD | H10: CUMPLE
A11: Entregó o anexó formato 7 - PUNTAJE INDUSTRIA NACIONAL | H11: CUMPLE
A12: Entregó o anexó formato 8 - ACEPTACIÓN UY CUMPLIMIENTO PERSONAL CLAVE EVALUABLE | H12: CUMPLE
A13: Entregó o anexó formato 9 - EXPERIENCIA Y FORMACION PERSONAL CLAVE EVALUABLE | H13: CUMPLE
A14: Entregó o anexó formato 10 - AUTORIZACIÓN TRATAMIENTO DE DATOS PERSONALES
A15: Entregó o anexó formato 13 - ACREDITACIÓN EMPRENDIMIENTO Y EMPRESAS MUJERES | H15: CUMPLE
A16: Entregó o anexó formato 13 - EMPRENDIMIENTO MIPYME | H16: CUMPLE
A18: EVALUACIÓN Y ASIGNACION DE PUNTAJES
A19: 5 | B19: CONSORCIO NARIÑO 24 | H19: APORTANTE DE LA EXPERIENCIA | K19: 10.1.2 CONSIDERACIONES PARA LA VALIDEZ DE LA EXPERIENCIA DEL PROPONENTE | O19: =+H19 -> APORTANTE DE LA EXPERIENCIA | Q19: 5
H20: INTEGRANTE | J20: PORCENTAJE DE PARTICIPACION | K20: CONDICIONES DE LA EXPERIENCIA | N20: SI / NO | Q20: NO APORTA | BA20: NIT
H21: INGENIERÍA DE PROYECTOS SAS | J21: 0.5 | K21: CONDICION 1: MIN 50% DE LA EXPERIENCIA | N21: SI | O21: =+H21 -> INGENIERÍA DE PROYECTOS SAS | Q21: 0 | V21: =+H21 -> INGENIERÍA DE PROYECTOS SAS
H22: INGECO INGENIERÍA DE CONSTRUCCIONES SAS | J22: 0.5 | K22: CONDICION 2: MIN 5% DE LA EXPERIENCIA CADA INTEGRANTE | N22: SI | O22: =+H22 -> INGECO INGENIERÍA DE CONSTRUCCIONES SAS | V22: =+H22 -> INGECO INGENIERÍA DE CONSTRUCCIONES SAS
K23: CONDICION 3: SOLO 1 INTEGRANTE NO PRESENTA EXPERIENCIA Y SU PARTICIPACION ES MAX 10% (SI APLICA) | N23: SI | O23: =+H23 -> 0 | Q23: SUBSANAR | V23: =+H23 -> 0
K24: CUMPLE / NO CUMPLE | N24: CUMPLE | O24: =+H24 -> 0 | Q24: CUMPLE | V24: =+H24 -> 0
O25: =+H25 -> 0 | Q25: NO CUMPLE | V25: =+H25 -> 0
H26: TOTAL | J26: =+J21+J22+J23+J24+J25 -> 1 | BA26: 0.5
A27: CODIGOS | B27: 81101500, 80101600 | H27: PRESUPUESTO OFICIAL | J27: 684325699 | L27: =J27/BB63 -> 526.40438 | BA27: =+L27*0.5 -> 263.20219
BA28: AÑO | BB28: SMMLV
A29: 10.1 ACREDITACIÓN DE LA EXPERIENCIA DEL PROPONENTE | BA29: 1990 | BB29: 41025
A30: 10.1.1 CARACTERÍSTICAS DE LOS CONTRATOS PRESENTADOS PARA ACREDITAR LA EXPERIENCIA DEL PROPONENTE | BA30: 1991 | BB30: 51716
A31: EXPERIENCIA GENERAL: El proponente podrá acreditar hasta cinco (5) contratos registrados en el RUP e identificados en al menos uno (1) de los códigos UNSPSC requeridos en la experiencia general; que sumados su valor total, expresado en SMMLV, sea igual o mayor al cien por ciento (100%) del presupuesto oficial, y cuyo objeto, actividades u obligaciones contractuales esté relacionadas con: “INTERVENTORÍA A OBRAS DE CONSTRUCCIÓN O RECONSTRUCCIÓN O AMPLIACIÓN O MEJORAMIENTO O MANTENIMIENTO O REHABILITACIÓN O CONSERVACIÓN DE: VÍAS PRIMARIAS O PISTAS DE AERODROMOS O CALLES DE RODAJE DE AERODROMOS O PLATAFORMAS DE AERÓDROMOS O FRANJAS DE SEGURIDAD, DICHAS OBRAS DEBEN CONTENER LA EJECUCION DE PAVIMENTO ASFÁLTICO O PAVIMENTO EN CONCRETO HIDRÁULICO” | H31: EXPERIENCIA ESPECIFICA: “Por lo menos uno (1) de los contratos válidos aportados como experiencia general debe acreditar: INTERVENTORÍA A OBRAS DE CONSTRUCCIÓN O RECONSTRUCCIÓN O AMPLIACIÓN O REHABILITACIÓN DE: PISTAS DE AERODROMOS O CALLES DE RODAJE DE AERODROMOS O PLATAFORMAS DE AERÓDROMOS, DICHAS OBRAS DEBEN CONTENER LA EJECUCION DE PAVIMENTO ASFÁLTICO O PAVIMENTO EN CONCRETO HIDRÁULICO, cuyo valor sea igual o mayor al 50% del valor del PRESUPUESTO OFICIAL (PO) del presente Proceso de Contratación.” Tratándose de Proponentes Plurales se tendrá en cuenta lo siguiente: i) uno de los integrantes debe aportar como mínimo el cincuenta por ciento (50 %) de la experiencia solicitada; ii) los demás integrantes deben acreditar al menos el cinco por ciento (5 %) de la experiencia solicitada; y iii) sin perjuicio de lo anterior, solo uno (1) de los integrantes, si así lo considera pertinente, podrá no demostrar experiencia. En este último caso, el porcentaje de participación del integrante que no aporta experiencia en la estructura plural no podrá superar el diez por ciento (10%). | BA31: 1993 | BB31: 81510
A32: CODIGOS DE LOS CTOS PRESENTADOS | B32: CTO´S | C32: No. CONSECUTIVO EN EL RUP | D32: CONTRATANTE | E32: OBJETO DEL CONTRATO | F32: CUMPLE CODIGOS? | G32: CUMPLE EXPERIENCIA? | H32: QUIEN APORTA LA EXPERIENCIA? | I32: AÑO DE INICIO DEL CONTRATO | J32: AÑO DE TERMINACION DEL CONTRATO | K32: VALOR TOTAL SMMLV - RUP | L32: % PARTICIPACION | M32: VALOR TOTAL AFECTADO | N32: CUMPLE / NO CUMPLE | Q32: =L27/2 -> 263.20219 | R32: 50% PO | BA32: 1994 | BB32: 98700
A33: 81101500, 80101600 | B33: 1 | C33: RUP 34 INGECO SAS | D33: RISARALDA - ALCALDÍA MUNICIPIO DE PEREIRA | E33: INTERVENTORÍA TÉCNICA, ADMINISTRATIVA, JURÍDICA, FINANCIERA Y AMBIENTAL AL CONTRATO DE OBRA PARA MEJORAMIENTO DE LA PLATAFORMA (ETAPA 3) EN EL AEROPUERTO INTERNACIONAL MATECAÑA DE PEREIRA. | F33: CUMPLE | G33: NO CUMPLE | H33: INGECO INGENIERÍA DE CONSTRUCCIONES SAS | I33: 42732 | J33: 42906 | K33: 777.86 | L33: 0.4 | M33: =IF(AND(F33="CUMPLE",G33="CUMPLE"),(K33*L33),0) -> 0 | N33: CUMPLE | Q33: =+IF(OR(N33="CUMPLE")*AND(M33>=$Q$32),"CUMPLE","NO CUMPLE") -> NO CUMPLE | U33: 2021 | V33: 908526 | BA33: 1995 | BB33: 118933.5
A34: 81101500, 80101600 | B34: 2 | C34: INP 109 | D34: INVIAS | E34: INTERVENTORÍA DEL MEJORAMIENTO Y MANTENIMIENTO INTEGRAL DE LA RUTA BUENAVENTURA - BUGA DEL CORREDOR VIAL DEL PACÍFICO (INCLUIDO EL MANTENIMIENTO RUTINARIO, LA SEÑALIZACIÓN, EL MONITOREO Y VIGILANCIA Y LOS CONTEOS DE TRANSITO ) RUTA 40 TRAMO 4001 | F34: CUMPLE | G34: CUMPLE | H34: INGENIERÍA DE PROYECTOS SAS | I34: 38338 | J34: 40296 | K34: 10895.16 | L34: 0.5 | M34: =IF(AND(F34="CUMPLE",G34="CUMPLE"),(K34*L34),0) -> 5447.58 | N34: CUMPLE | Q34: =+IF(OR(N34="CUMPLE")*AND(M34>=$Q$32),"CUMPLE","NO CUMPLE") -> CUMPLE | U34: 2020 | V34: 877803 | BA34: 1996 | BB34: 142125
A35: 81101500, 80101600 | B35: 3 | C35: INGECO 47 | D35: INVIAS | E35: DTNSA-SOL-1073- INTERVENTORIA MEJORAMIENTO Y MANTENIMIENTO DE LA CARRETERA CUCUTA - PUERTO SANTANDER, SECTOR PR48+0000 - PR53+0758, DEPARTAMENTO NORTE DE SANTANDER. | F35: CUMPLE | G35: CUMPLE | H35: INGECO INGENIERÍA DE CONSTRUCCIONES SAS | I35: 42920 | J35: 42995 | K35: 50.07 | L35: 0.1 | M35: =IF(AND(F35="CUMPLE",G35="CUMPLE"),(K35*L35),0) -> 5.007 | N35: CUMPLE | Q35: =+IF(OR(N35="CUMPLE")*AND(M35>=$Q$32),"CUMPLE","NO CUMPLE") -> NO CUMPLE | U35: 2019 | V35: 828116 | BA35: 1997 | BB35: 172005
A36: 81101500 | B36: 4 | C36: INGECO 71 | D36: UNIDAD ADMINISTRATIVA ESPECIAL DE AERONAUTICA CIVIL - AEROCIVIL | E36: “REALIZAR LA INTERVENTORIA INTEGRAL AL MANTENIMIENTO LADO AIRE Y LADO TIERRA DE AEROPUERTOS REGIONAL CUNDINAMARCA (POR LOTES)” LOTE 1: “REALIZAR LA INTERVENTORIA INTEGRAL AL MANTENIMIENTO LADO AIRE Y LADO TIERRA DEL AEROPUERTO SANTIAGO VILA DE FLANDES, TOLIMA.”. | F36: CUMPLE | G36: CUMPLE | H36: INGECO INGENIERÍA DE CONSTRUCCIONES SAS | I36: 44120 | J36: 44186 | K36: 150.74 | L36: 0.49 | M36: =IF(AND(F36="CUMPLE",G36="CUMPLE"),(K36*L36),0) -> 73.8626 | N36: CUMPLE | Q36: =+IF(OR(N36="CUMPLE")*AND(M36>=$Q$32),"CUMPLE","NO CUMPLE") -> NO CUMPLE | U36: 2018 | V36: 781242 | BA36: 1998 | BB36: 203826
A37: 81101500, 80101600 | B37: 5 | C37: INP 4 | D37: INSTITUTO NACIONAL DE VÍAS - INVÍAS | E37: INTERVENTORIA PARA EL MEJORAMIENTO Y MANTENIMIENTO DE LA CARRETERA BUCARAMANGA - CUESTABOBA RUTA 6603, PR3+0400 AL PR8+0000. DEPARTAMENTO DE SANTANDER | F37: CUMPLE | G37: CUMPLE | H37: INGENIERÍA DE PROYECTOS SAS | I37: 41977 | J37: 42091 | K37: 365.28 | L37: 0.5 | M37: =IF(AND(F37="CUMPLE",G37="CUMPLE"),(K37*L37),0) -> 182.64 | N37: CUMPLE | Q37: =+IF(OR(N37="CUMPLE")*AND(M37>=$Q$32),"CUMPLE","NO CUMPLE") -> NO CUMPLE | U37: 2017 | V37: 737717 | BA37: 1999 | BB37: 236460 | BC37: DISCAPACIDAD | BD37: APORTAN AMBOS
A38: 81101500 | B38: 6 | C38: INGECO 79 | D38: UNIDAD ADMINISTRATIVA ESPECIAL DE AERONAUTICA CIVIL - AEROCIVIL | E38: REALIZAR LA INTERVENTORIA INTEGRAL AL MEJORAMIENTO DE LA VIA SEI, CALLES DE RODAJE Y VIA DE SERVICIO INTERNA EN EL AEROPUERTO SIMON BOLIVAR DE SANTA MARTA | F38: CUMPLE | G38: CUMPLE | H38: INGECO INGENIERÍA DE CONSTRUCCIONES SAS | I38: 44189 | J38: 44449 | K38: 275.15 | L38: 1 | M38: =IF(AND(F38="CUMPLE",G38="CUMPLE"),(K38*L38),0) -> 275.15 | N38: CUMPLE | BC38: 0.4 | BD38: INGENIERÍA DE PROYECTOS SAS, e INGECO INGENIERÍA DE CONSTRUCCIONES SAS | BE38: =M39 -> 5984.2396
A39: EVALUACION EXPERIENCIA GENERAL PROPONENTE | E39: SUMATORIA | M39: =SUM(M33:M38) -> 5984.2396 | BA39: 2002 | BB39: 309000 | BC39: =M39*0.4 -> 2393.6958 | BD39: SMMLV
E40: PROMEDIO | M40: =AVERAGEIF(M33:M38,">0") -> 1196.8479 | BA40: 2003 | BB40: 332000 | BD40: NO CUMPLE
A41: EXP ESPECIFICA 50%= | C41: =+BA27 -> 263.20219 | D41: =E38 -> REALIZAR LA INTERVENTORIA INTEGRAL AL MEJORAMIENTO DE LA VIA SEI, CALLES DE RODAJE Y VIA DE SERVICIO INTERNA EN EL AEROPUERTO SIMON BOLIVAR DE SANTA MARTA | F41: =F38 -> CUMPLE | G41: =G38 -> CUMPLE | H41: =H38 -> INGECO INGENIERÍA DE CONSTRUCCIONES SAS | I41: =I38 -> 44189 | J41: =J38 -> 44449 | K41: =K38 -> 275.15 | L41: =L38 -> 1 | M41: =M38 -> 275.15 | N41: =+IF(M41>=C41,"CUMPLE","NO CUMPLE") -> CUMPLE | Q41: =+IF(OR(N41="CUMPLE")*AND(M41>=$Q$32),"CUMPLE","NO CUMPLE") -> CUMPLE | U41: 2016 | V41: 689455 | BA41: 2004 | BB41: 358000
U42: 2012 | V42: 566700 | BA42: 2005 | BB42: 381500
A44: 10.6.1.3 EQUIPO DE TRABAJO (Personal Clave Evaluable) FORMATO 8 | L44: PUNTAJE ASIGNADO | U44: 2008 | V44: 461500 | BA44: 2006 | BB44: 408000
A45: I. Aportar y diligenciar en forma clara, completa, correcta y legible el “Formato 8 - Aceptación y cumplimiento de la formación académica y la experiencia del personal clave evaluable”, de acuerdo con los requisitos y condiciones que allí se indican y demás señaladas en el Pliego de Condiciones y sus documentos anexos. II. El “Formato 8 – Aceptación y cumplimiento de la formación académica y la experiencia del personal clave evaluable” debe suscribirlo el Proponente persona natural, representante legal de la persona jurídica o representante del Proponente Plural. Para los fines de este numeral se entiende por Personal Clave Evaluable los siguientes perfiles: • Un (1) Director de Interventoría (Ingeniero Civil o Arquitecto) • Un (1) Residente de interventoría (Ingeniero Civil o Arquitecto) CAUSAL DE RECHAZO: LITERAL N. No presentar el “Formato 8 – Aceptación y cumplimiento de la formación y la experiencia del Personal Clave Evaluable” y no subsanar su entrega, en los términos de los numerales “1.6 Reglas de subsanabilidad, explicaciones y aclaraciones” y "3.8.2 Exigencias mínimas de experiencia y formación académica del equipo de trabajo – Personal Clave Evaluable” del Pliego de Condiciones. | L45: CUMPLE | U45: 2007 | V45: 433700 | BA45: 2007 | BB45: 433700 | BC45: V
U46: 2009 | V46: 496900 | BA46: 2008 | BB46: 461500
A47: 3.8.2 (PLIEGO) EXIGENCIAS MÍNIMAS DE EXPERIENCIA Y FORMACIÓN ACADÉMICA DEL EQUIPO DE TRABAJO (Personal Clave Evaluable) | U47: 2011 | V47: 535600 | BA47: 2009 | BB47: 496900
A48: EXPERIENCIA CALVE EVALUABLE ADICIONAL (5 PUNTOS) Y 4.2.2 FORMACIÓN ACADÉMICA ADICIONAL / FORMATO 9 | L48: PUNTAJE ASIGNADO | BA48: 2010 | BB48: 515000
A49: La Entidad asignará cinco (5) puntos al Proponente que se comprometa con el diligenciamiento del “Formato 9 - Experiencia y formación académica adicional del Personal Clave Evaluable” a acreditar que [cada uno de los integrantes que conforman el Personal Clave Evaluable: i) el Director de Interventoría y el Residente de interventoría tienen un (1) año de experiencia específica adicional a la definida en la “Matriz 4 – Lineamientos de requisitos del Personal”. Para otorgar el puntaje basta con diligenciar el “Formato 9 - Experiencia y formación académica adicional del Personal Clave Evaluable | L49: 5 | U49: 2010 | V49: 515000 | BA49: 2011 | BB49: 535600
A50: La Entidad asignará cinco (5) puntos al Proponente que se comprometa con el diligenciamiento del “Formato 9 – Experiencia y formación académica adicional del Personal Clave Evaluable a acreditar que tienen una formación académica adicional a la definida en la “Matriz 4 – Lineamientos de requisitos del Personal” Es decir, si el requisito mínimo de formación académica es contar con un título profesional, se otorgará el puntaje a quien se obligue a presentar un título de posgrado, o si el requisito mínimo de formación académica es contar con un título de posgrado, se otorgará el puntaje a quien acredite un título de posgrado adicional. Para otorgar el puntaje bastará con diligenciar el “Formato 9 - Experiencia y formación académica adicional del Personal Clave Evaluable”. | L50: 5 | U50: 2010 | V50: 515000 | BA50: 2012 | BB50: 566700
U51: 2006 | V51: 408000 | BA51: 2013 | BB51: 589500
A52: 4.3 FACTOR DE SOSTENIBILIDAD. (1 PUNTO) / FORMATO 12 | U52: 2005 | V52: 381500 | BA52: 2014 | BB52: 616000
A53: La Entidad asignará un (1) punto al Proponente que se comprometa con el diligenciamiento del “Formato 12 – Factor de sostenibilidad”, a presentar sus entregables (comunicaciones, informes, memorias de cálculo, diseños por componentes, entre otros), siempre que aplique, en impresión a doble cara, asimismo utilizando papel que cuente con (i) el certificado en el Sello Ambiental Colombiano o (ii) reciclado o procedente de fuentes forestales sostenibles o naturales y estar libre de cloro elemental. De igual manera, y cuando el documento lo permita, se reutilizarán hojas ya usadas por una cara, por ejemplo, para evidencias de trabajo de campo. Adicionalmente, el Proponente deberá contar con una política de reciclaje y/o reutilización de residuos o desechos generados por el funcionamiento de la empresa u oficinas, para lo cual, en los informes de seguimiento establecidos por la Entidad, se deberá hacer alusión a los programas o estrategias de reciclaje y/o reutilización de residuos o desechos. Sobre este factor se exceptúan los entregables que correspondan a Medios Magnéticos o planos cuyo tamaño sobrepase el formato de papel “legal”. | L53: PUNTAJE ASIGNADO | U53: 2004 | V53: 358000 | BA53: 2015 | BB53: 644350
L54: 1 | U54: 2003 | V54: 332000 | BA54: 2016 | BB54: 689455
U55: 2000 | V55: 260100 | BA55: 2017 | BB55: 737717
A56: 4.4 APOYO A LA INDUSTRIA NACIONAL( MAX 20) / FORMATOS 7A O 7B | U56: 1999 | V56: 236438 | BA56: 2018 | BB56: 781242 | BD56: fecha de cierre del proceso | BE56: 30/11/2023
A57: SI OFRECE SERVICIOS NACIONALES | C57: 1. A los proponentes que ofrezcan servicios de origen nacional | L57: 20 | U57: 1998 | V57: 203825 | BA57: 2019 | BB57: 828116 | BC57: =+H21 -> INGENIERÍA DE PROYECTOS SAS | BD57: 23/11/2023 | BE57: ok
C58: 2. A los proponentes que ofrezcan servicios originarios de los paises con lo que Colombia a negociado trato nacional en materia de compras estatales. | U58: 1997 | V58: 172005 | BA58: 2019 | BB58: 828116 | BC58: =+H22 -> INGECO INGENIERÍA DE CONSTRUCCIONES SAS | BD58: 45180 | BE58: ok
C59: 3. A los proponentes que ofrezcan servicios originarios de paises en los cuales aplica el principio de reciprocidad. | U59: 1996 | V59: 142125 | BA59: 2020 | BB59: 877803
C60: 4. A los proponentes que ofrezcan servicios de los paises en la comunidad andina de naciones (CAN), exceptuando las contrataciones por regimen especial para seguridad aerea. | U60: 1995 | V60: 118934 | BA60: 2021 | BB60: 908526
A61: SI SOLO OFRECE SERVICIOS EXTRANJEROS | C61: A los proponentes que incorporen servicios colombianos en servicios extranjeros * El oferente debera detallar el ofrecimiento. | U61: 1994 | V61: 98700 | BA61: 2022 | BB61: 1000000
U62: 2006 | V62: 408000 | BA62: 2023 | BB62: 1160000
A63: 10.6.1.6 (PLIEGO BASE) EMPRENDIMIENTOS Y EMPRESAS MUJERES / FORMATO 13VINCULACIÓN DE PERSONAS EN CONDICIÓN DE DISCAPACIDAD / FORMATO 6 | U63: 2005 | V63: 381500 | BA63: 2024 | BB63: 1300000
A64: La Entidad asignará un (1) punto al Proponente que acredite el número mínimo de personas en condición de discapacidad, de acuerdo con el número total de trabajadores de la planta de su personal, en los términos señalados en el artículo 2.2.1.2.4.2.6. del Decreto 1082 de 2015. Para esto debe: i) diligenciar el “Formato 6 – Vinculación de personas en condición de discapacidad suscrito por la persona natural, el representante legal o el revisor fiscal, según corresponda, en el cual certifique el número total de trabajadores vinculados a la planta de personal del Proponente, o el integrante del Proponente Plural, a la fecha de cierre del Proceso de Contratación, ii) acreditar el número mínimo de personas en condición de discapacidad en su planta de personal, de conformidad con lo señalado en el certificado expedido por el Ministerio de Trabajo, el cual deberá estar vigente a la fecha de cierre del Proceso de Contratación. Para los Proponentes Plurales, la Entidad tendrá en cuenta la planta de personal del integrante del Proponente Plural que aporte como mínimo el cuarenta por ciento (40 %) de la experiencia requerida para el Proceso de Contratación. Este porcentaje de experiencia se tomará sobre el “Valor mínimo a certificar (como % del Presupuesto Oficial expresado en SMMLV)” de conformidad con el numeral 3.8.1 del Pliego de Condiciones, sin importar si la experiencia es general o específica. Tratándose de los Proponentes Plurales, el “Formato 6 – Vinculación de personas en condición de discapacidad” debe suscribirlo el integrante del Proponente Plural, ya sea el representante legal o revisor fiscal, según corresponda, de la persona jurídica o la persona natural, siempre que dicho integrante aporte como mínimo el cuarenta por ciento (40 %) de la experiencia requerida para el Proceso de Contratación, y que además vincule el mínimo de trabajadores con discapacidad exigido en el Decreto 1082 de 2015. | L64: PUNTAJE ASIGNADO | U64: 2004 | V64: 358000
L65: 1 | U65: 2003 | V65: 332000
U66: 1993 | V66: 81510
A67: 10.6.1.7 (PLIEGO BASE) EMPRENDIMIENTOS Y EMPRESAS MUJERES / FORMATO 13
A68: La Entidad asignará un puntaje de cero punto veinticinco (0.25) puntos al Proponente que acredite la calidad de emprendimientos y empresas de mujeres con domicilio en el territorio nacional de conformidad con lo previsto en el artículo 2.2.1.2.4.2.14. del Decreto 1082 de 2015 o la norma que lo modifique, sustituya o complemente. Para que el Proponente obtenga este puntaje debe diligenciar el “Formato 13 – Acreditación de emprendimientos y empresas de mujeres” y aportar la documentación requerida. Tratándose de Proponentes Plurales, este puntaje solo se otorgará si por lo menos uno de los integrantes acredita la calidad de emprendimientos y empresas de mujeres y tiene una participación igual o superior al diez por ciento (10 %) en el Consorcio o en la Unión Temporal. | L68: 0.25
A75: 4.7 MIPYME DOMICILIADA EN COLOMBIA / RUP
A76: La Entidad otorgará un puntaje de cero punto veinticinco (0.25) puntos al Proponente que acredite la calidad de Mipyme domiciliada en Colombia, de conformidad con el artículo 2.2.1.2.4.2.4 del Decreto 1082 de 2015, en concordancia con el parágrafo del artículo 2.2.1.13.2.4 del Decreto 1074 de 2015, o la norma que lo modifique, complemente o sustituya. Así las cosas, para obtener el puntaje, el Proponente entregará copia del certificado del Registro Único de Proponentes (RUP), el cual deberá encontrarse vigente y en firme al momento de su presentación. Tratándose de Proponentes Plurales este puntaje se otorgará si por lo menos uno (1) de los integrantes acredita la calidad de Mipyme y tiene una participación igual o superior al diez por ciento (10 %) en el Consorcio o en la Unión Temporal. | L76: 0.25
A83: EVALUACION FINAL | H83: CUMPLE | L83: =+L65+L57+L54+L50+L49+L68+L76 -> 32.5 | U83: 1992 | V83: 65190
A84: OBSERVACIONES: | U84: 1991 | V84: 51720
A85: (1) Se requirió al proponente allegar documentos para validar la experiencia del contrato de oredn 1. Revisados los documentos de este contrato, se encuentra que se aporta un acta parcial donde se muestra la ejecución de pavimento en concreto hidráulico MR45, y verificadas el acta de recibo, y el acta de liquidación, estas no contienen las actividades ejecutadas dentro del contrato, con lo cual no se puede corroborar lo señalado en el acta parcial. Por esta razón, teniendo en cuenta lo dispuesto en el numeral 10.1.5 del Documento base, este contrato no se puede validar como experiencia específica dentro del proceso, solo es válido como experiencia general. (2) El proponente subsano el contrato de orden 1. Radicó en SECOP II el documento “CERTIFICACIÓN CONTRACTUAL”, del contrato 3627 de 2016, suscrito por la Dirección Operativa de Obras de infraestructura y Equipamiento Urbano de la Alcaldía de Pereira, se evidencian los ítems ejecutados del contrato de obra, y entre ellos el capítulo F. Pavimento, donde se encuentran los ítems 28, y 28ª, Pavimento en concreto hidráulico MR45 e=35 cm FAA P-401, y Pavimento en concreto hidráulico MR45 e=20 cm. Por lo anterior, el contrato aportado es válido como experiencia. | U85: 1990 | V85: 41025
A98: Chequeo incial Presupuesto
A99: PANTALLAZO SOBRE SECOP II- DEL VALOR EDITADO POR EL OFERENTE, QUE DEBE COICIDIR CON EL VALOR TOTAL DEL PRESUPUESTO OFICIAL | F99: PANTALLAZO TOTAL PRESUPUESTO OFICIAL
N100: CUMPLE
A101: K. Que el valor total de la oferta exceda el Presupuesto Oficial estimado para el Proceso de Contratación y no se subsane ese defecto. L. Que la oferta económica supere el valor por etapas y no se subsane ese defecto.
B102: VERIFICACIÓN VALOR FASES /SUBTOTALES | E102: VALOR PRESUPUESTO OFICIAL | F102: INSERTAR VALOR OFERTA ECONOMICA PROPONENTE | G102: CAUSAL DE RECHAZO???
A103: 1 | B103: FASE I. APROPIACIÓN DE ESTUDIOS | E103: 16065000 | F103: 16042050 | G103: =+IF(F103>E103, "CAUSAL DE RECHAZO M", "CUMPLE") -> CUMPLE | H103: CUMPLE
A104: 2 | B104: FASE II. MEJORAMIENTO FRANJAS SEGURIDAD PISTA | E104: 376740000 | F104: 376731875 | G104: =+IF(F104>E104, "CAUSAL DE RECHAZO M", "CUMPLE") -> CUMPLE | H104: CUMPLE
A105: 3 | B105: COSTOS INDIRECTOS | E105: 105000000 | F105: 105000000 | G105: =+IF(F105>E105, "CAUSAL DE RECHAZO M", "CUMPLE") -> CUMPLE | H105: CUMPLE
A106: 4 | B106: GASTOS REEMBOLSABLES | E106: 77258613 | F106: 77258075 | G106: =+IF(F106>E106, "CAUSAL DE RECHAZO M", "CUMPLE") -> CUMPLE | H106: CUMPLE
A107: 5 | B107: VALOR TOTAL INCLUYE IVA | E107: 684325699 | F107: 684288080 | G107: =+IF(F107>E107, "CAUSAL DE RECHAZO L", "CUMPLE") -> CUMPLE | H107: CUMPLE
E108: EVALUACION GENERAL DE OFERTA ECONOMICA | H108: =+IF(OR(H103="NO CUMPLE",H104="NO CUMPLE",H105="NO CUMPLE",H107="NO CUMPLE"), "NO CUMPLE", "CUMPLE") -> CUMPLE
B110: CAUSALES DE RECHAZO

Sheet 6
A1: UNIDAD ADMINISTRATIVA ESPECIAL DE AERONAUTICA CIVIL | T1: 1 | U1: 20 | V1: 5
A2: 23001244 H3 DE 2023 | P2: SI | Q2: CUMPLE | R2: SI | T2: 0 | U2: 5 | V2: 0
A3: =RESUMEN!B4 -> Proceso 23001299 H3. REALIZAR LA INTERVENTORIA INTEGRAL AL MEJORAMIENTO DE LAS FRANJAS DE SEGURIDAD DE PISTA DEL AEROPUERTO ANTONIO NARIÑO DE PASTO, NARIÑO (VF). | P3: NO | Q3: NO CUMPLE | R3: NO | T3: NO APORTA | U3: 0
A4: Entregó o anexó poliza de seriedad de la oferta | H4: CUMPLE
A5: Entregó o anexó formato 1 - CARTA DE PRESENTACION DE LA OFERTA | H5: CUMPLE
A6: Entregó o anexó formato 2 - CONFORMACION DEL PROPONENTE | H6: CUMPLE
A7: Entregó o anexó formato 3 - EXPERIENCIA (EXCEL) | H7: CUMPLE
A8: Entregó o anexó formato 4 - CAPACIDAD FINANCIERA Y ORGANIZACIONAL
A9: Entregó o anexó formato 5 - PAGO DE SEGURIDAD SOCIAL
A10: Entregó o anexó formato 6 - VINCULACIÓN DE PERSONAL CON DISCAPACIDAD | H10: CUMPLE
A11: Entregó o anexó formato 7 - PUNTAJE INDUSTRIA NACIONAL | H11: CUMPLE
A12: Entregó o anexó formato 8 - ACEPTACIÓN UY CUMPLIMIENTO PERSONAL CLAVE EVALUABLE | H12: CUMPLE
A13: Entregó o anexó formato 9 - EXPERIENCIA Y FORMACION PERSONAL CLAVE EVALUABLE | H13: CUMPLE
A14: Entregó o anexó formato 10 - AUTORIZACIÓN TRATAMIENTO DE DATOS PERSONALES
A15: Entregó o anexó formato 13 - ACREDITACIÓN EMPRENDIMIENTO Y EMPRESAS MUJERES | H15: CUMPLE
A16: Entregó o anexó formato 13 - EMPRENDIMIENTO MIPYME | H16: CUMPLE
A18: EVALUACIÓN Y ASIGNACION DE PUNTAJES
A19: 6 | B19: CONSORCIO AERO GAP | H19: APORTANTE DE LA EXPERIENCIA | K19: 10.1.2 CONSIDERACIONES PARA LA VALIDEZ DE LA EXPERIENCIA DEL PROPONENTE | O19: =+H19 -> APORTANTE DE LA EXPERIENCIA | Q19: 5
H20: INTEGRANTE | J20: PORCENTAJE DE PARTICIPACION | K20: CONDICIONES DE LA EXPERIENCIA | N20: SI / NO | Q20: NO APORTA | BA20: NIT
H21: CONSULTORES DEL OCCIDENTE | J21: 0.5 | K21: CONDICION 1: MIN 50% DE LA EXPERIENCIA | N21: SI | O21: =+H21 -> CONSULTORES DEL OCCIDENTE | Q21: 0 | V21: =+H21 -> CONSULTORES DEL OCCIDENTE
H22: GERMAN A PERDOMO SAS | J22: 0.5 | K22: CONDICION 2: MIN 5% DE LA EXPERIENCIA CADA INTEGRANTE | N22: SI | O22: =+H22 -> GERMAN A PERDOMO SAS | V22: =+H22 -> GERMAN A PERDOMO SAS
K23: CONDICION 3: SOLO 1 INTEGRANTE NO PRESENTA EXPERIENCIA Y SU PARTICIPACION ES MAX 10% (SI APLICA) | N23: SI | O23: =+H23 -> 0 | Q23: SUBSANAR | V23: =+H23 -> 0
K24: CUMPLE / NO CUMPLE | N24: CUMPLE | O24: =+H24 -> 0 | Q24: CUMPLE | V24: =+H24 -> 0
O25: =+H25 -> 0 | Q25: NO CUMPLE | V25: =+H25 -> 0
H26: TOTAL | J26: =+J21+J22+J23+J24+J25 -> 1 | BA26: 0.5
A27: CODIGOS | B27: 81101500, 80101600 | H27: PRESUPUESTO OFICIAL | J27: 684325699 | L27: =J27/BB62 -> 526.40438 | BA27: =+L27*0.5 -> 263.20219
BA28: AÑO | BB28: SMMLV
A29: 10.1 ACREDITACIÓN DE LA EXPERIENCIA DEL PROPONENTE | BA29: 1990 | BB29: 41025
A30: 10.1.1 CARACTERÍSTICAS DE LOS CONTRATOS PRESENTADOS PARA ACREDITAR LA EXPERIENCIA DEL PROPONENTE | BA30: 1991 | BB30: 51716
A31: EXPERIENCIA GENERAL: El proponente podrá acreditar hasta cinco (5) contratos registrados en el RUP e identificados en al menos uno (1) de los códigos UNSPSC requeridos en la experiencia general; que sumados su valor total, expresado en SMMLV, sea igual o mayor al cien por ciento (100%) del presupuesto oficial, y cuyo objeto, actividades u obligaciones contractuales esté relacionadas con: “INTERVENTORÍA A OBRAS DE CONSTRUCCIÓN O RECONSTRUCCIÓN O AMPLIACIÓN O MEJORAMIENTO O MANTENIMIENTO O REHABILITACIÓN O CONSERVACIÓN DE: VÍAS PRIMARIAS O PISTAS DE AERODROMOS O CALLES DE RODAJE DE AERODROMOS O PLATAFORMAS DE AERÓDROMOS O FRANJAS DE SEGURIDAD, DICHAS OBRAS DEBEN CONTENER LA EJECUCION DE PAVIMENTO ASFÁLTICO O PAVIMENTO EN CONCRETO HIDRÁULICO” | H31: EXPERIENCIA ESPECIFICA: “Por lo menos uno (1) de los contratos válidos aportados como experiencia general debe acreditar: INTERVENTORÍA A OBRAS DE CONSTRUCCIÓN O RECONSTRUCCIÓN O AMPLIACIÓN O REHABILITACIÓN DE: PISTAS DE AERODROMOS O CALLES DE RODAJE DE AERODROMOS O PLATAFORMAS DE AERÓDROMOS, DICHAS OBRAS DEBEN CONTENER LA EJECUCION DE PAVIMENTO ASFÁLTICO O PAVIMENTO EN CONCRETO HIDRÁULICO, cuyo valor sea igual o mayor al 50% del valor del PRESUPUESTO OFICIAL (PO) del presente Proceso de Contratación.” Tratándose de Proponentes Plurales se tendrá en cuenta lo siguiente: i) uno de los integrantes debe aportar como mínimo el cincuenta por ciento (50 %) de la experiencia solicitada; ii) los demás integrantes deben acreditar al menos el cinco por ciento (5 %) de la experiencia solicitada; y iii) sin perjuicio de lo anterior, solo uno (1) de los integrantes, si así lo considera pertinente, podrá no demostrar experiencia. En este último caso, el porcentaje de participación del integrante que no aporta experiencia en la estructura plural no podrá superar el diez por ciento (10%). | BA31: 1993 | BB31: 81510
A32: CODIGOS DE LOS CTOS PRESENTADOS | B32: CTO´S | C32: No. CONSECUTIVO EN EL RUP | D32: CONTRATANTE | E32: OBJETO DEL CONTRATO | F32: CUMPLE CODIGOS? | G32: CUMPLE EXPERIENCIA? | H32: QUIEN APORTA LA EXPERIENCIA? | I32: AÑO DE INICIO DEL CONTRATO | J32: AÑO DE TERMINACION DEL CONTRATO | K32: VALOR TOTAL SMMLV - RUP | L32: % PARTICIPACION | M32: VALOR TOTAL AFECTADO | N32: CUMPLE / NO CUMPLE | Q32: =L27/2 -> 263.20219 | R32: 50% PO | BA32: 1994 | BB32: 98700
A33: 81101500, 80101600 | B33: 1 | C33: CONSULTORES DEL OCCIDENTE SAS 30 | D33: AEROCIVIL | E33: CONTRATAR LA INTERVENTORÍA TÉCNICA Y ADMINISTRATIVA PARA LA CONSTRUCCIÓN DE LA INFRAESTRUCTURA AEROPORTUARIA Y EL MANTENIMIENTO DE LA PISTA EN EL AEROPUERTO "EL ALCARAVÁN" DE YOPAL | F33: CUMPLE | G33: CUMPLE | H33: CONSULTORES DE OCCIDENTE | I33: 23/01/2012 | J33: 17/11/2012 | K33: 2105.17 | L33: 0.35 | M33: =IF(AND(F33="CUMPLE",G33="CUMPLE"),(K33*L33),0) -> 736.8095 | N33: CUMPLE | Q33: =+IF(OR(N33="CUMPLE")*AND(M33>=$Q$32),"CUMPLE","NO CUMPLE") -> CUMPLE | U33: 2021 | V33: 908526 | BA33: 1995 | BB33: 118933.5
A34: 81101500, 80101600 | B34: 2 | C34: CONSULTORES DEL OCCIDENTE SAS 31 | D34: AEROCIVIL | E34: REALIZAR LA INTERVENTORÍA TÉCNICA Y ADMINISTRATIVA PARA LAS OBRAS DE MANTENIMIENTO DE LA PISTA DEL AEROPUERTO ALFONSO LÓPEZ PUMAREJO DE VALLEDUPAR | F34: CUMPLE | G34: CUMPLE | H34: CONSULTORES DE OCCIDENTE | I34: 30/01/2012 | J34: 17/08/2012 | K34: 749.76 | L34: 0.5 | M34: =IF(AND(F34="CUMPLE",G34="CUMPLE"),(K34*L34),0) -> 374.88 | N34: CUMPLE | Q34: =+IF(OR(N34="CUMPLE")*AND(M34>=$Q$32),"CUMPLE","NO CUMPLE") -> CUMPLE | U34: 2020 | V34: 877803 | BA34: 1996 | BB34: 142125
A35: 80101600 | B35: 3 | C35: CONSULTORES DEL OCCIDENTE SAS 135 GAPP SAS 103 | D35: AEROCIVIL | E35: REALIZAR INTERVENTORÍA TÉCNICA Y ADMINISTRATIVA PARA "LOS ESTUDIOS Y DISEÑOS DE TWR, PLATAFORMA, TERMINAL Y OBRAS DE MANTENIMIENTO" LA CONSTRUCCIÓN DE TWR Y LA AMPLIACIÓN DE PLATAFORMA DEL AEROPUERTO EL EDÉN DE ARMENIA | F35: CUMPLE | G35: CUMPLE | H35: GERMAN A PERDOMO SAS | I35: 14/09/2017 | J35: 23/12/2019 | K35: 3609.01 | L35: 0.4 | M35: =IF(AND(F35="CUMPLE",G35="CUMPLE"),(K35*L35),0) -> 1443.604 | N35: CUMPLE | Q35: =+IF(OR(N35="CUMPLE")*AND(M35>=$Q$32),"CUMPLE","NO CUMPLE") -> CUMPLE | U35: 2019 | V35: 828116 | BA35: 1997 | BB35: 172005
Q36: =+IF(OR(N36="CUMPLE")*AND(M36>=$Q$32),"CUMPLE","NO CUMPLE") -> NO CUMPLE | U36: 2018 | V36: 781242 | BA36: 1998 | BB36: 203826 | BC36: DISCAPACIDAD | BD36: APORTA
Q37: =+IF(OR(N37="CUMPLE")*AND(M37>=$Q$32),"CUMPLE","NO CUMPLE") -> NO CUMPLE | U37: 2017 | V37: 737717 | BA37: 1999 | BB37: 236460 | BC37: 0.4 | BD37: GERMAN A PERDOMO SAS | BE37: =K35*0.35 -> 1263.1535
A38: EVALUACION EXPERIENCIA GENERAL PROPONENTE | E38: SUMATORIA | M38: =SUM(M33:M37) -> 2555.2935 | BA38: 2002 | BB38: 309000 | BC38: =M38*0.4 -> 1022.1174 | BD38: SMMLV
E39: PROMEDIO | M39: =AVERAGEIF(M33:M37,">0") -> 851.7645 | BA39: 2003 | BB39: 332000 | BD39: SI CUMPLE
A40: EXP ESPECIFICA 50%= | C40: =+BA27 -> 263.20219 | D40: =+E33 -> CONTRATAR LA INTERVENTORÍA TÉCNICA Y ADMINISTRATIVA PARA LA CONSTRUCCIÓN DE LA INFRAESTRUCTURA AEROPORTUARIA Y EL MANTENIMIENTO DE LA PISTA EN EL AEROPUERTO "EL ALCARAVÁN" DE YOPAL | F40: =+F33 -> CUMPLE | G40: =+G33 -> CUMPLE | H40: =+H33 -> CONSULTORES DE OCCIDENTE | I40: =+I33 -> 23/01/2012 | J40: =+J33 -> 17/11/2012 | K40: =+K33 -> 2105.17 | L40: =+L33 -> 0.35 | M40: =+M33 -> 736.8095 | N40: =+IF(M40>=C40,"CUMPLE","NO CUMPLE") -> CUMPLE | Q40: =+IF(OR(N40="CUMPLE")*AND(M40>=$Q$32),"CUMPLE","NO CUMPLE") -> CUMPLE | U40: 2016 | V40: 689455 | BA40: 2004 | BB40: 358000
U41: 2012 | V41: 566700 | BA41: 2005 | BB41: 381500
A43: 10.6.1.3 EQUIPO DE TRABAJO (Personal Clave Evaluable) FORMATO 8 | L43: PUNTAJE ASIGNADO | U43: 2008 | V43: 461500 | BA43: 2006 | BB43: 408000
A44: I. Aportar y diligenciar en forma clara, completa, correcta y legible el “Formato 8 - Aceptación y cumplimiento de la formación académica y la experiencia del personal clave evaluable”, de acuerdo con los requisitos y condiciones que allí se indican y demás señaladas en el Pliego de Condiciones y sus documentos anexos. II. El “Formato 8 – Aceptación y cumplimiento de la formación académica y la experiencia del personal clave evaluable” debe suscribirlo el Proponente persona natural, representante legal de la persona jurídica o representante del Proponente Plural. Para los fines de este numeral se entiende por Personal Clave Evaluable los siguientes perfiles: • Un (1) Director de Interventoría (Ingeniero Civil o Arquitecto) • Un (1) Residente de interventoría (Ingeniero Civil o Arquitecto) CAUSAL DE RECHAZO: LITERAL N. No presentar el “Formato 8 – Aceptación y cumplimiento de la formación y la experiencia del Personal Clave Evaluable” y no subsanar su entrega, en los términos de los numerales “1.6 Reglas de subsanabilidad, explicaciones y aclaraciones” y "3.8.2 Exigencias mínimas de experiencia y formación académica del equipo de trabajo – Personal Clave Evaluable” del Pliego de Condiciones. | L44: CUMPLE | U44: 2007 | V44: 433700 | BA44: 2007 | BB44: 433700 | BC44: V
U45: 2009 | V45: 496900 | BA45: 2008 | BB45: 461500
A46: 3.8.2 (PLIEGO) EXIGENCIAS MÍNIMAS DE EXPERIENCIA Y FORMACIÓN ACADÉMICA DEL EQUIPO DE TRABAJO (Personal Clave Evaluable) | U46: 2011 | V46: 535600 | BA46: 2009 | BB46: 496900
A47: EXPERIENCIA CALVE EVALUABLE ADICIONAL (5 PUNTOS) Y 4.2.2 FORMACIÓN ACADÉMICA ADICIONAL / FORMATO 9 | L47: PUNTAJE ASIGNADO | BA47: 2010 | BB47: 515000
A48: La Entidad asignará cinco (5) puntos al Proponente que se comprometa con el diligenciamiento del “Formato 9 - Experiencia y formación académica adicional del Personal Clave Evaluable” a acreditar que [cada uno de los integrantes que conforman el Personal Clave Evaluable: i) el Director de Interventoría y el Residente de interventoría tienen un (1) año de experiencia específica adicional a la definida en la “Matriz 4 – Lineamientos de requisitos del Personal”. Para otorgar el puntaje basta con diligenciar el “Formato 9 - Experiencia y formación académica adicional del Personal Clave Evaluable | L48: 5 | U48: 2010 | V48: 515000 | BA48: 2011 | BB48: 535600
A49: La Entidad asignará cinco (5) puntos al Proponente que se comprometa con el diligenciamiento del “Formato 9 – Experiencia y formación académica adicional del Personal Clave Evaluable a acreditar que tienen una formación académica adicional a la definida en la “Matriz 4 – Lineamientos de requisitos del Personal” Es decir, si el requisito mínimo de formación académica es contar con un título profesional, se otorgará el puntaje a quien se obligue a presentar un título de posgrado, o si el requisito mínimo de formación académica es contar con un título de posgrado, se otorgará el puntaje a quien acredite un título de posgrado adicional. Para otorgar el puntaje bastará con diligenciar el “Formato 9 - Experiencia y formación académica adicional del Personal Clave Evaluable”. | L49: 5 | U49: 2010 | V49: 515000 | BA49: 2012 | BB49: 566700
U50: 2006 | V50: 408000 | BA50: 2013 | BB50: 589500
A51: 4.3 FACTOR DE SOSTENIBILIDAD. (1 PUNTO) / FORMATO 12 | U51: 2005 | V51: 381500 | BA51: 2014 | BB51: 616000
A52: La Entidad asignará un (1) punto al Proponente que se comprometa con el diligenciamiento del “Formato 12 – Factor de sostenibilidad”, a presentar sus entregables (comunicaciones, informes, memorias de cálculo, diseños por componentes, entre otros), siempre que aplique, en impresión a doble cara, asimismo utilizando papel que cuente con (i) el certificado en el Sello Ambiental Colombiano o (ii) reciclado o procedente de fuentes forestales sostenibles o naturales y estar libre de cloro elemental. De igual manera, y cuando el documento lo permita, se reutilizarán hojas ya usadas por una cara, por ejemplo, para evidencias de trabajo de campo. Adicionalmente, el Proponente deberá contar con una política de reciclaje y/o reutilización de residuos o desechos generados por el funcionamiento de la empresa u oficinas, para lo cual, en los informes de seguimiento establecidos por la Entidad, se deberá hacer alusión a los programas o estrategias de reciclaje y/o reutilización de residuos o desechos. Sobre este factor se exceptúan los entregables que correspondan a Medios Magnéticos o planos cuyo tamaño sobrepase el formato de papel “legal”. | L52: PUNTAJE ASIGNADO | U52: 2004 | V52: 358000 | BA52: 2015 | BB52: 644350
L53: 1 | U53: 2003 | V53: 332000 | BA53: 2016 | BB53: 689455
U54: 2000 | V54: 260100 | BA54: 2017 | BB54: 737717
A55: 4.4 APOYO A LA INDUSTRIA NACIONAL( MAX 20) / FORMATOS 7A O 7B | U55: 1999 | V55: 236438 | BA55: 2018 | BB55: 781242 | BD55: fecha de cierre del proceso | BE55: 30/11/2023
A56: SI OFRECE SERVICIOS NACIONALES | C56: 1. A los proponentes que ofrezcan servicios de origen nacional | L56: 20 | U56: 1998 | V56: 203825 | BA56: 2019 | BB56: 828116 | BC56: =+H21 -> CONSULTORES DEL OCCIDENTE | BD56: 23/11/2023 | BE56: ok
C57: 2. A los proponentes que ofrezcan servicios originarios de los paises con lo que Colombia a negociado trato nacional en materia de compras estatales. | U57: 1997 | V57: 172005 | BA57: 2019 | BB57: 828116 | BC57: =+H22 -> GERMAN A PERDOMO SAS | BD57: 45180 | BE57: ok
C58: 3. A los proponentes que ofrezcan servicios originarios de paises en los cuales aplica el principio de reciprocidad. | U58: 1996 | V58: 142125 | BA58: 2020 | BB58: 877803
C59: 4. A los proponentes que ofrezcan servicios de los paises en la comunidad andina de naciones (CAN), exceptuando las contrataciones por regimen especial para seguridad aerea. | U59: 1995 | V59: 118934 | BA59: 2021 | BB59: 908526
A60: SI SOLO OFRECE SERVICIOS EXTRANJEROS | C60: A los proponentes que incorporen servicios colombianos en servicios extranjeros * El oferente debera detallar el ofrecimiento. | U60: 1994 | V60: 98700 | BA60: 2022 | BB60: 1000000
U61: 2006 | V61: 408000 | BA61: 2023 | BB61: 1160000
A62: 10.6.1.6 (PLIEGO BASE) EMPRENDIMIENTOS Y EMPRESAS MUJERES / FORMATO 13VINCULACIÓN DE PERSONAS EN CONDICIÓN DE DISCAPACIDAD / FORMATO 6 | U62: 2005 | V62: 381500 | BA62: 2024 | BB62: 1300000
A63: La Entidad asignará un (1) punto al Proponente que acredite el número mínimo de personas en condición de discapacidad, de acuerdo con el número total de trabajadores de la planta de su personal, en los términos señalados en el artículo 2.2.1.2.4.2.6. del Decreto 1082 de 2015. Para esto debe: i) diligenciar el “Formato 6 – Vinculación de personas en condición de discapacidad suscrito por la persona natural, el representante legal o el revisor fiscal, según corresponda, en el cual certifique el número total de trabajadores vinculados a la planta de personal del Proponente, o el integrante del Proponente Plural, a la fecha de cierre del Proceso de Contratación, ii) acreditar el número mínimo de personas en condición de discapacidad en su planta de personal, de conformidad con lo señalado en el certificado expedido por el Ministerio de Trabajo, el cual deberá estar vigente a la fecha de cierre del Proceso de Contratación. Para los Proponentes Plurales, la Entidad tendrá en cuenta la planta de personal del integrante del Proponente Plural que aporte como mínimo el cuarenta por ciento (40 %) de la experiencia requerida para el Proceso de Contratación. Este porcentaje de experiencia se tomará sobre el “Valor mínimo a certificar (como % del Presupuesto Oficial expresado en SMMLV)” de conformidad con el numeral 3.8.1 del Pliego de Condiciones, sin importar si la experiencia es general o específica. Tratándose de los Proponentes Plurales, el “Formato 6 – Vinculación de personas en condición de discapacidad” debe suscribirlo el integrante del Proponente Plural, ya sea el representante legal o revisor fiscal, según corresponda, de la persona jurídica o la persona natural, siempre que dicho integrante aporte como mínimo el cuarenta por ciento (40 %) de la experiencia requerida para el Proceso de Contratación, y que además vincule el mínimo de trabajadores con discapacidad exigido en el Decreto 1082 de 2015. | L63: PUNTAJE ASIGNADO | U63: 2004 | V63: 358000
L64: 1 | U64: 2003 | V64: 332000
U65: 1993 | V65: 81510
A66: 10.6.1.7 (PLIEGO BASE) EMPRENDIMIENTOS Y EMPRESAS MUJERES / FORMATO 13
A67: La Entidad asignará un puntaje de cero punto veinticinco (0.25) puntos al Proponente que acredite la calidad de emprendimientos y empresas de mujeres con domicilio en el territorio nacional de conformidad con lo previsto en el artículo 2.2.1.2.4.2.14. del Decreto 1082 de 2015 o la norma que lo modifique, sustituya o complemente. Para que el Proponente obtenga este puntaje debe diligenciar el “Formato 13 – Acreditación de emprendimientos y empresas de mujeres” y aportar la documentación requerida. Tratándose de Proponentes Plurales, este puntaje solo se otorgará si por lo menos uno de los integrantes acredita la calidad de emprendimientos y empresas de mujeres y tiene una participación igual o superior al diez por ciento (10 %) en el Consorcio o en la Unión Temporal. | L67: 0.25
A74: 4.7 MIPYME DOMICILIADA EN COLOMBIA / RUP
A75: La Entidad otorgará un puntaje de cero punto veinticinco (0.25) puntos al Proponente que acredite la calidad de Mipyme domiciliada en Colombia, de conformidad con el artículo 2.2.1.2.4.2.4 del Decreto 1082 de 2015, en concordancia con el parágrafo del artículo 2.2.1.13.2.4 del Decreto 1074 de 2015, o la norma que lo modifique, complemente o sustituya. Así las cosas, para obtener el puntaje, el Proponente entregará copia del certificado del Registro Único de Proponentes (RUP), el cual deberá encontrarse vigente y en firme al momento de su presentación. Tratándose de Proponentes Plurales este puntaje se otorgará si por lo menos uno (1) de los integrantes acredita la calidad de Mipyme y tiene una participación igual o superior al diez por ciento (10 %) en el Consorcio o en la Unión Temporal. | L75: 0.25
A82: EVALUACION FINAL | H82: CUMPLE | L82: =+L64+L56+L53+L49+L48+L67+L75 -> 32.5 | U82: 1992 | V82: 65190
A83: OBSERVACIONES: | U83: 1991 | V83: 51720
A84: (1) Dentro del contrato de orden 1 se ejecutó la ampliación de la plataforma del aeropuerto yopal, la ampliación de las calles de rodaje Bravo, Eco, y calle paralela a la pista | U84: 1990 | V84: 41025
A97: Chequeo incial Presupuesto
A98: PANTALLAZO SOBRE SECOP II- DEL VALOR EDITADO POR EL OFERENTE, QUE DEBE COICIDIR CON EL VALOR TOTAL DEL PRESUPUESTO OFICIAL | F98: PANTALLAZO TOTAL PRESUPUESTO OFICIAL
N99: CUMPLE
A100: K. Que el valor total de la oferta exceda el Presupuesto Oficial estimado para el Proceso de Contratación y no se subsane ese defecto. L. Que la oferta económica supere el valor por etapas y no se subsane ese defecto.
B101: VERIFICACIÓN VALOR FASES /SUBTOTALES | E101: VALOR PRESUPUESTO OFICIAL | F101: INSERTAR VALOR OFERTA ECONOMICA PROPONENTE | G101: CAUSAL DE RECHAZO???
A102: 1 | B102: FASE I. APROPIACIÓN DE ESTUDIOS | E102: 16065000 | F102: 16065000 | G102: =+IF(F102>E102, "CAUSAL DE RECHAZO M", "CUMPLE") -> CUMPLE | H102: CUMPLE
A103: 2 | B103: FASE II. MEJORAMIENTO FRANJAS SEGURIDAD PISTA | E103: 376740000 | F103: 376740000 | G103: =+IF(F103>E103, "CAUSAL DE RECHAZO M", "CUMPLE") -> CUMPLE | H103: CUMPLE
A104: 3 | B104: COSTOS INDIRECTOS | E104: 105000000 | F104: 105000000 | G104: =+IF(F104>E104, "CAUSAL DE RECHAZO M", "CUMPLE") -> CUMPLE | H104: CUMPLE
A105: 4 | B105: GASTOS REEMBOLSABLES | E105: 77258613 | F105: 77258000 | G105: =+IF(F105>E105, "CAUSAL DE RECHAZO M", "CUMPLE") -> CUMPLE | H105: CUMPLE
A106: 5 | B106: VALOR TOTAL INCLUYE IVA | E106: 684325699 | F106: 684324970 | G106: =+IF(F106>E106, "CAUSAL DE RECHAZO L", "CUMPLE") -> CUMPLE | H106: CUMPLE
E107: EVALUACION GENERAL DE OFERTA ECONOMICA | H107: =+IF(OR(H102="NO CUMPLE",H103="NO CUMPLE",H104="NO CUMPLE",H106="NO CUMPLE"), "NO CUMPLE", "CUMPLE") -> CUMPLE
B109: CAUSALES DE RECHAZO

Sheet 7
A1: UNIDAD ADMINISTRATIVA ESPECIAL DE AERONAUTICA CIVIL | T1: 1 | U1: 20 | V1: 5
A2: 23001244 H3 DE 2023 | P2: SI | Q2: CUMPLE | R2: SI | T2: 0 | U2: 5 | V2: 0
A3: =RESUMEN!B4 -> Proceso 23001299 H3. REALIZAR LA INTERVENTORIA INTEGRAL AL MEJORAMIENTO DE LAS FRANJAS DE SEGURIDAD DE PISTA DEL AEROPUERTO ANTONIO NARIÑO DE PASTO, NARIÑO (VF). | P3: NO | Q3: NO CUMPLE | R3: NO | T3: NO APORTA | U3: 0
A4: Entregó o anexó poliza de seriedad de la oferta | H4: CUMPLE
A5: Entregó o anexó formato 1 - CARTA DE PRESENTACION DE LA OFERTA | H5: CUMPLE
A6: Entregó o anexó formato 2 - CONFORMACION DEL PROPONENTE | H6: CUMPLE
A7: Entregó o anexó formato 3 - EXPERIENCIA (EXCEL) | H7: CUMPLE
A8: Entregó o anexó formato 4 - CAPACIDAD FINANCIERA Y ORGANIZACIONAL
A9: Entregó o anexó formato 5 - PAGO DE SEGURIDAD SOCIAL
A10: Entregó o anexó formato 6 - VINCULACIÓN DE PERSONAL CON DISCAPACIDAD | H10: CUMPLE
A11: Entregó o anexó formato 7 - PUNTAJE INDUSTRIA NACIONAL | H11: CUMPLE
A12: Entregó o anexó formato 8 - ACEPTACIÓN UY CUMPLIMIENTO PERSONAL CLAVE EVALUABLE | H12: CUMPLE
A13: Entregó o anexó formato 9 - EXPERIENCIA Y FORMACION PERSONAL CLAVE EVALUABLE | H13: CUMPLE
A14: Entregó o anexó formato 10 - AUTORIZACIÓN TRATAMIENTO DE DATOS PERSONALES
A15: Entregó o anexó formato 13 - ACREDITACIÓN EMPRENDIMIENTO Y EMPRESAS MUJERES | H15: CUMPLE
A16: Entregó o anexó formato 13 - EMPRENDIMIENTO MIPYME | H16: CUMPLE
A18: EVALUACIÓN Y ASIGNACION DE PUNTAJES
A19: 7 | B19: CONSORCIO CIMA - URBA | H19: APORTANTE DE LA EXPERIENCIA | K19: 10.1.2 CONSIDERACIONES PARA LA VALIDEZ DE LA EXPERIENCIA DEL PROPONENTE | O19: =+H19 -> APORTANTE DE LA EXPERIENCIA | Q19: 5
H20: INTEGRANTE | J20: PORCENTAJE DE PARTICIPACION | K20: CONDICIONES DE LA EXPERIENCIA | N20: SI / NO | Q20: NO APORTA | BA20: NIT
H21: CIMA ENGINEERING SAS | J21: 0.6 | K21: CONDICION 1: MIN 50% DE LA EXPERIENCIA | N21: SI | O21: =+H21 -> CIMA ENGINEERING SAS | Q21: 0 | V21: =+H21 -> CIMA ENGINEERING SAS
H22: URBA INGENIERIA Y CONSULTORIA SAS | J22: 0.4 | K22: CONDICION 2: MIN 5% DE LA EXPERIENCIA CADA INTEGRANTE | N22: SI | O22: =+H22 -> URBA INGENIERIA Y CONSULTORIA SAS | V22: =+H22 -> URBA INGENIERIA Y CONSULTORIA SAS
K23: CONDICION 3: SOLO 1 INTEGRANTE NO PRESENTA EXPERIENCIA Y SU PARTICIPACION ES MAX 10% (SI APLICA) | N23: SI | O23: =+H23 -> 0 | Q23: SUBSANAR | V23: =+H23 -> 0
K24: CUMPLE / NO CUMPLE | N24: CUMPLE | O24: =+H24 -> 0 | Q24: CUMPLE | V24: =+H24 -> 0
O25: =+H25 -> 0 | Q25: NO CUMPLE | V25: =+H25 -> 0
H26: TOTAL | J26: =+J21+J22+J23+J24+J25 -> 1 | BA26: 0.5
A27: CODIGOS | B27: 81101500, 80101600 | H27: PRESUPUESTO OFICIAL | J27: 684325699 | L27: =J27/BB62 -> 526.40438 | BA27: =+L27*0.5 -> 263.20219
BA28: AÑO | BB28: SMMLV
A29: 10.1 ACREDITACIÓN DE LA EXPERIENCIA DEL PROPONENTE | BA29: 1990 | BB29: 41025
A30: 10.1.1 CARACTERÍSTICAS DE LOS CONTRATOS PRESENTADOS PARA ACREDITAR LA EXPERIENCIA DEL PROPONENTE | BA30: 1991 | BB30: 51716
A31: EXPERIENCIA GENERAL: El proponente podrá acreditar hasta cinco (5) contratos registrados en el RUP e identificados en al menos uno (1) de los códigos UNSPSC requeridos en la experiencia general; que sumados su valor total, expresado en SMMLV, sea igual o mayor al cien por ciento (100%) del presupuesto oficial, y cuyo objeto, actividades u obligaciones contractuales esté relacionadas con: “INTERVENTORÍA A OBRAS DE CONSTRUCCIÓN O RECONSTRUCCIÓN O AMPLIACIÓN O MEJORAMIENTO O MANTENIMIENTO O REHABILITACIÓN O CONSERVACIÓN DE: VÍAS PRIMARIAS O PISTAS DE AERODROMOS O CALLES DE RODAJE DE AERODROMOS O PLATAFORMAS DE AERÓDROMOS O FRANJAS DE SEGURIDAD, DICHAS OBRAS DEBEN CONTENER LA EJECUCION DE PAVIMENTO ASFÁLTICO O PAVIMENTO EN CONCRETO HIDRÁULICO” | H31: EXPERIENCIA ESPECIFICA: “Por lo menos uno (1) de los contratos válidos aportados como experiencia general debe acreditar: INTERVENTORÍA A OBRAS DE CONSTRUCCIÓN O RECONSTRUCCIÓN O AMPLIACIÓN O REHABILITACIÓN DE: PISTAS DE AERODROMOS O CALLES DE RODAJE DE AERODROMOS O PLATAFORMAS DE AERÓDROMOS, DICHAS OBRAS DEBEN CONTENER LA EJECUCION DE PAVIMENTO ASFÁLTICO O PAVIMENTO EN CONCRETO HIDRÁULICO, cuyo valor sea igual o mayor al 50% del valor del PRESUPUESTO OFICIAL (PO) del presente Proceso de Contratación.” Tratándose de Proponentes Plurales se tendrá en cuenta lo siguiente: i) uno de los integrantes debe aportar como mínimo el cincuenta por ciento (50 %) de la experiencia solicitada; ii) los demás integrantes deben acreditar al menos el cinco por ciento (5 %) de la experiencia solicitada; y iii) sin perjuicio de lo anterior, solo uno (1) de los integrantes, si así lo considera pertinente, podrá no demostrar experiencia. En este último caso, el porcentaje de participación del integrante que no aporta experiencia en la estructura plural no podrá superar el diez por ciento (10%). | BA31: 1993 | BB31: 81510
A32: CODIGOS DE LOS CTOS PRESENTADOS | B32: CTO´S | C32: No. CONSECUTIVO EN EL RUP | D32: CONTRATANTE | E32: OBJETO DEL CONTRATO | F32: CUMPLE CODIGOS? | G32: CUMPLE EXPERIENCIA? | H32: QUIEN APORTA LA EXPERIENCIA? | I32: AÑO DE INICIO DEL CONTRATO | J32: AÑO DE TERMINACION DEL CONTRATO | K32: VALOR TOTAL SMMLV - RUP | L32: % PARTICIPACION | M32: VALOR TOTAL AFECTADO | N32: CUMPLE / NO CUMPLE | Q32: =L27/2 -> 263.20219 | R32: 50% PO | BA32: 1994 | BB32: 98700
A33: 81101500, 80101600 | B33: 1 | C33: 297 URBA | D33: AEROCIVIL | E33: REALIZAR LA INTERVENTORIA TÉCNICA y ADMINISTRATIVA PARA EL ESTUDIO, DISEÑO y MANTENIMIENTO PISTA, CALLES DE RODAJE y PLATAFORMA PARA LOS AEROPUERTOS DE PUERTO INIRIDA, SAN JOSE DE GUAVIARE y LA PRIMAVERA | F33: CUMPLE | G33: CUMPLE | H33: URBA INGENIERIA Y CONSULTORIA SAS | I33: 42244 | J33: 42596 | K33: 854 | L33: 1 | M33: =IF(AND(F33="CUMPLE",G33="CUMPLE"),(K33*L33),0) -> 854 | N33: CUMPLE | Q33: =+IF(OR(N33="CUMPLE")*AND(M33>=$Q$32),"CUMPLE","NO CUMPLE") -> CUMPLE | U33: 2021 | V33: 908526 | BA33: 1995 | BB33: 118933.5
A34: 81101500, 80101600 | B34: 2 | C34: 3 CIMA | D34: INVIAS | E34: INTERVENTORÍA PARA EL MEJORAMIENTO Y MANTENIMIENTO DEL SECTOR CHAPARRAL (PR1+0000) - ORTEGA (PR47 + 0514) DE LA CARRETERA CHAPARRAL - ORTEGA - GUAMO RUTA 36 TRAMO 3602 | F34: CUMPLE | G34: CUMPLE | H34: CIMA ENGINEERING SAS | I34: 39590 | J34: 39994 | K34: 3779.12 | L34: 0.4 | M34: =IF(AND(F34="CUMPLE",G34="CUMPLE"),(K34*L34),0) -> 1511.648 | N34: CUMPLE | Q34: =+IF(OR(N34="CUMPLE")*AND(M34>=$Q$32),"CUMPLE","NO CUMPLE") -> CUMPLE | U34: 2020 | V34: 877803 | BA34: 1996 | BB34: 142125
A35: 81101500, 80101600 | B35: 3 | C35: 18 CIMA | D35: INVIAS | E35: INTERVENTORÍA PARA EL MEJORAMIENTO Y CONSERVACIÓN CARRETERA PUERTO TEJADA - PALMIRA - AMAIME Y BUGA. | F35: CUMPLE | G35: CUMPLE | H35: CIMA ENGINEERING SAS | I35: 35251 | J35: 35524 | K35: 616.73 | L35: 1 | M35: =IF(AND(F35="CUMPLE",G35="CUMPLE"),(K35*L35),0) -> 616.73 | N35: CUMPLE | Q35: =+IF(OR(N35="CUMPLE")*AND(M35>=$Q$32),"CUMPLE","NO CUMPLE") -> CUMPLE | U35: 2019 | V35: 828116 | BA35: 1997 | BB35: 172005
Q36: =+IF(OR(N36="CUMPLE")*AND(M36>=$Q$32),"CUMPLE","NO CUMPLE") -> NO CUMPLE | U36: 2018 | V36: 781242 | BA36: 1998 | BB36: 203826 | BC36: DISCAPACIDAD | BD36: APORTA
Q37: =+IF(OR(N37="CUMPLE")*AND(M37>=$Q$32),"CUMPLE","NO CUMPLE") -> NO CUMPLE | U37: 2017 | V37: 737717 | BA37: 1999 | BB37: 236460 | BC37: 0.4 | BD37: CIMA ENGINEERING SAS | BE37: =M34+M35 -> 2128.378 | BF37: OK
A38: EVALUACION EXPERIENCIA GENERAL PROPONENTE | E38: SUMATORIA | M38: =SUM(M33:M37) -> 2982.378 | BA38: 2002 | BB38: 309000 | BC38: =M38*0.4 -> 1192.9512 | BD38: SMMLV
E39: PROMEDIO | M39: =AVERAGEIF(M33:M37,">0") -> 994.126 | BA39: 2003 | BB39: 332000 | BD39: SI CUMPLE
A40: EXP ESPECIFICA 50%= | C40: =+BA27 -> 263.20219 | D40: =E33 -> REALIZAR LA INTERVENTORIA TÉCNICA y ADMINISTRATIVA PARA EL ESTUDIO, DISEÑO y MANTENIMIENTO PISTA, CALLES DE RODAJE y PLATAFORMA PARA LOS AEROPUERTOS DE PUERTO INIRIDA, SAN JOSE DE GUAVIARE y LA PRIMAVERA | F40: =F33 -> CUMPLE | G40: =G33 -> CUMPLE | H40: =H33 -> URBA INGENIERIA Y CONSULTORIA SAS | I40: =I33 -> 42244 | J40: =J33 -> 42596 | K40: =K33 -> 854 | L40: =L33 -> 1 | M40: =M33 -> 854 | N40: =+IF(M40>=C40,"CUMPLE","NO CUMPLE") -> CUMPLE | Q40: =+IF(OR(N40="CUMPLE")*AND(M40>=$Q$32),"CUMPLE","NO CUMPLE") -> CUMPLE | U40: 2016 | V40: 689455 | BA40: 2004 | BB40: 358000
U41: 2012 | V41: 566700 | BA41: 2005 | BB41: 381500
A43: 10.6.1.3 EQUIPO DE TRABAJO (Personal Clave Evaluable) FORMATO 8 | L43: PUNTAJE ASIGNADO | U43: 2008 | V43: 461500 | BA43: 2006 | BB43: 408000
A44: I. Aportar y diligenciar en forma clara, completa, correcta y legible el “Formato 8 - Aceptación y cumplimiento de la formación académica y la experiencia del personal clave evaluable”, de acuerdo con los requisitos y condiciones que allí se indican y demás señaladas en el Pliego de Condiciones y sus documentos anexos. II. El “Formato 8 – Aceptación y cumplimiento de la formación académica y la experiencia del personal clave evaluable” debe suscribirlo el Proponente persona natural, representante legal de la persona jurídica o representante del Proponente Plural. Para los fines de este numeral se entiende por Personal Clave Evaluable los siguientes perfiles: • Un (1) Director de Interventoría (Ingeniero Civil o Arquitecto) • Un (1) Residente de interventoría (Ingeniero Civil o Arquitecto) CAUSAL DE RECHAZO: LITERAL N. No presentar el “Formato 8 – Aceptación y cumplimiento de la formación y la experiencia del Personal Clave Evaluable” y no subsanar su entrega, en los términos de los numerales “1.6 Reglas de subsanabilidad, explicaciones y aclaraciones” y "3.8.2 Exigencias mínimas de experiencia y formación académica del equipo de trabajo – Personal Clave Evaluable” del Pliego de Condiciones. | L44: CUMPLE | U44: 2007 | V44: 433700 | BA44: 2007 | BB44: 433700 | BC44: V
U45: 2009 | V45: 496900 | BA45: 2008 | BB45: 461500
A46: 3.8.2 (PLIEGO) EXIGENCIAS MÍNIMAS DE EXPERIENCIA Y FORMACIÓN ACADÉMICA DEL EQUIPO DE TRABAJO (Personal Clave Evaluable) | U46: 2011 | V46: 535600 | BA46: 2009 | BB46: 496900
A47: EXPERIENCIA CALVE EVALUABLE ADICIONAL (5 PUNTOS) Y 4.2.2 FORMACIÓN ACADÉMICA ADICIONAL / FORMATO 9 | L47: PUNTAJE ASIGNADO | BA47: 2010 | BB47: 515000
A48: La Entidad asignará cinco (5) puntos al Proponente que se comprometa con el diligenciamiento del “Formato 9 - Experiencia y formación académica adicional del Personal Clave Evaluable” a acreditar que [cada uno de los integrantes que conforman el Personal Clave Evaluable: i) el Director de Interventoría y el Residente de interventoría tienen un (1) año de experiencia específica adicional a la definida en la “Matriz 4 – Lineamientos de requisitos del Personal”. Para otorgar el puntaje basta con diligenciar el “Formato 9 - Experiencia y formación académica adicional del Personal Clave Evaluable | L48: 5 | U48: 2010 | V48: 515000 | BA48: 2011 | BB48: 535600
A49: La Entidad asignará cinco (5) puntos al Proponente que se comprometa con el diligenciamiento del “Formato 9 – Experiencia y formación académica adicional del Personal Clave Evaluable a acreditar que tienen una formación académica adicional a la definida en la “Matriz 4 – Lineamientos de requisitos del Personal” Es decir, si el requisito mínimo de formación académica es contar con un título profesional, se otorgará el puntaje a quien se obligue a presentar un título de posgrado, o si el requisito mínimo de formación académica es contar con un título de posgrado, se otorgará el puntaje a quien acredite un título de posgrado adicional. Para otorgar el puntaje bastará con diligenciar el “Formato 9 - Experiencia y formación académica adicional del Personal Clave Evaluable”. | L49: 5 | U49: 2010 | V49: 515000 | BA49: 2012 | BB49: 566700
U50: 2006 | V50: 408000 | BA50: 2013 | BB50: 589500
A51: 4.3 FACTOR DE SOSTENIBILIDAD. (1 PUNTO) / FORMATO 12 | U51: 2005 | V51: 381500 | BA51: 2014 | BB51: 616000
A52: La Entidad asignará un (1) punto al Proponente que se comprometa con el diligenciamiento del “Formato 12 – Factor de sostenibilidad”, a presentar sus entregables (comunicaciones, informes, memorias de cálculo, diseños por componentes, entre otros), siempre que aplique, en impresión a doble cara, asimismo utilizando papel que cuente con (i) el certificado en el Sello Ambiental Colombiano o (ii) reciclado o procedente de fuentes forestales sostenibles o naturales y estar libre de cloro elemental. De igual manera, y cuando el documento lo permita, se reutilizarán hojas ya usadas por una cara, por ejemplo, para evidencias de trabajo de campo. Adicionalmente, el Proponente deberá contar con una política de reciclaje y/o reutilización de residuos o desechos generados por el funcionamiento de la empresa u oficinas, para lo cual, en los informes de seguimiento establecidos por la Entidad, se deberá hacer alusión a los programas o estrategias de reciclaje y/o reutilización de residuos o desechos. Sobre este factor se exceptúan los entregables que correspondan a Medios Magnéticos o planos cuyo tamaño sobrepase el formato de papel “legal”. | L52: PUNTAJE ASIGNADO | U52: 2004 | V52: 358000 | BA52: 2015 | BB52: 644350
L53: 1 | U53: 2003 | V53: 332000 | BA53: 2016 | BB53: 689455
U54: 2000 | V54: 260100 | BA54: 2017 | BB54: 737717
A55: 4.4 APOYO A LA INDUSTRIA NACIONAL( MAX 20) / FORMATOS 7A O 7B | U55: 1999 | V55: 236438 | BA55: 2018 | BB55: 781242 | BD55: fecha de cierre del proceso | BE55: 30/11/2023
A56: SI OFRECE SERVICIOS NACIONALES | C56: 1. A los proponentes que ofrezcan servicios de origen nacional | L56: 20 | U56: 1998 | V56: 203825 | BA56: 2019 | BB56: 828116 | BC56: =+H21 -> CIMA ENGINEERING SAS | BD56: 23/11/2023 | BE56: ok
C57: 2. A los proponentes que ofrezcan servicios originarios de los paises con lo que Colombia a negociado trato nacional en materia de compras estatales. | U57: 1997 | V57: 172005 | BA57: 2019 | BB57: 828116 | BC57: =+H22 -> URBA INGENIERIA Y CONSULTORIA SAS | BD57: 45180 | BE57: ok
C58: 3. A los proponentes que ofrezcan servicios originarios de paises en los cuales aplica el principio de reciprocidad. | U58: 1996 | V58: 142125 | BA58: 2020 | BB58: 877803
C59: 4. A los proponentes que ofrezcan servicios de los paises en la comunidad andina de naciones (CAN), exceptuando las contrataciones por regimen especial para seguridad aerea. | U59: 1995 | V59: 118934 | BA59: 2021 | BB59: 908526
A60: SI SOLO OFRECE SERVICIOS EXTRANJEROS | C60: A los proponentes que incorporen servicios colombianos en servicios extranjeros * El oferente debera detallar el ofrecimiento. | U60: 1994 | V60: 98700 | BA60: 2022 | BB60: 1000000
U61: 2006 | V61: 408000 | BA61: 2023 | BB61: 1160000
A62: 10.6.1.6 (PLIEGO BASE) EMPRENDIMIENTOS Y EMPRESAS MUJERES / FORMATO 13VINCULACIÓN DE PERSONAS EN CONDICIÓN DE DISCAPACIDAD / FORMATO 6 | U62: 2005 | V62: 381500 | BA62: 2024 | BB62: 1300000
